Workbook
Name AÑOS: #REF!
Name AÑOS: #REF!
Name AÑOS: #REF!
Name AÑOS: #REF!
Name AÑOS: #REF!
Name Beg_Bal: [1]TABLA!$D$33:$D$392
Name concepto108.casillero: #REF!
Name concepto108.casillero: #REF!
Name concepto108.casillero: #REF!
Name concepto108.casillero: #REF!
Name concepto108.casillero: #REF!
Name concepto109.casillero: #REF!
Name concepto109.casillero: #REF!
Name concepto109.casillero: #REF!
Name concepto109.casillero: #REF!
Name concepto110.casillero: #REF!
Name concepto110.casillero: #REF!
Name concepto110.casillero: #REF!
Name concepto110.casillero: #REF!
Name concepto111.casillero: #REF!
Name concepto111.casillero: #REF!
Name concepto111.casillero: #REF!
Name concepto111.casillero: #REF!
Name concepto116.casillero: #REF!
Name concepto116.casillero: #REF!
Name concepto116.casillero: #REF!
Name concepto116.casillero: #REF!
Name DATOS: #REF!
Name DATOS: #REF!
Name DATOS: #REF!
Name DATOS: #REF!
Name End_Bal: [1]TABLA!$J$33:$J$392
Name ENTRADA: #REF!
Name ENTRADA: #REF!
Name ENTRADA: #REF!
Name ENTRADA: #REF!
Name ENTRADA: #REF!
Name Extra_Pay: [1]TABLA!$F$33:$F$392
Name fgsfgdssgfdg: #REF!
Name fgsfgdssgfdg: #REF!
Name fgsfgdssgfdg: #REF!
Name fgsfgdssgfdg: #REF!
Name fgsfgdssgfdg: #REF!
Name Full_Print: [1]TABLA!$B$17:$J$392
Name gestión: #REF!
Name gestión: #REF!
Name gestión: #REF!
Name gestión: #REF!
Name gestión: #REF!
Name GESTIONN: #REF!
Name GESTIONN: #REF!
Name GESTIONN: #REF!
Name GESTIONN: #REF!
Name Header_Row: ROW([1]TABLA!$32:$32)
Name INDIRECTOS: #REF!
Name INDIRECTOS: #REF!
Name INDIRECTOS: #REF!
Name INDIRECTOS: #REF!
Name INDIRECTOS: #REF!
Name Int: [1]TABLA!$I$33:$I$392

Sheet 1
C11: DEPARTAMENTO DE CIENCIAS ECONÓMICAS, ADMINISTRATIVAS Y DEL COMERCIO
B13: LICENCIATURA EN CONTABILIDAD Y AUDITORÍA
B15: PROPUESTA DE TESIS
B17: MODELO DE ANÁLISIS Y EVALUACIÓN DE LA GESTIÓN DE RIESGO Y SU INCIDENCIA EN LA SOSTENIBILIDAD FINANCIERA DEL SECTOR MANUFACTURERO DE LA PROVINCIA DE COTOPAXI
B19: ELABORADO POR:
B20: CORDOVA CISNEROS SASQUIA CARMELINA
B21: TERÁN MOLINA EDISON ADRIAN
B22: TUTORA: ING. URBINA POVEDA, MYRIAM ALEXANDRA, MSc.

Sheet 2
C8: INSTRUCCIONES | J8: SOSTENIBILIDAD FINANCIERA
C11: MARCO METODOLÓGICO | J11: CUESTIONARIO DE CONTROL INTERNO
C14: ESTADOS FINANCIEROS | J14: EVALUACIÓN DE RIESGO
C17: COMPOSICIÓN FINANCIERA | J17: NIVEL DEL RIESGO
C20: INDICADORES DE VALOR | J20: MAPA DE CALOR
C23: INDICADORES DE CONTINUIDAD | J23: RIESGO INHERENTE
B29: NOTA: Al dar clic en el círculo celeste y la figura ploma se abrirá la pestaña que desee visualizar.

Sheet 3
C8: El presente modelo tiene por objeto analizar y diagnosticar la gestión financiera por su incidencia en la sostenibilidad financiera del sector Manufacturero. El modelo considera dos análisis: 1.- Evaluación y diagnostico de la sostenibilidad financiera a través de indicadores. 2.- Análisis y evaluación del riesgo inherente a través de cuestionario y matriz de riesgo. A continuación se presenta un detalle de las indicaciones por hoja de calculo.
C13: La pestaña 3 comprende un estado financiero donde usted debe ingresar en las celdas correspondientes la información financiera de la empresa a ser analizada al final de un periodo fiscal, se utiliza para el efecto el formulario 101 definido por el SRI. Seguidamente en la pestaña 4 obtendrá un análisis automático de sus activos, pasivos y patrimonio.
C34: En las pestañas 5 y 6 obtendrá información de cada indicador calculado y este resultado será comparado con los niveles referenciales definidos en el marco teórico. Finalmente se obtendrá un diagnostico de la sostenibilidad evaluado a través de pruebas dicotómicas con escalas de color donde el color rojo significa sostenibilidad baja, el amarillo media y el verde alta.
C44: La pestaña 7 contiene un cuestionario, el cual esta conformado por un conjunto de preguntas relacionadas a riesgo inherente. En este apartado usted debe analizar y responder el cuestionario detallando una x en la respuesta que considere oportuna.
C47: La pestaña 8 le dará el resultado de la evaluación de riesgo, considerando la siguiente escala, siendo el rojo riesgo alto, el amarillo moderado y el verde bajo.
C50: De la misma forma en la pestaña 9 podrá observar el nivel de riesgo inherente de forma global con su respectivo color.
C64: En la pestaña 10 se indica un mapa de calor con el detalle de los eventos del riesgo, la probabilidad y el impacto, en este apartado usted deberá seleccionar el impacto en función de las características de la entidad.
C81: Finalmente en la pestaña 11 se evidencia el resumen general de los riesgos, donde se puede observar el tipo de riesgo, a fin de que la entidad pueda analizar causas y efectos y definir una respuesta al riesgo.
C85: La pestaña marco metodológico contiene un detalle de la terminología financiera utilizada en el modelo.

Sheet 4
D11: INDICADOR DE CONTINUIDAD | E11: DESCRIPCIÓN | F11: FÓRMULA
D12: Liquidez Corriente | E12: Este índice relaciona los activos corrientes frente a los pasivos de la misma naturaleza. Cuanto más alto sea el coeficiente, la empresa tendrá mayores posibilidades de efectuar sus pagos de corto plazo.
D13: Endeudamiento | E13: Permite conocer el grado de endeudamiento al corto plazo
D14: INDICADOR DE VALOR | E14: DESCRIPCIÓN | F14: FÓRMULA
D15: Rentabilidad operacional del patrimonio (ROE) | E15: Permite identificar la rentabilidad que le ofrece a los socios o accionistas el capital que han invertido en la empresa, sin tomar en cuenta los gastos financieros ni de impuestos y participación de trabajadores.
D16: Eficiencia | E16: Permiten medir el nivel de ejecución del proceso, se concentran en el Cómo se hicieron las cosas y miden el rendimiento de los recursos utilizados por un proceso. Tienen que ver con la productividad.
D17: Rentabilidad neta del activo (ROA) | E17: Muestra la capacidad del activo para producir utilidades, independientemente de la forma como haya sido financiado, ya sea con deuda o patrimonio.
D18: Rotación de activos | E18: Permite apreciar el grado de liquidez (en veces) de las cuentas y documentos por cobrar, lo cual se refleja en la gestión y buena marcha de la empresa.

Sheet 5
D1: FORMULARIO 101 | J1: DECLARACIÓN DEL IMPUESTO A LA RENTA Y PRESENTACIÓN DE BALANCES FORMULARIO ÚNICO SOCIEDADES Y ESTABLECIMIENTOS PERMANENTES | AC1: SUPERINTENDENCIA DE COMPAÑÍAS, VALORES Y SEGUROS
B2: RESOLUCIÓN N° NAC-DGERCGC15-00000143
A3: OPERACIONES CON PARTES RELACIONADAS LOCALES Y/O DEL EXTERIOR
A4: CON PARTES RELACIONADAS LOCALES | B4: OPERACIONES DE ACTIVO | G4: 003 | H4: + | L4: CON PARTES RELACIONADAS EN PARAÍSOS FISCALES Y REGÍMENES FISCALES PREFERENTES | N4: OPERACIONES DE ACTIVO | R4: 007 | S4: + | W4: CON PARTES RELACIONADAS EN OTROS REGÍMENES DEL EXTERIOR | Y4: OPERACIONES DE ACTIVO | AC4: 011 | AD4: +
B5: OPERACIONES DE PASIVO | G5: 004 | H5: + | N5: OPERACIONES DE PASIVO | R5: 008 | S5: + | Y5: OPERACIONES DE PASIVO | AC5: 012 | AD5: +
B6: OPERACIONES DE INGRESO | G6: 005 | H6: + | N6: OPERACIONES DE INGRESO | R6: 009 | S6: + | Y6: OPERACIONES DE INGRESO | AC6: 013 | AD6: +
B7: OPERACIONES DE EGRESO | G7: 006 | H7: + | N7: OPERACIONES DE EGRESO | R7: 010 | S7: + | Y7: OPERACIONES DE EGRESO | AC7: 014 | AD7: +
A8: TOTAL OPERACIONES CON PARTES RELACIONADAS | AC8: 015 | AD8: =
A9: ¿SUJETO PASIVO EXENTO DE APLICACIÓN DEL RÉGIMEN DE PRECIOS DE TRANSFERENCIA? | AC9: 017 | AD9: =
A11: ESTADO DE SITUACIÓN FINANCIERA | Q11: ESTADO DE RESULTADOS
A12: ACTIVO | Q12: INGRESOS
A13: ACTIVOS CORRIENTES | AC13: TOTAL INGRESOS | AF13: VALOR EXENTO (A efectos de la Conciliación Tributaria)
A14: EFECTIVO Y EQUIVALENTES AL EFECTIVO | N14: 311 | O14: + | P14: 50030.32 | Q14: VENTAS NETAS LOCALES GRAVADAS CON TARIFA 12% DE IVA | AC14: 6011 | AD14: + | AE14: 160682.04 | AF14: 6012
A15: INVERSIONES CORRIENTES | N15: 312 | O15: + | Q15: VENTAS NETAS LOCALES GRAVADAS CON TARIFA 0% DE IVA O EXENTAS DE IVA | AC15: 6021 | AD15: + | AF15: 6022
A16: (-) PROVISIÓN POR DETERIORO DE INVERSIONES CORRIENTES | N16: 313 | O16: (-) | Q16: EXPORTACIONES NETAS | AC16: 6031 | AD16: + | AF16: 6032
A17: CUENTAS Y DOCUMENTOS POR COBRAR CLIENTES CORRIENTES | C17: RELACIONADOS | F17: LOCALES | N17: 314 | O17: + | P17: 11914.83 | Q17: INGRESOS OBTENIDOS BAJO LA MODALIDAD DE COMISIONES O SIMILARES | AC17: 6041 | AD17: + | AF17: 6042
F18: DEL EXTERIOR | N18: 315 | O18: + | Q18: INGRESOS POR AGROFORESTERÍA Y SILVICULTURA DE ESPECIES FORESTALES | AC18: 6051 | AD18: + | AF18: 6052
C19: NO RELACIONADOS | F19: LOCALES | N19: 316 | O19: + | Q19: RENDIMIENTOS FINANCIEROS | AC19: 6061 | AD19: + | AF19: 6062
F20: DEL EXTERIOR | N20: 317 | O20: + | Q20: UTILIDAD EN VENTA DE PROPIEDADES, PLANTA Y EQUIPO | AC20: 6071 | AD20: + | AF20: 6072
A21: OTRAS CUENTAS Y DOCUMENTOS POR COBRAR CORRIENTES | C21: RELACIONADOS | F21: LOCALES | N21: 318 | O21: + | Q21: DIVIDENDOS | AC21: 6081 | AD21: + | AF21: 6082
F22: DEL EXTERIOR | N22: 319 | O22: + | Q22: RENTAS EXENTAS PROVENIENTES DE DONACIONES Y APORTACIONES | U22: DE RECURSOS PÚBLICOS | AC22: 6091 | AD22: + | AF22: 6092
C23: NO RELACIONADOS | F23: LOCALES | N23: 320 | O23: + | U23: DE OTRAS LOCALES | AC23: 6101 | AD23: + | AF23: 6102
F24: DEL EXTERIOR | N24: 321 | O24: + | U24: DEL EXTERIOR | AC24: 6111 | AD24: + | AF24: 6112
A25: (-) PROVISIÓN CUENTAS INCOBRABLES Y DETERIORO | N25: 322 | O25: (-) | Q25: OTROS INGRESOS PROVENIENTES DEL EXTERIOR | AC25: 6121 | AD25: + | AF25: 6122
A26: CRÉDITO TRIBUTARIO A FAVOR DEL SUJETO PASIVO (ISD) | N26: 323 | O26: + | Q26: OTRAS RENTAS | AC26: 6131 | AD26: + | AF26: 6132
A27: CRÉDITO TRIBUTARIO A FAVOR DEL SUJETO PASIVO (IVA) | N27: 324 | O27: + | P27: 245.6 | Q27: TOTAL INGRESOS | Z27: SUMAR DEL 6011 AL 6131 | AC27: 6999 | AD27: = | AE27: =SUM(AE14:AE26) -> 160682.04 | AF27: En la columna "Valor exento" registre la porción del monto declarado en la columna "total ingresos" considerada como exenta de Impuesto a la Renta.
A28: CRÉDITO TRIBUTARIO A FAVOR DEL SUJETO PASIVO (RENTA) | N28: 325 | O28: + | P28: 7647.11 | Q28: VENTAS NETAS DE PROPIEDADES, PLANTA Y EQUIPO (INFORMATIVO) | AC28: 6001
A29: INVENTARIO DE MATERIA PRIMA | N29: 326 | O29: + | Q29: INGRESOS POR REEMBOLSO COMO INTERMEDIARIO (INFORMATIVO) | AC29: 6002
A30: INVENTARIO DE PRODUCTOS EN PROCESO | N30: 327 | O30: + | Q30: COSTOS Y GASTOS
A31: INVENTARIO DE SUMINISTROS Y MATERIALES | N31: 328 | O31: +
A32: INVENTARIO DE PROD. TERM. Y MERCAD. EN ALMACÉN | N32: 329 | O32: + | Z32: COSTO | AC32: GASTO | AF32: VALOR NO DEDUCIBLE (A efectos de la Conciliación Tributaria)
A33: MERCADERÍAS EN TRÁNSITO | N33: 330 | O33: + | Q33: INVENTARIO INICIAL DE BIENES NO PRODUCIDOS POR EL SUJETO PASIVO | Z33: 7010 | AA33: +
A34: OBRAS EN CURSO BAJO CONTRATO DE CONSTRUCCIÓN (NIC 11) | N34: 331 | O34: + | Q34: COMPRAS NETAS LOCALES DE BIENES NO PRODUCIDOS POR EL SUJETO PASIVO | Z34: 7011 | AA34: + | AF34: 7012
A35: INVENTARIO DE OBRAS EN CONSTRUCCIÓN (NIC 2) | N35: 332 | O35: + | Q35: COMPRAS NETAS LOCALES PRODUCTO DE LA ACTIVIDAD DE COMISIONISTA | Z35: 7021 | AA35: + | AF35: 7023
A36: INVENTARIO DE OBRAS TERMINADAS (NIC 2) | N36: 333 | O36: + | Q36: IMPORTACIONES DE BIENES NO PRODUCIDOS POR EL SUJETO PASIVO | Z36: 7031 | AA36: + | AC36: 7032 | AD36: + | AF36: 7033
A37: INVENTARIO DE MATERIALES O BIENES PARA LA CONSTRUCCIÓN (NIC 2) | N37: 334 | O37: + | Q37: (-) INVENTARIO FINAL DE BIENES NO PRODUCIDOS POR EL SUJETO PASIVO | Z37: 7041 | AA37: (-)
A38: INVENTARIO REPUESTOS, HERRAMIENTAS Y ACCESORIOS | N38: 335 | O38: + | Q38: INVENTARIO INICIAL DE MATERIA PRIMA | Z38: 7051 | AA38: +
A39: (-) PROVISIÓN DE INVENTARIOS POR VALOR NETO DE REALIZACIÓN Y OTRAS PÉRDIDAS EN INVENTARIO | N39: 336 | O39: (-) | Q39: COMPRAS NETAS LOCALES DE MATERIA PRIMA | Z39: 7061 | AA39: + | AF39: 7063
A40: ACTIVOS PAGADOS POR ANTICIPADO | N40: 337 | O40: + | Q40: IMPORTACIONES DE MATERIA PRIMA | Z40: 7071 | AA40: + | AF40: 7073
A41: (-) PROVISIÓN POR DETERIORO DEL VALOR DEL ACTIVO CORRIENTE | N41: 338 | O41: (-) | Q41: (-) INVENTARIO FINAL DE MATERIA PRIMA | Z41: 7081 | AA41: (-)
A42: ACTIVOS NO CORRIENTES MANTENIDOS PARA LA VENTA Y OPERACIONES DISCONTINUADAS | N42: 339 | O42: + | Q42: INVENTARIO INICIAL DE PRODUCTOS EN PROCESO | Z42: 7091 | AA42: +
A43: OTROS ACTIVOS CORRIENTES | N43: 340 | O43: + | P43: 226122.95 | Q43: (-) INVENTARIO FINAL DE PRODUCTOS EN PROCESO | Z43: 7101 | AA43: (-)
A44: TOTAL ACTIVOS CORRIENTES | N44: 345 | O44: = | P44: =P14+P15-P16+P17+P18+P19+P20+P21+P22+P23+P24-P25+P26+P27+P28+P29+P30+P31+P32+P33+P34+P35+P36+P37+P38-P39+P40-P41+P42+P43 -> 295960.81 | Q44: INVENTARIO INICIAL PRODUCTOS TERMINADOS | Z44: 7111 | AA44: +
A45: ACTIVOS NO CORRIENTES | Q45: (-) INVENTARIO FINAL DE PRODUCTOS TERMINADOS | Z45: 7121 | AA45: (-)
A46: PROPIEDADES, PLANTA Y EQUIPO, PROPIEDADES DE INVERSIÓN Y ACTIVOS BIOLÓGICOS | Q46: SUELDOS, SALARIOS Y DEMÁS REMUNERACIONES QUE CONSTITUYEN MATERIA GRAVADA DEL IESS | Z46: 7131 | AA46: + | AC46: 7132 | AD46: + | AE46: 32826.8 | AF46: 7133
A47: TERRENOS | N47: 350 | O47: + | Q47: BENEFICIOS SOCIALES, INDEMNIZACIONES Y OTRAS REMUNERACIONES QUE NO CONSTITUYEN MATERIA GRAVADA DEL IESS | Z47: 7141 | AA47: + | AC47: 7142 | AD47: + | AE47: 5503.44 | AF47: 7143
A48: INMUEBLES (EXCEPTO TERRENOS) | N48: 351 | O48: + | P48: 70243.6 | Q48: APORTE A LA SEGURIDAD SOCIAL (INCLUYE FONDO DE RESERVA) | Z48: 7151 | AA48: + | AC48: 7152 | AD48: + | AE48: 6656.78 | AF48: 7153
A49: CONSTRUCCIONES EN CURSO | N49: 352 | O49: + | Q49: HONORARIOS PROFESIONALES Y DIETAS | Z49: 7161 | AA49: + | AC49: 7162 | AD49: + | AE49: 3000 | AF49: 7163
A50: MUEBLES Y ENSERES | N50: 353 | O50: + | P50: 5325.32 | Q50: HONORARIOS A EXTRANJEROS POR SERVICIOS OCASIONALES | Z50: 7171 | AA50: + | AC50: 7172 | AD50: + | AF50: 7173
A51: MAQUINARIA, EQUIPO E INSTALACIONES | N51: 354 | O51: + | P51: 35000 | Q51: ARRENDAMIENTOS | Z51: 7181 | AA51: + | AC51: 7182 | AD51: + | AF51: 7183
A52: NAVES, AERONAVES, BARCAZAS Y SIMILARES | J52: + | N52: 355 | O52: + | Q52: MANTENIMIENTO Y REPARACIONES | Z52: 7191 | AA52: + | AC52: 7192 | AD52: + | AE52: 8122.51 | AF52: 7193
A53: EQUIPO DE COMPUTACIÓN Y SOFTWARE | N53: 356 | O53: + | P53: 28233.38 | Q53: COMBUSTIBLES Y LUBRICANTES | Z53: 7201 | AA53: + | AC53: 7202 | AD53: + | AE53: 1656.32 | AF53: 7203
A54: VEHÍCULOS, EQUIPO DE TRANSPORTE Y CAMINERO MÓVIL | N54: 357 | O54: + | P54: 31241.07 | Q54: PROMOCIÓN Y PUBLICIDAD | Z54: 7211 | AA54: + | AC54: 7212 | AD54: + | AF54: 7213
A55: PROPIEDADES, PLANTA Y EQUIPO POR CONTRATOS DE ARRENDAMIENTO FINANCIERO | N55: 358 | O55: + | Q55: SUMINISTROS, MATERIALES Y REPUESTOS | Z55: 7221 | AA55: + | AC55: 7222 | AD55: + | AF55: 7223
A56: OTROS PROPIEDADES, PLANTA Y EQUIPO | N56: 359 | O56: + | Q56: TRANSPORTE | Z56: 7231 | AA56: + | AC56: 7232 | AD56: + | AF56: 7233
A57: (-) DEPRECIACIÓN ACUMULADA PROPIEDADES, PLANTA Y EQUIPO | N57: 360 | O57: (-) | Q57: PROVISIONES | U57: PARA JUBILACIÓN PATRONAL | Z57: 7241 | AA57: + | AC57: 7242 | AD57: + | AF57: 7243
A58: (-) DETERIORO ACUMULADO DE PROPIEDADES, PLANTA Y EQUIPO | N58: 361 | O58: (-) | P58: 152189.79 | U58: PARA DESAHUCIO | Z58: 7251 | AA58: + | AC58: 7252 | AD58: + | AF58: 7253
A59: ACTIVOS DE EXPLORACIÓN Y EXPLOTACIÓN | N59: 362 | O59: + | U59: PARA CUENTAS INCOBRABLES | AC59: 7262 | AD59: + | AF59: 7263
A60: (-) AMORTIZACIÓN ACUMULADA DE ACTIVOS DE EXPLORACIÓN Y EXPLOTACIÓN | N60: 363 | O60: (-) | U60: POR VALOR NETO DE REALIZACIÓN DE INVENTARIOS | Z60: 7271 | AA60: + | AC60: 7272 | AD60: + | AF60: 7273
A61: (-) DETERIORO ACUMULADO DE ACTIVOS DE EXPLORACIÓN Y EXPLOTACIÓN | N61: 364 | O61: (-) | U61: POR DETERIORO DEL VALOR DE LOS ACTIVOS | Z61: 7281 | AA61: + | AC61: 7282 | AD61: + | AF61: 7283
A62: PROPIEDADES DE INVERSIÓN | N62: 365 | O62: + | U62: OTRAS PROVISIONES | Z62: 7291 | AA62: + | AC62: 7292 | AD62: + | AF62: 7293
A63: (-) DEPRECIACIÓN ACUMULADA PROPIEDADES DE INVERSIÓN | N63: 366 | O63: (-) | Q63: ARRENDAMIENTO MERCANTIL | U63: LOCAL | Z63: 7301 | AA63: + | AC63: 7302 | AD63: + | AF63: 7303
A64: (-) DETERIORO ACUMULADO DE PROPIEDADES DE INVERSIÓN | N64: 367 | O64: (-) | U64: DEL EXTERIOR | Z64: 7311 | AA64: + | AC64: 7312 | AD64: + | AF64: 7313
A65: ACTIVOS BIOLÓGICOS | N65: 368 | O65: + | Q65: COMISIONES | U65: LOCAL | Z65: 7321 | AA65: + | AC65: 7322 | AD65: + | AF65: 7323
A66: (-) DEPRECIACIÓN ACUMULADA ACTIVOS BIOLÓGICOS | N66: 369 | O66: (-) | U66: DEL EXTERIOR | Z66: 7331 | AA66: + | AC66: 7332 | AD66: + | AF66: 7333
A67: (-) DETERIORO ACUMULADO DE ACTIVOS BIOLÓGICOS | N67: 370 | O67: (-) | Q67: INTERESES BANCARIOS | U67: LOCAL | Z67: 7341 | AA67: + | AC67: 7342 | AD67: + | AF67: 7343
A68: TOTAL PROPIEDADES, PLANTA Y EQUIPO, PROPIEDADES DE INVERSIÓN Y ACTIVOS BIOLÓGICOS | N68: 379 | O68: = | P68: =P47+P48+P49+P50+P51+P52+P53+P54+P55+P56-P57-P58+P59-P60-P61+P62-P63-P64+P65-P66-P67 -> 17853.58 | U68: DEL EXTERIOR | Z68: 7351 | AA68: + | AC68: 7352 | AD68: + | AF68: 7353
A69: ACTIVOS INTANGIBLES | Q69: INTERESES PAGADOS A TERCEROS | S69: RELACIONADOS | U69: LOCAL | Z69: 7361 | AA69: + | AC69: 7362 | AD69: + | AF69: 7363
A70: PLUSVALÍAS | N70: 381 | O70: + | U70: DEL EXTERIOR | Z70: 7371 | AA70: + | AC70: 7372 | AD70: + | AF70: 7373
A71: MARCAS, PATENTES, DERECHOS DE LLAVE Y OTROS SIMILARES | N71: 382 | O71: + | S71: NO RELACIONADOS | U71: LOCAL | Z71: 7381 | AA71: + | AC71: 7382 | AD71: + | AF71: 7383
A72: ACTIVOS DE EXPLORACIÓN Y EXPLOTACIÓN | N72: 383 | O72: + | U72: DEL EXTERIOR | Z72: 7391 | AA72: + | AC72: 7392 | AD72: + | AF72: 7393
A73: OTROS ACTIVOS INTANGIBLES | N73: 384 | O73: + | Q73: PÉRDIDA EN VENTA DE ACTIVOS | U73: RELACIONADAS | Z73: 7401 | AA73: + | AC73: 7402 | AD73: + | AF73: 7403
A74: (-) AMORTIZACIÓN ACUMULADA DE ACTIVOS INTANGIBLES | N74: 385 | O74: (-) | U74: NO RELACIONADAS | Z74: 7411 | AA74: + | AC74: 7412 | AD74: + | AF74: 7413
A75: (-) DETERIORO ACUMULADO DE ACTIVOS INTANGIBLES | N75: 386 | O75: (-) | Q75: OTRAS PÉRDIDAS | Z75: 7421 | AA75: + | AC75: 7422 | AD75: + | AF75: 7423
A76: TOTAL ACTIVOS INTANGIBLES | N76: 389 | O76: = | P76: =P70+P71+P72+P73-P74-P75 -> 0 | Q76: MERMAS | Z76: 7431 | AA76: + | AC76: 7432 | AD76: + | AF76: 7433
A77: ACTIVOS FINANCIEROS NO CORRIENTES | Q77: SEGUROS Y REASEGUROS (PRIMAS Y CESIONES) | Z77: 7441 | AA77: + | AC77: 7442 | AD77: + | AF77: 7443
A78: INVERSIONES NO CORRIENTES | C78: EN SUBSIDIARIAS Y ASOCIADAS | N78: 411 | O78: + | Q78: GASTOS INDIRECTOS ASIGNADOS DESDE EL EXTERIOR POR PARTES RELACIONADAS | Z78: 7451 | AA78: + | AC78: 7452 | AD78: + | AF78: 7453
C79: EN NEGOCIOS CONJUNTOS | N79: 412 | O79: + | Q79: GASTOS DE GESTIÓN | AC79: 7462 | AD79: + | AF79: 7463
C80: OTRAS | N80: 413 | O80: + | Q80: IMPUESTOS, CONTRIBUCIONES Y OTROS | AC80: 7472 | AD80: + | AE80: 2581.79 | AF80: 7473
A81: CUENTAS Y DOCUMENTOS POR COBRAR CLIENTES NO CORRIENTES | C81: RELACIONADOS | F81: LOCALES | N81: 414 | O81: + | Q81: GASTOS DE VIAJE | Z81: 7481 | AA81: + | AC81: 7482 | AD81: + | AF81: 7483
F82: DEL EXTERIOR | N82: 415 | O82: + | Q82: IVA QUE SE CARGA AL COSTO O GASTO | Z82: 7491 | AA82: + | AC82: 7492 | AD82: + | AF82: 7493
C83: NO RELACIONADOS | F83: LOCALES | N83: 416 | O83: + | Q83: DEPRECIACIÓN DE PROPIEDADES, PLANTA Y EQUIPO (EXCLUYE ACTIVOS BIOLÓGICOS Y PROPIEDADES DE INVERSIÓN) | W83: ACELERADA | Z83: 7501 | AA83: + | AC83: 7502 | AD83: + | AF83: 7503
F84: DEL EXTERIOR | N84: 417 | O84: + | W84: NO ACELERADA | Z84: 7511 | AA84: + | AC84: 7512 | AD84: + | AF84: 7513
A85: OTRAS CUENTAS Y DOCUMENTOS POR COBRAR NO CORRIENTES | C85: RELACIONADOS | F85: LOCALES | N85: 418 | O85: + | Q85: DEPRECIACIÓN DEL REAVALÚO DE PROPIEDADES, PLANTA Y EQUIPO | Z85: 7521 | AA85: + | AC85: 7522 | AD85: + | AF85: 7523
F86: DEL EXTERIOR | N86: 419 | O86: + | Q86: DEPRECIACIÓN DE ACTIVOS BIOLÓGICOS | Z86: 7531 | AA86: + | AF86: 7533
C87: NO RELACIONADOS | F87: LOCALES | N87: 420 | O87: + | Q87: DEPRECIACIÓN DE PROPIEDADES DE INVERSIÓN | AC87: 7542 | AD87: + | AF87: 7543
F88: DEL EXTERIOR | N88: 421 | O88: + | Q88: AMORTIZACIÓN DE ACTIVOS DE EXPLORACIÓN Y EXPLOTACIÓN | Z88: 7551 | AA88: + | AF88: 7553
A89: (-) PROVISIÓN CUENTAS INCOBRABLES Y DETERIORO | N89: 422 | O89: (-) | Q89: OTRAS AMORTIZACIONES | Z89: 7561 | AA89: + | AC89: 7562 | AD89: + | AF89: 7563
A90: (-) PROVISIÓN POR DETERIORO DE ACTIVOS FINANCIEROS NO CORRIENTES | N90: 423 | O90: (-) | Q90: SERVICIOS PÚBLICOS | Z90: 7571 | AA90: + | AC90: 7572 | AD90: + | AE90: 1566.96 | AF90: 7573
A91: OTROS ACTIVOS FINANCIEROS NO CORRIENTES | N91: 424 | O91: + | Q91: PAGOS POR OTROS SERVICIOS | Z91: 7581 | AA91: + | AC91: 7582 | AD91: + | AF91: 7583
A92: TOTAL ACTIVOS FINANCIEROS NO CORRIENTES | N92: 439 | O92: = | P92: =P78+P79+P80+P81+P82+P83+P84+P85+P86+P87+P88-P89-P90+P91 -> 0 | Q92: PAGOS POR OTROS BIENES | Z92: 7591 | AA92: + | AC92: 7592 | AD92: + | AE92: 92808.17 | AF92: 7593
A93: OTROS ACTIVOS NO CORRIENTES | N93: 445 | O93: + | Q93: TOTAL COSTOS | Z93: 7991 | AA93: = | AB93: =SUM(AB33:AB92) -> 0 | AF93: En la columna "Valor no deducible" registre la porción del monto declarado en las columnas "costo" y "gasto" considerada como no deducible para el cálculo del Impuesto a la Renta.
A94: TOTAL ACTIVOS NO CORRIENTES | I94: 379+389+439+445 | N94: 498 | O94: = | P94: =P92+P76+P68 -> 17853.58
A95: EFECTO DE LA REVALUACIÓN DE ACTIVOS (Casillero informativo para el cálculo del anticipo de impuesto a la renta) | N95: 446 | O95: = | Q95: TOTAL GASTOS | AC95: 7992 | AD95: = | AE95: =SUM(AE36:AE92) -> 154722.77
A96: TOTAL DEL ACTIVO | I96: 345+498 | N96: 499 | O96: = | P96: =P94+P44 -> 313814.39 | AE96: =+AE67+AE68+AE69+AE70+AE71+AE71+AE72 -> 0
A97: ACTIVO POR REINVERSIÓN DE UTILIDADES (INFORMATIVO) | N97: 496
A98: PASIVO | Q98: TOTAL COSTOS Y GASTOS (7991+7992) | AC98: 7999 | AD98: = | AE98: =AB93+AE95 -> 154722.77
A99: PASIVOS CORRIENTES
A100: CUENTAS Y DOCUMENTOS POR PAGAR PROVEEDORES CORRIENTES | C100: RELACIONADOS | F100: LOCALES | N100: 511 | O100: + | Q100: BAJA DE INVENTARIO (INFORMATIVO) | AC100: 7001
F101: DEL EXTERIOR | N101: 512 | O101: + | Q101: PAGO POR REEMBOLSO COMO REEMBOLSANTE (INFORMATIVO) | AC101: 7002
...

Sheet 6
D9: ESTADO DE SITUACIÓN FINANCIERA
D10: CUENTA | E10: VALOR | F10: ANÁLISIS VERTICAL
D11: ACTIVO
D12: Efectivo y equivalentes al efectivo | E12: ='5'!P14 -> 50030.32 | F12: =(E12*$F$21)/$E$21 -> 0.15942647
D13: Cuentas y docuemntos por cobrar clientes corrientes | E13: ='5'!P17+'5'!P18+'5'!P19+'5'!P20 -> 11914.83 | F13: =(E13*$F$21)/$E$21 -> 0.037967762
D14: Otras cuentas y documentos por cobrar | E14: ='5'!P21+'5'!P22+'5'!P23+'5'!P24 -> 0 | F14: =(E14*$F$21)/$E$21 -> 0
D15: Inventario | E15: ='5'!P29+'5'!P31+'5'!P32+'5'!P35+'5'!P36+'5'!P37+'5'!P38+'5'!P33+'5'!P34-'5'!P39 -> 0 | F15: =(E15*$F$21)/$E$21 -> 0
D16: Otros activos corrientes | E16: =SUM(E17)-E12-E14-E15-E13 -> 234015.66 | F16: =(E16*$F$21)/$E$21 -> 0.7457136
D17: Total Activo Corriente | E17: ='5'!P44 -> 295960.81 | F17: =(E17*$F$21)/$E$21 -> 0.94310784
D18: Propiedad,planta y equipo | E18: =SUM('5'!P47:P56) -> 170043.37 | F18: =(E18*$F$21)/$E$21 -> 0.5418597
D19: Otros activos no corrientes | E19: =E20-E18 -> -152189.79 | F19: =(E19*$F$21)/$E$21 -> -0.48496753
D20: Total Activo no Corriente | E20: ='5'!P94 -> 17853.58 | F20: =(E20*$F$21)/$E$21 -> 0.056892165
D21: TOTAL ACTIVO | E21: =E17+E20 -> 313814.39 | F21: 1
D22: PASIVO
D23: Cuentas y documentos por pagar comerciales corrrientes | E23: ='5'!P100+'5'!P101+'5'!P102+'5'!P103 -> 10563.34 | F23: =(E23*$F$38)/$E$38 -> 0.033661108
D24: Otras cuentas y documentos por cobrar corrientes | E24: ='5'!P108+'5'!P109+'5'!P110+'5'!P111 -> 0 | F24: =(E24*$F$38)/$E$38 -> 0
D25: Obligaciones con instituciones financieras | E25: ='5'!P104+'5'!P105+'5'!P106+'5'!P107 -> 0 | F25: =(E25*$F$38)/$E$38 -> 0
D26: Otros pasivos corrientes | E26: =SUM(E27)-E23-E25-E24 -> 66183.31 | F26: =(E26*$F$38)/$E$38 -> 0.21089954
D27: Total Pasivo Corriente | E27: ='5'!P124 -> 76746.65 | F27: =(E27*$F$38)/$E$38 -> 0.24456065
D28: Cuentas y documentos por pagar comerciales no corrientes | E28: ='5'!P134+'5'!P135+'5'!P136+'5'!P137 -> 0 | F28: =(E28*$F$38)/$E$38 -> 0
D29: Otras cuentas y documentos por pagar no corrientes | E29: ='5'!P134+'5'!P135+'5'!P136+'5'!P137 -> 0 | F29: =(E29*$F$38)/$E$38 -> 0
D30: Obligaciones con instituciones financieras no corrientes | E30: ='5'!P130+'5'!P131+'5'!P132+'5'!P133 -> 0 | F30: =(E30*$F$38)/$E$38 -> 0
D31: Otros pasivos corrientes | E31: =SUM(E32)-E28-E30-E29 -> 7935.28 | F31: =(E31*$F$38)/$E$38 -> 0.02528654
D32: Total Pasivo no Corriente | E32: ='5'!P146 -> 7935.28 | F32: =(E32*$F$38)/$E$38 -> 0.02528654
D33: TOTAL PASIVO | E33: =E27+E32 -> 84681.93 | F33: =(E33*$F$38)/$E$38 -> 0.26984719
D34: PATRIMONIO
D35: Capital | E35: ='5'!P151 -> 1600 | F35: =(E35*$F$38)/$E$38 -> 0.0050985552
D36: Otros rubros del patrimonio | E36: ='5'!P153-'5'!P152+'5'!P154+'5'!P155+'5'!P156+'5'!P157+'5'!P158+'5'!P159+'5'!P160+'5'!P161+'5'!P162-'5'!P163+'5'!P164+'5'!P165+'5'!P168+'5'!P167+'5'!P166 -> 227532.46 | F36: =(E36*$F$38)/$E$38 -> 0.72505426
D37: Total Patrimonio | E37: ='5'!P170 -> 229132.46 | F37: =(E37*$F$38)/$E$38 -> 0.73015281
D38: TOTAL PASIVO Y PATRIMONIO | E38: =SUM(E33+E37) -> 313814.39 | F38: 1
D40: ESTADO DE RESULTADOS
D41: CUENTA | E41: VALOR | F41: PORCENTAJE
D42: Utilidad Neta | E42: ='5'!AE106 -> 5959.27 | F42: =E42*$F$49/$E$49 -> 0.018543672
D43: Costos y gastos | E43: ='5'!AE98 -> 154722.77 | F43: =E43*$F$49/$E$49 -> 0.48145633
D44: Ingresos | E44: ='5'!AE27 -> 160682.04 | F44: =E44*$F$49/$E$49 -> 0.5
D45: Ganancias retenidas | E45: ='5'!P151 -> 1600 | F45: =E45*$F$42/$E$42 -> 0.0049787767
D46: Gastos por intereses | E46: ='5'!AE80 -> 2581.79 | F46: =E46*$F$42/$E$42 -> 0.0080338475
F47: =E47*$F$42/$E$42 -> 0
E49: =E44+E43+E42 -> 321364.08 | F49: 1

Sheet 7
W9: =F19 -> 0.026007969
W10: =F24 -> 1.0603241
W11: =F31 -> 0.018989792
W12: =F38 -> 0.51202891
D14: Mediante los cálculos de indicadores de valor diferencial comparar la capacidad que tiene la empresa en comparación al sector
D18: Indicador | F18: Resultado | G18: Interpretación | L18: Gráfico
D19: ROE | E19: EMPRESA | F19: ='6'!E42/'6'!E37 -> 0.026007969 | G19: =VLOOKUP(F19,'TABLAS - GRÁFICAS'!E13:F513,2,TRUE) -> Se detectó ROE bajo se recomienda: Subir el precio del producto, negociar con proveedores, reducir sus costos laborales.
E21: SECTOR | F21: 0.24
E23: ÓPTIMO | F23: 0.232
D24: Activos totales/ Activos corrientes | E24: EMPRESA | F24: ='6'!E21/'6'!E17 -> 1.0603241 | G24: =VLOOKUP(F24,'TABLAS - GRÁFICAS'!K13:L513,2,TRUE) -> Se detectó un activo muy bajo se recomienda mejorar el control de ellos
E27: SECTOR | F27: 1.72 | G27: =VLOOKUP(F27,'TABLAS - GRÁFICAS'!K13:L513,2,TRUE) -> Se encuentra dentro de la zona óptima aunque se debe poner énfasis en mejorar su ROE
E30: ÓPTIMO | F30: 1.72
D31: ROA | E31: EMPRESA | F31: ='6'!E42/'6'!E21 -> 0.018989792 | G31: =VLOOKUP(F31,'TABLAS - GRÁFICAS'!O13:P519,2,TRUE) -> Se detectó un ROA bajo se recomienda: Reducir la deuda
E34: SECTOR | F34: 0.08 | G34: =VLOOKUP(F34,'TABLAS - GRÁFICAS'!O13:P513,2,TRUE) -> ROA en estado optimo, mejorar el manejo de la deuda
E37: ÓPTIMO | F37: 0.08
D38: Rotación de activos | E38: EMPRESA | F38: ='6'!E44/'6'!E21 -> 0.51202891 | G38: =VLOOKUP(F38,'TABLAS - GRÁFICAS'!R13:S513,2,TRUE) -> Se detectó una rotación de activos baja lo que podría indicar que la compañía tiene mucho capital inutilizado en sus activos
E41: SECTOR | F41: 1.56 | G41: =VLOOKUP(F41,'TABLAS - GRÁFICAS'!R13:S513,2,TRUE) -> Se detectó una rotación de activos alta en consecuente la empresa tendrá una productividad mayor. Muy bien
E46: ÓPTIMO | F46: 1

Sheet 8
W6: =F19 -> 3.8563352
W7: =F28 -> 0.26984719
W8: =F37 -> 0.26848926
W9: =F46 -> 0.43323931
D14: Es un conjunto de datos que nos ayudan a medir objetivamente, en un ámbito espacio temporal, la evolución de acciones asumidas por el Estado para el cumplimiento de un determinado compromiso adquirido.
D18: Indicador | F18: Resultado | G18: Interpretación | L18: Gráfico
D19: Liquidez Corriente | E19: EMPRESA | F19: =+'6'!E17/'6'!E27 -> 3.8563352 | G19: =VLOOKUP(F19,'TABLAS - GRÁFICAS'!AF13:AG193,2,TRUE) -> La empresa cuenta exelente liquidez para asumir el pago de sus deudas
E22: SECTOR | F22: 2.21 | G22: =VLOOKUP(F22,'TABLAS - GRÁFICAS'!AF13:AG193,2,TRUE) -> La empresa cuenta con buena liquidez y asi asumir oportunamente el pago de sus deudas.
E27: ÓPTIMO | F27: 1.1
D28: Endeudamiento | E28: EMPRESA | F28: =+'6'!E33/'6'!E21 -> 0.26984719 | G28: =VLOOKUP(F28,'TABLAS - GRÁFICAS'!AJ13:AK513,2,TRUE) -> La empresa muestra un buen resultado ya que las deudas representan la menor parte de los activos, y podra mantenerse y cumplir con sus obligaciones.
E31: SECTOR | F31: 0.49 | G31: =VLOOKUP(F31,'TABLAS - GRÁFICAS'!AJ13:AK513,2,TRUE) -> La empresa muestra un buen resultado ya que las deudas representan la menor parte de los activos, y podra mantenerse y cumplir con sus obligaciones.
E36: ÓPTIMO | F36: 0.5
D37: Ganancias Retenidas/Ingresos | E37: EMPRESA | F37: ='6'!E45/'6'!E42 -> 0.26848926 | G37: =VLOOKUP(F37,'TABLAS - GRÁFICAS'!AN13:AO513,2,TRUE) -> La empresa posee una exelente capacidad de ganancias retenidas sobre los ingresos.
E40: SECTOR | F40: 0.08 | G40: =VLOOKUP(F40,'TABLAS - GRÁFICAS'!AN13:AO513,2,TRUE) -> La empresa posee una optima capacidad de ganancias retenidas sobre los ingresos.
E45: ÓPTIMO | F45: 0.16
D46: Gasto por Interés/Utilidad antes de impuesto | E46: EMPRESA | F46: =+'6'!E46/'6'!E42 -> 0.43323931 | G46: =VLOOKUP(F46,'TABLAS - GRÁFICAS'!AR13:AS513,2,TRUE) -> Existe una optima administración de los recursos, por lo que a partir de sus gastos efectuados el negocio puede cubrir sus costos y gastos y contar con un margen de utilidad.
E49: SECTOR | F49: 0.02 | G49: =VLOOKUP(F49,'TABLAS - GRÁFICAS'!AR13:AS513,2,TRUE) -> Existe una optima administración de los recursos, por lo que a partir de sus gastos efectuados el negocio puede cubrir sus costos y gastos y contar con un margen de utilidad.
E54: ÓPTIMO | F54: 0.06

Sheet 9
A6: RESUMEN DE LA SOSTENIBILIDAD FINANCIERA
B8: Tabla de equivalencia
B9: Regla de decisión
B10: Indicador de referencia
B11: N | C11: Indicador | E11: Referencia | F11: Indicador > Referencia | G11: Indicador < Referencia | K11: Valor Total | L11: Equivalente
B12: X1 | C12: ROE | E12: 0.232 | F12: 1 | G12: 0 | K12: 1 a 3 | L12: Baja
B13: X2 | C13: EFICIENCIA | E13: 1.72 | F13: 1 | G13: 0 | K13: 4 a 6 | L13: Media
B14: X3 | C14: ROA | E14: 0.08 | F14: 1 | G14: 0 | K14: 7 y 8 | L14: Alta
B15: X4 | C15: ROTACIÓN DE ACTIVOS | E15: 1 | F15: 1 | G15: 0
B16: X5 | C16: LIQUIDEZ CORRIENTE | E16: 1.1 | F16: 1 | G16: 0
B17: X6 | C17: ENDEUDAMIENTO | E17: 0.5 | F17: 0 | G17: 1
B18: X7 | C18: GANANCIAS RETENIDAS_ INGRESOS | E18: 0.16 | F18: 1 | G18: 0
B19: X8 | C19: GASTOS POR INTERESES_EBIT | E19: 0.06 | F19: 0 | G19: 1
B20: TOTAL | F20: 8
A22: N | B22: Empresas | C22: Indicadores de Valor | G22: Indicadores de Continuidad | K22: TOTAL | L22: EQUIVALENTE
C23: X1 | D23: X2 | E23: X3 | F23: X4 | G23: X5 | H23: X6 | I23: X7 | J23: X8
C24: 0.232 | D24: 1.4771248 | E24: 0.35965592 | F24: 2 | G24: 1.1 | H24: 0.5 | I24: 0.17484745 | J24: 0.42790912
A25: 1 | B25: EMPRESA 1 | C25: =IF('7'!W9>='9'!$E$12,1,0) -> 0 | D25: =IF('7'!W10>=$E$13,1,0) -> 0 | E25: =IF('7'!W11>=$E$14,1,0) -> 0 | F25: =IF('7'!W12>=$E$15,1,0) -> 0 | G25: =IF('8'!W6>=$E$16,1,0) -> 1 | H25: =IF('8'!W7>=$E$17,0,1) -> 1 | I25: =IF('8'!W8>=$E$18,1,0) -> 1 | J25: =IF('8'!W9>=$E$19,1,0) -> 1 | K25: =SUM(C25:J25) -> 4 | L25: =IF(K25<=3,"Baja Sostenibilidad",IF(K25<=6,"Media Sostenibilidad","Alta Sostenibilidad")) -> Media Sostenibilidad | M25: =K25 -> 4
A26: 2 | B26: La Finca Cia. Ltda. | C26: =IF([2]datos!D7>='9'!$E$12,1,0) -> 0 | D26: =IF([2]datos!E7>=$E$13,1,0) -> 0 | E26: =IF([2]datos!F7>=$E$14,1,0) -> 1 | F26: =IF([2]datos!G7>=$E$15,1,0) -> 1 | G26: 0 | H26: =IF([2]datos!I7>=$E$17,0,1) -> 0 | I26: =IF([2]datos!J7>=$E$18,1,0) -> 1 | J26: =IF([2]datos!K7>=$E$19,1,0) -> 1 | K26: =SUM(C26:J26) -> 4 | L26: =IF(K26<=3,"Baja Sostenibilidad",IF(K26<=6,"Media Sostenibilidad","Alta Sostenibilidad")) -> Media Sostenibilidad | M26: =K26 -> 4
A27: 3 | B27: Molinos Oro blanco Cia. Ltda. | C27: =IF([2]datos!D8>='9'!$E$12,1,0) -> 0 | D27: =IF([2]datos!E8>=$E$13,1,0) -> 0 | E27: =IF([2]datos!F8>=$E$14,1,0) -> 0 | F27: =IF([2]datos!G8>=$E$15,1,0) -> 1 | G27: =IF([2]datos!H8>=$E$16,1,0) -> 1 | H27: 0 | I27: =IF([2]datos!J8>=$E$18,1,0) -> 1 | J27: =IF([2]datos!K8>=$E$19,1,0) -> 1 | K27: =SUM(C27:J27) -> 4 | L27: =IF(K27<=3,"Baja Sostenibilidad",IF(K27<=6,"Media Sostenibilidad","Alta Sostenibilidad")) -> Media Sostenibilidad | M27: =K27 -> 4
A28: 4 | B28: Editorial La Gaceta S.A. | C28: =IF([2]datos!D9>='9'!$E$12,1,0) -> 0 | D28: =IF([2]datos!E9>=$E$13,1,0) -> 0 | E28: =IF([2]datos!F9>=$E$14,1,0) -> 0 | F28: =IF([2]datos!G9>=$E$15,1,0) -> 1 | G28: =IF([2]datos!H9>=$E$16,1,0) -> 1 | H28: =IF([2]datos!I9>=$E$17,0,1) -> 1 | I28: =IF([2]datos!J9>=$E$18,1,0) -> 1 | J28: =IF([2]datos!K9>=$E$19,1,0) -> 1 | K28: =SUM(C28:J28) -> 5 | L28: =IF(K28<=3,"Baja Sostenibilidad",IF(K28<=6,"Media Sostenibilidad","Alta Sostenibilidad")) -> Media Sostenibilidad | M28: =K28 -> 5
A29: 5 | B29: INDUACERO Industria de Acero del Ecuador Cia. Ltda. | C29: =IF([2]datos!D10>='9'!$E$12,1,0) -> 0 | D29: =IF([2]datos!E10>=$E$13,1,0) -> 0 | E29: =IF([2]datos!F10>=$E$14,1,0) -> 1 | F29: =IF([2]datos!G10>=$E$15,1,0) -> 1 | G29: =IF([2]datos!H10>=$E$16,1,0) -> 0 | H29: =IF([2]datos!I10>=$E$17,0,1) -> 0 | I29: =IF([2]datos!J10>=$E$18,1,0) -> 0 | J29: =IF([2]datos!K10>=$E$19,1,0) -> 1 | K29: =SUM(C29:J29) -> 3 | L29: =IF(K29<=3,"Baja Sostenibilidad",IF(K29<=6,"Media Sostenibilidad","Alta Sostenibilidad")) -> Baja Sostenibilidad | M29: =K29 -> 3
A30: 6 | B30: Importadora Adrian Imceal Cia. Ltda. | C30: =IF([2]datos!D11>='9'!$E$12,1,0) -> 0 | D30: =IF([2]datos!E11>=$E$13,1,0) -> 0 | E30: =IF([2]datos!F11>=$E$14,1,0) -> 0 | F30: =IF([2]datos!G11>=$E$15,1,0) -> 1 | G30: =IF([2]datos!H11>=$E$16,1,0) -> 1 | H30: =IF([2]datos!I11>=$E$17,0,1) -> 0 | I30: =IF([2]datos!J11>=$E$18,1,0) -> 1 | J30: =IF([2]datos!K11>=$E$19,1,0) -> 0 | K30: =SUM(C30:J30) -> 3 | L30: =IF(K30<=3,"Baja Sostenibilidad",IF(K30<=6,"Media Sostenibilidad","Alta Sostenibilidad")) -> Baja Sostenibilidad | M30: =K30 -> 3
A31: 7 | B31: Dlip Industrial DLIPINDUSTRIAL S.A. | C31: =IF([2]datos!D12>='9'!$E$12,1,0) -> 0 | D31: =IF([2]datos!E12>=$E$13,1,0) -> 0 | E31: =IF([2]datos!F12>=$E$14,1,0) -> 0 | F31: =IF([2]datos!G12>=$E$15,1,0) -> 1 | G31: =IF([2]datos!H12>=$E$16,1,0) -> 1 | H31: =IF([2]datos!I12>=$E$17,0,1) -> 0 | I31: =IF([2]datos!J12>=$E$18,1,0) -> 0 | J31: =IF([2]datos!K12>=$E$19,1,0) -> 1 | K31: =SUM(C31:J31) -> 3 | L31: =IF(K31<=3,"Baja Sostenibilidad",IF(K31<=6,"Media Sostenibilidad","Alta Sostenibilidad")) -> Baja Sostenibilidad | M31: =K31 -> 3
A32: 8 | B32: Productora y Comercializadora de los Helados de Salcedo Corpicecream S.A. | C32: =IF([2]datos!D13>='9'!$E$12,1,0) -> 0 | D32: =IF([2]datos!E13>=$E$13,1,0) -> 0 | E32: =IF([2]datos!F13>=$E$14,1,0) -> 1 | F32: =IF([2]datos!G13>=$E$15,1,0) -> 1 | G32: =IF([2]datos!H13>=$E$16,1,0) -> 1 | H32: =IF([2]datos!I13>=$E$17,0,1) -> 1 | I32: =IF([2]datos!J13>=$E$18,1,0) -> 1 | J32: =IF([2]datos!K13>=$E$19,1,0) -> 0 | K32: =SUM(C32:J32) -> 5 | L32: =IF(K32<=3,"Baja Sostenibilidad",IF(K32<=6,"Media Sostenibilidad","Alta Sostenibilidad")) -> Media Sostenibilidad | M32: =K32 -> 5
A33: 9 | B33: Paneles y Construcciones PANECONS S.A. | C33: =IF([2]datos!D14>='9'!$E$12,1,0) -> 0 | D33: =IF([2]datos!E14>=$E$13,1,0) -> 0 | E33: =IF([2]datos!F14>=$E$14,1,0) -> 1 | F33: =IF([2]datos!G14>=$E$15,1,0) -> 0 | G33: =IF([2]datos!H14>=$E$16,1,0) -> 1 | H33: =IF([2]datos!I14>=$E$17,0,1) -> 0 | I33: =IF([2]datos!J14>=$E$18,1,0) -> 1 | J33: =IF([2]datos!K14>=$E$19,1,0) -> 0 | K33: =SUM(C33:J33) -> 3 | L33: =IF(K33<=3,"Baja Sostenibilidad",IF(K33<=6,"Media Sostenibilidad","Alta Sostenibilidad")) -> Baja Sostenibilidad | M33: =K33 -> 3
A34: 10 | B34: Compañía Procesadora de Alimentos Balanceados Benites Probalben Cia. Ltda. | C34: =IF([2]datos!D15>='9'!$E$12,1,0) -> 0 | D34: =IF([2]datos!E15>=$E$13,1,0) -> 0 | E34: =IF([2]datos!F15>=$E$14,1,0) -> 1 | F34: =IF([2]datos!G15>=$E$15,1,0) -> 1 | G34: =IF([2]datos!H15>=$E$16,1,0) -> 1 | H34: =IF([2]datos!I15>=$E$17,0,1) -> 1 | I34: =IF([2]datos!J15>=$E$18,1,0) -> 0 | J34: =IF([2]datos!K15>=$E$19,1,0) -> 0 | K34: =SUM(C34:J34) -> 4 | L34: =IF(K34<=3,"Baja Sostenibilidad",IF(K34<=6,"Media Sostenibilidad","Alta Sostenibilidad")) -> Media Sostenibilidad | M34: =K34 -> 4
A35: 11 | B35: Construcciones Ulloa Cia. Ltda. | C35: =IF([2]datos!D16>='9'!$E$12,1,0) -> 1 | D35: =IF([2]datos!E16>=$E$13,1,0) -> 1 | E35: =IF([2]datos!F16>=$E$14,1,0) -> 1 | F35: =IF([2]datos!G16>=$E$15,1,0) -> 1 | G35: =IF([2]datos!H16>=$E$16,1,0) -> 0 | H35: =IF([2]datos!I16>=$E$17,0,1) -> 0 | I35: =IF([2]datos!J16>=$E$18,1,0) -> 0 | J35: =IF([2]datos!K16>=$E$19,1,0) -> 0 | K35: =SUM(C35:J35) -> 4 | L35: =IF(K35<=3,"Baja Sostenibilidad",IF(K35<=6,"Media Sostenibilidad","Alta Sostenibilidad")) -> Media Sostenibilidad | M35: =K35 -> 4
A36: 12 | B36: Alimentos Saludables Ecuador ECUALIMFOOD S.A. | C36: =IF([2]datos!D17>='9'!$E$12,1,0) -> 0 | D36: =IF([2]datos!E17>=$E$13,1,0) -> 0 | E36: =IF([2]datos!F17>=$E$14,1,0) -> 1 | F36: =IF([2]datos!G17>=$E$15,1,0) -> 1 | G36: =IF([2]datos!H17>=$E$16,1,0) -> 1 | H36: =IF([2]datos!I17>=$E$17,0,1) -> 0 | I36: =IF([2]datos!J17>=$E$18,1,0) -> 0 | J36: =IF([2]datos!K17>=$E$19,1,0) -> 0 | K36: =SUM(C36:J36) -> 3 | L36: =IF(K36<=3,"Baja Sostenibilidad",IF(K36<=6,"Media Sostenibilidad","Alta Sostenibilidad")) -> Baja Sostenibilidad | M36: =K36 -> 3
A37: 13 | B37: Procesadora de Neumáticos Cotopaxi PRONEUMACOSA S.A. | C37: =IF([2]datos!D18>='9'!$E$12,1,0) -> 0 | D37: =IF([2]datos!E18>=$E$13,1,0) -> 0 | E37: =IF([2]datos!F18>=$E$14,1,0) -> 0 | F37: =IF([2]datos!G18>=$E$15,1,0) -> 1 | G37: =IF([2]datos!H18>=$E$16,1,0) -> 1 | H37: =IF([2]datos!I18>=$E$17,0,1) -> 0 | I37: =IF([2]datos!J18>=$E$18,1,0) -> 0 | J37: =IF([2]datos!K18>=$E$19,1,0) -> 0 | K37: =SUM(C37:J37) -> 2 | L37: =IF(K37<=3,"Baja Sostenibilidad",IF(K37<=6,"Media Sostenibilidad","Alta Sostenibilidad")) -> Baja Sostenibilidad | M37: =K37 -> 2
A38: 14 | B38: Andes Kinkuna S.A. | C38: =IF([2]datos!D19>='9'!$E$12,1,0) -> 0 | D38: =IF([2]datos!E19>=$E$13,1,0) -> 1 | E38: =IF([2]datos!F19>=$E$14,1,0) -> 1 | F38: =IF([2]datos!G19>=$E$15,1,0) -> 0 | G38: =IF([2]datos!H19>=$E$16,1,0) -> 1 | H38: =IF([2]datos!I19>=$E$17,0,1) -> 0 | I38: =IF([2]datos!J19>=$E$18,1,0) -> 0 | J38: =IF([2]datos!K19>=$E$19,1,0) -> 1 | K38: =SUM(C38:J38) -> 4 | L38: =IF(K38<=3,"Baja Sostenibilidad",IF(K38<=6,"Media Sostenibilidad","Alta Sostenibilidad")) -> Media Sostenibilidad | M38: =K38 -> 4
A39: 15 | B39: Fabricación, Comercialización de Postes de Hormigón Armado O&M DISPOSTES Cia. Ltda. | C39: =IF([2]datos!D20>='9'!$E$12,1,0) -> 0 | D39: =IF([2]datos!E20>=$E$13,1,0) -> 0 | E39: =IF([2]datos!F20>=$E$14,1,0) -> 0 | F39: =IF([2]datos!G20>=$E$15,1,0) -> 0 | G39: =IF([2]datos!H20>=$E$16,1,0) -> 1 | H39: =IF([2]datos!I20>=$E$17,0,1) -> 0 | I39: =IF([2]datos!J20>=$E$18,1,0) -> 1 | J39: =IF([2]datos!K20>=$E$19,1,0) -> 0 | K39: =SUM(C39:J39) -> 2 | L39: =IF(K39<=3,"Baja Sostenibilidad",IF(K39<=6,"Media Sostenibilidad","Alta Sostenibilidad")) -> Baja Sostenibilidad | M39: =K39 -> 2
... A41: 17 | B41: FYM INPLASS Cia. Ltda. | C41: =IF([2]datos!D22>='9'!$E$12,1,0) -> 0 | D41: =IF([2]datos!E22>=$E$13,1,0) -> 0 | E41: =IF([2]datos!F22>=$E$14,1,0) -> 0 | F41: =IF([2]datos!G22>=$E$15,1,0) -> 0 | G41: =IF([2]datos!H22>=$E$16,1,0) -> 1 | H41: =IF([2]datos!I22>=$E$17,0,1) -> 0 | I41: =IF([2]datos!J22>=$E$18,1,0) -> 1 | J41: =IF([2]datos!K22>=$E$19,1,0) -> 0 | K41: =SUM(C41:J41) -> 2 | L41: =IF(K41<=3,"Baja Sostenibilidad",IF(K41<=6,"Media Sostenibilidad","Alta Sostenibilidad")) -> Baja Sostenibilidad | M41: =K41 -> 2
C42: =SUM(C25:C41) -> 1 | D42: =SUM(D25:D41) -> 3 | E42: =SUM(E25:E41) -> 8 | F42: =SUM(F25:F41) -> 11 | G42: =SUM(G25:G41) -> 14 | H42: =SUM(H25:H41) -> 5 | I42: =SUM(I25:I41) -> 10 | J42: =SUM(J25:J41) -> 7

Sheet 10
B12: SISTEMA GESTIÓN DE RIESGO INHERENTE PARA LAS PYMES MANUFACTURERAS DE LA PROVINCIA DE COTOPAXI
B14: CUESTIONARIO DE RECONOCIMIENTO PARA RIESGOS INHERENTES
B16: Instrucción: Marque con una X en la casilla que crea pertinente
B18: CALIFICACIÓN DEL NIVEL DE RIESGO Y CONFIANZA
B19: N° | C19: POSIBLES RIESGOS INHERENTES EN EMPRESAS COMERCIALES | D19: PT | E19: SI | F19: NO | G19: CT
D20: =SUM(D21:D35) -> 15
B21: PR1 | C21: ¿En la entidad se lleva un control constante de la cuenta caja? | D21: 1 | F21: x | G21: =IF(E21="x",1,0) -> 0
B22: PR2 | C22: ¿La entidad tienen definidos los saldos mínimos de liquidez? | D22: 1 | E22: x | G22: =IF(E22="x",1,0) -> 1
B23: PR3 | C23: ¿Se tiene mecanismos y políticas para la recuperación de cuentas por cobrar? | D23: 1 | F23: x | G23: =IF(E23="x",1,0) -> 0
B24: PR4 | C24: ¿La entidad realiza evaluaciones periódicas de las rotaciones de inventarios? | D24: 1 | F24: x | G24: =IF(E24="x",1,0) -> 0
B25: PR5 | C25: ¿Se tiene documentos o registros para el control de entradas y salidas inventario? | D25: 1 | F25: x | G25: =IF(E25="x",1,0) -> 0
B26: PR6 | C26: ¿Se dispone un software para el control de inventarios? | D26: 1 | F26: x | G26: =IF(E26="x",1,0) -> 0
B27: PR7 | C27: ¿Se tiene un control determinado sobre los productos terminados? | D27: 1 | F27: x | G27: =IF(E27="x",1,0) -> 0
B28: PR8 | C28: ¿La entidad tiene definido una estrategia para puntos de pedido y reorden? | D28: 1 | F28: x | G28: =IF(E28="x",1,0) -> 0
B29: PR9 | C29: ¿Existe un tratamiento contable para los inventarios obsoletos? | D29: 1 | E29: x | G29: =IF(E29="x",1,0) -> 1
B30: PR10 | C30: ¿La entidad realiza planes de mantenimiento a la maquinaria? | D30: 1 | E30: x | G30: =IF(E30="x",1,0) -> 1
B31: PR11 | C31: ¿La entidad realiza un correcto monitoreo a la maniquinaria para verificar su nivel óptimo de producción? | D31: 1 | F31: x | G31: =IF(E31="x",1,0) -> 0
B32: PR12 | C32: ¿La entidad cuenta con un manual de procesos donde se describen los principales procedimientos de organización? | D32: 1 | E32: x | G32: =IF(E32="x",1,0) -> 1
B33: PR13 | C33: ¿Se realiza evaluaciones sobre los distintos riesgos como: errores humanos, procesos de seguridad y riesgos mecanicos los cuales pueden afectar de manera significativa la operatividad de la empresa? | D33: 1 | E33: x | G33: =IF(E33="x",1,0) -> 1
B34: PR14 | C34: ¿Los controles de riesgos son aplicados tomando en consideración la operatividad de la entidad? | D34: 1 | E34: x | G34: =IF(E34="x",1,0) -> 1
B35: PR15 | C35: ¿Se tiene definido manuales y políticas para la concesión de créditos? | D35: 1 | E35: x | G35: =IF(E35="x",1,0) -> 1
B36: CALIFICACION TOTAL | D36: CT= | G36: =COUNTIF(G21:G35,"1") -> 7
B37: PONDERACION TOTAL | D37: PT= | G37: =SUM(D21:D35) -> 15
B38: NIVEL DE CONFIANZA NC= CT/PT X 100 | D38: NC= | G38: =G36/G37*100% -> 0.46666667
B39: NIVEL DE RIESGO INHERENTE RI= 100% - NC | D39: NR= | G39: =100%-G38 -> 0.53333333

Sheet 11
C7: EVALUACIÓN DE RIESGOS
C9: CP= | D9: CALIFICACIÓN PORCENTUAL
C10: PT= | D10: PONDERACIÓN TOTAL
C11: CT= | D11: CALIFICACIÓN TOTAL
C13: NIVEL DE CONFIANZA
C14: BAJO | D14: MODERADO | E14: ALTO | F14: 0.15
C15: 15% - 50% | D15: 51% - 75% | E15: 76% - 95% | F15: 0.5
C16: 85% - 50% | D16: 49% - 25% | E16: 24% - 5% | F16: 0.75
C17: ALTO | D17: MODERADO | E17: BAJO
C18: NIVEL DE RIESGO (100 - NC)
C20: VALORACIÓN DE RIESGOS INHRENTES DE LA EMPRESA
D21: CP= (CT * 100)/PT | E21: =('10'!G36*100)/'10'!G37 -> 46.666667
C23: DETERMINACIÓN NIVEL DE RIESGOS
C24: NIVEL DE CONFIANZA | E24: FRECUENCIA
C25: NIVEL DE RIESGO | E25: BAJO | F25: MODERADO | G25: ALTO
C26: NC | D26: ='10'!G38 -> 0.46666667 | E26: =IF(D26<$F$15,"BAJO","-") -> BAJO | F26: =IF(AND(D26<=F16,D26>=F15),"MODERADO","-") -> - | G26: =IF(D26>$F$16,"ALTO","-") -> -
C27: NR | D27: ='10'!G39 -> 0.53333333 | E27: =IF(D27<25%,"BAJO","-") -> - | F27: =IF(AND(D27<=49%,D27>24%),"MODERADO","-") -> - | G27: =IF(D27>50%,"ALTO","-") -> ALTO

Sheet 12
B6: NIVEL DE RIESGO INHERENTE GLOBAL
B7: =C9*100 -> 46.666667 | C7: 2 | D7: =E7+E8+E9+E10+E11-B7-C7 -> 151.33333 | I7: RIESGO | K7: CONFIANZA
B8: =C10*100 -> 53.333333 | C8: 2 | D8: =E8+E9+E10+E11+E7-B8-C8 -> 144.66667 | E8: 50 | I8: BAJO | J8: 25 | K8: BAJO
B9: NIVEL DE RIESGO | C9: ='11'!D26 -> 0.46666667 | D9: =100%-C9 -> 0.53333333 | E9: 25 | I9: MODERADO | J9: 25 | K9: MODERADO
B10: NIVEL DE RIESGO | C10: ='11'!D27 -> 0.53333333 | D10: =100%-C10 -> 0.46666667 | E10: 25 | I10: ALTO | J10: 50 | K10: ALTO
E11: 100 | J11: 100

Sheet 13
B6: MATRIZ DE RIESGOS
B8: MAPA DE CALOR
D10: CONSECUENCIA
D11: Bajo | E11: Moderado | F11: Alto
B12: PROBABILIDAD | D12: 1 | E12: 2 | F12: 4
B13: Alta | C13: 3 | D13: =$C13*D$12 -> 3 | E13: =$C13*E$12 -> 6 | F13: =$C13*F$12 -> 12 | H13: NIVEL DE RIESGO | I13: COLOR
B14: Media | C14: 2 | D14: =$C14*D$12 -> 2 | E14: =$C14*E$12 -> 4 | F14: =$C14*F$12 -> 8 | H14: Riesgo Aceptable
B15: Baja | C15: 1 | D15: =$C15*D$12 -> 1 | E15: =$C15*E$12 -> 2 | F15: =$C15*F$12 -> 4 | H15: Riesgo Tolerable
H16: Riesgo Severo
C18: EVENTO | D18: APLICA | E18: PROBABILIDAD | F18: IMPACTO | G18: NIVEL DE RIESGO
B19: ='10'!B21 -> PR1 | C19: =REPLACE('10'!C32,1,250,"Control constante de la cuenta caja") -> Control constante de la cuenta caja | D19: =IF('10'!G21=1,"APLICA","NO APLICA") -> NO APLICA | E19: Media | F19: Bajo | G19: =INDEX($C$13:$C$15,MATCH(E19,$B$13:$B$15,0))*INDEX($D$12:$F$12,MATCH(F19,$D$11:$F$11,0)) -> 2
B20: ='10'!B22 -> PR2 | C20: =REPLACE('10'!C24,1,250,"Saldos mínimos de liquidez") -> Saldos mínimos de liquidez | D20: =IF('10'!G22=1,"APLICA","NO APLICA") -> APLICA | E20: Baja | F20: Moderado | G20: =INDEX($C$13:$C$15,MATCH(E20,$B$13:$B$15,0))*INDEX($D$12:$F$12,MATCH(F20,$D$11:$F$11,0)) -> 2
B21: ='10'!B23 -> PR3 | C21: =REPLACE('10'!C25,1,250,"Recuperación de cuentas por cobrar") -> Recuperación de cuentas por cobrar | D21: =IF('10'!G23=1,"APLICA","NO APLICA") -> NO APLICA | E21: Alta | F21: Moderado | G21: =INDEX($C$13:$C$15,MATCH(E21,$B$13:$B$15,0))*INDEX($D$12:$F$12,MATCH(F21,$D$11:$F$11,0)) -> 6
B22: ='10'!B24 -> PR4 | C22: =REPLACE('10'!C33,1,250,"Rotaciones de inventarios") -> Rotaciones de inventarios | D22: =IF('10'!G24=1,"APLICA","NO APLICA") -> NO APLICA | E22: Media
B23: ='10'!B25 -> PR5 | C23: =REPLACE('10'!C31,1,250,"Control de entradas y salidas inventario") -> Control de entradas y salidas inventario | D23: =IF('10'!G25=1,"APLICA","NO APLICA") -> NO APLICA
B24: ='10'!B26 -> PR6 | C24: =REPLACE('10'!C26,1,250,"Software para el control de inventarios") -> Software para el control de inventarios | D24: =IF('10'!G26=1,"APLICA","NO APLICA") -> NO APLICA
B25: ='10'!B27 -> PR7 | C25: =REPLACE('10'!C30,1,250,"Control de productos terminados") -> Control de productos terminados | D25: =IF('10'!G27=1,"APLICA","NO APLICA") -> NO APLICA | E25: Media | F25: Moderado | G25: =INDEX($C$13:$C$15,MATCH(E25,$B$13:$B$15,0))*INDEX($D$12:$F$12,MATCH(F25,$D$11:$F$11,0)) -> 4
B26: ='10'!B28 -> PR8 | C26: =REPLACE('10'!C35,1,250,"Estrategia para puntos de pedido y reorden") -> Estrategia para puntos de pedido y reorden | D26: =IF('10'!G28=1,"APLICA","NO APLICA") -> NO APLICA
B27: ='10'!B29 -> PR9 | C27: =REPLACE('10'!C29,1,250,"Tratamiento inventarios obsoletos") -> Tratamiento inventarios obsoletos | D27: =IF('10'!G29=1,"APLICA","NO APLICA") -> APLICA
B28: ='10'!B30 -> PR10 | C28: =REPLACE('10'!C28,1,250,"Planes de mantenimiento a la maquinaria") -> Planes de mantenimiento a la maquinaria | D28: =IF('10'!G30=1,"APLICA","NO APLICA") -> APLICA
B29: ='10'!B31 -> PR11 | C29: =REPLACE('10'!C21,1,250,"Monitoreo a la maniquinaria") -> Monitoreo a la maniquinaria | D29: =IF('10'!G31=1,"APLICA","NO APLICA") -> NO APLICA
B30: ='10'!B32 -> PR12 | C30: =REPLACE('10'!C22,1,250,"Manual de procedimientos de la organización") -> Manual de procedimientos de la organización | D30: =IF('10'!G32=1,"APLICA","NO APLICA") -> APLICA
B31: ='10'!B33 -> PR13 | C31: =REPLACE('10'!C34,1,250,"Evaluaciones sobre los distintos riesgos") -> Evaluaciones sobre los distintos riesgos | D31: =IF('10'!G33=1,"APLICA","NO APLICA") -> APLICA
B32: ='10'!B34 -> PR14 | C32: =REPLACE('10'!C23,1,250,"Controles de riesgos aplicados") -> Controles de riesgos aplicados | D32: =IF('10'!G34=1,"APLICA","NO APLICA") -> APLICA
B33: ='10'!B35 -> PR15 | C33: =REPLACE('10'!C27,1,250,"Manuales y políticas para la concesión de créditos") -> Manuales y políticas para la concesión de créditos | D33: =IF('10'!G35=1,"APLICA","NO APLICA") -> APLICA

Sheet 14
B8: MAPA DE RIESGOS
B9: N° | C9: Riesgo | D9: Tipo | E9: Descripción | F9: Responsable | G9: Aplica | H9: Causa | I9: Efecto | J9: Frecuencia | K9: Evaluación al riesgo | L9: Respuesta sugerida | M9: Respuesta al riesgo
B10: ='10'!#REF! -> #REF! | C10: ='13'!C19 -> Control constante de la cuenta caja | D10: Inherente | E10: ='10'!C32 -> ¿La entidad cuenta con un manual de procesos donde se describen los principales procedimientos de organización? | F10: Gerencia | G10: ='13'!D19 -> NO APLICA | J10: ='13'!G19 -> 2 | K10: =IF(AND(J10>=2,J10>=3,J10>=6),IF(J10>=6,"Riesgo Severo",""),IF(J10>2,"Riesgo Tolerable","Riesgo Aceptable")) -> Riesgo Aceptable | L10: =IF(AND(J10>=2,J10>=3,J10>=6),IF(J10>=6,"Evitar",""),IF(J10>2,"Reducir y Transferir","Aceptar activamente o Pasivamente")) -> Aceptar activamente o Pasivamente | M10: =IF(AND(J10>=2,J10>=3,J10>=6),IF(J10>=6,"La empresa necesita de manera urgente implementar un sistema de gestón de riesgos inmediatamente","La empresa si realiza evaluaciones de la rotación de inventraios lo cual favorece a determinar en que tiempo se consume le inventario"),IF(J10>2,"Se sugiere a la empresa diseñar un control de evaluacion de riesgos y esta sea monitoriada bajo cierto tiempo ","La empresa realiza una correcta gestión del riesgo")) -> La empresa realiza una correcta gestión del riesgo
B11: ='10'!#REF! -> #REF! | C11: ='13'!C20 -> Saldos mínimos de liquidez | D11: Inherente | E11: ='10'!C24 -> ¿La entidad realiza evaluaciones periódicas de las rotaciones de inventarios? | F11: Gerencia | G11: ='13'!D20 -> APLICA | H11: Parte escencial dentro del crecimiento de la organización | I11: Representa una gran limitación a la hora de innovar o proponerse metas como obtener un buen resultado final. | J11: ='13'!G20 -> 2 | K11: =IF(AND(J11>=2,J11>=3,J11>=6),IF(J11>=6,"Riesgo Severo",""),IF(J11>2,"Riesgo Tolerable","Riesgo Aceptable")) -> Riesgo Aceptable | L11: =IF(AND(J11>=2,J11>=3,J11>=6),IF(J11>=6,"Evitar",""),IF(J11>2,"Reducir y Transferir","Aceptar activamente o Pasivamente")) -> Aceptar activamente o Pasivamente | M11: =IF(AND(J11>=2,J11>=3,J11>=6),IF(J11>=6,"La empresa necesita de manera urgente implementar un sistema de gestón de riesgos inmediatamente","La empresa si realiza evaluaciones de la rotación de inventraios lo cual favorece a determinar en que tiempo se consume le inventario"),IF(J11>2,"Se sugiere a la empresa diseñar un control de evaluacion de riesgos y esta sea monitoriada bajo cierto tiempo ","La empresa realiza una correcta gestión del riesgo")) -> La empresa realiza una correcta gestión del riesgo
B12: ='10'!#REF! -> #REF! | C12: ='13'!C21 -> Recuperación de cuentas por cobrar | D12: Inherente | E12: ='10'!C25 -> ¿Se tiene documentos o registros para el control de entradas y salidas inventario? | F12: Gerencia | G12: ='13'!D21 -> NO APLICA | J12: ='13'!G21 -> 6 | K12: =IF(AND(J12>=2,J12>=3,J12>=6),IF(J12>=6,"Riesgo Severo",""),IF(J12>2,"Riesgo Tolerable","Riesgo Aceptable")) -> Riesgo Severo | L12: =IF(AND(J12>=2,J12>=3,J12>=6),IF(J12>=6,"Evitar",""),IF(J12>2,"Reducir y Transferir","Aceptar activamente o Pasivamente")) -> Evitar | M12: =IF(AND(J12>=2,J12>=3,J12>=6),IF(J12>=6,"La empresa necesita de manera urgente implementar un sistema de gestón de riesgos inmediatamente","La empresa si realiza evaluaciones de la rotación de inventraios lo cual favorece a determinar en que tiempo se consume le inventario"),IF(J12>2,"Se sugiere a la empresa diseñar un control de evaluacion de riesgos y esta sea monitoriada bajo cierto tiempo ","La empresa realiza una correcta gestión del riesgo")) -> La empresa necesita de manera urgente implementar un sistema de gestón de riesgos inmediatamente
B13: ='10'!#REF! -> #REF! | C13: ='13'!C22 -> Rotaciones de inventarios | D13: Inherente | E13: ='10'!C33 -> ¿Se realiza evaluaciones sobre los distintos riesgos como: errores humanos, procesos de seguridad y riesgos mecanicos los cuales pueden afectar de manera significativa la operatividad de la empresa? | F13: Gerencia | G13: ='13'!D22 -> NO APLICA | J13: ='13'!G22 -> 0 | K13: =IF(AND(J13>=2,J13>=3,J13>=6),IF(J13>=6,"Riesgo Severo",""),IF(J13>2,"Riesgo Tolerable","Riesgo Aceptable")) -> Riesgo Aceptable | L13: =IF(AND(J13>=2,J13>=3,J13>=6),IF(J13>=6,"Evitar",""),IF(J13>2,"Reducir y Transferir","Aceptar activamente o Pasivamente")) -> Aceptar activamente o Pasivamente | M13: =IF(AND(J13>=2,J13>=3,J13>=6),IF(J13>=6,"La empresa necesita de manera urgente implementar un sistema de gestón de riesgos inmediatamente","La empresa si realiza evaluaciones de la rotación de inventraios lo cual favorece a determinar en que tiempo se consume le inventario"),IF(J13>2,"Se sugiere a la empresa diseñar un control de evaluacion de riesgos y esta sea monitoriada bajo cierto tiempo ","La empresa realiza una correcta gestión del riesgo")) -> La empresa realiza una correcta gestión del riesgo
B14: ='10'!#REF! -> #REF! | C14: ='13'!C23 -> Control de entradas y salidas inventario | D14: Inherente | E14: ='10'!C31 -> ¿La entidad realiza un correcto monitoreo a la maniquinaria para verificar su nivel óptimo de producción? | F14: Gerencia | G14: ='13'!D23 -> NO APLICA | J14: ='13'!G23 -> 0 | K14: =IF(AND(J14>=2,J14>=3,J14>=6),IF(J14>=6,"Riesgo Severo",""),IF(J14>2,"Riesgo Tolerable","Riesgo Aceptable")) -> Riesgo Aceptable | L14: =IF(AND(J14>=2,J14>=3,J14>=6),IF(J14>=6,"Evitar",""),IF(J14>2,"Reducir y Transferir","Aceptar activamente o Pasivamente")) -> Aceptar activamente o Pasivamente | M14: =IF(AND(J14>=2,J14>=3,J14>=6),IF(J14>=6,"La empresa necesita de manera urgente implementar un sistema de gestón de riesgos inmediatamente","La empresa si realiza evaluaciones de la rotación de inventraios lo cual favorece a determinar en que tiempo se consume le inventario"),IF(J14>2,"Se sugiere a la empresa diseñar un control de evaluacion de riesgos y esta sea monitoriada bajo cierto tiempo ","La empresa realiza una correcta gestión del riesgo")) -> La empresa realiza una correcta gestión del riesgo
B15: ='10'!#REF! -> #REF! | C15: ='13'!C24 -> Software para el control de inventarios | D15: Inherente | E15: ='10'!C26 -> ¿Se dispone un software para el control de inventarios? | F15: Gerencia | G15: ='13'!D24 -> NO APLICA | J15: ='13'!G24 -> 0 | K15: =IF(AND(J15>=2,J15>=3,J15>=6),IF(J15>=6,"Riesgo Severo",""),IF(J15>2,"Riesgo Tolerable","Riesgo Aceptable")) -> Riesgo Aceptable | L15: =IF(AND(J15>=2,J15>=3,J15>=6),IF(J15>=6,"Evitar",""),IF(J15>2,"Reducir y Transferir","Aceptar activamente o Pasivamente")) -> Aceptar activamente o Pasivamente | M15: =IF(AND(J15>=2,J15>=3,J15>=6),IF(J15>=6,"La empresa necesita de manera urgente implementar un sistema de gestón de riesgos inmediatamente",""),IF(J15>2,"Se sugiere a la empresa diseñar un control de evaluacion de riesgos y esta sea monitoriada bajo cierto tiempo ","La empresa cuenta con un sistema que control de gestión de riesgo efectivo")) -> La empresa cuenta con un sistema que control de gestión de riesgo efectivo
B16: ='10'!#REF! -> #REF! | C16: ='13'!C25 -> Control de productos terminados | D16: Inherente | E16: ='10'!C30 -> ¿La entidad realiza planes de mantenimiento a la maquinaria? | F16: Gerencia | G16: ='13'!D25 -> NO APLICA | J16: ='13'!G25 -> 4 | K16: =IF(AND(J16>=2,J16>=3,J16>=6),IF(J16>=6,"Riesgo Severo",""),IF(J16>2,"Riesgo Tolerable","Riesgo Aceptable")) -> Riesgo Tolerable | L16: =IF(AND(J16>=2,J16>=3,J16>=6),IF(J16>=6,"Evitar",""),IF(J16>2,"Reducir y Transferir","Aceptar activamente o Pasivamente")) -> Reducir y Transferir | M16: =IF(AND(J16>=2,J16>=3,J16>=6),IF(J16>=6,"La empresa necesita de manera urgente implementar un sistema de gestón de riesgos inmediatamente",""),IF(J16>2,"Se sugiere a la empresa diseñar un control de evaluacion de riesgos y esta sea monitoriada bajo cierto tiempo ","La empresa cuenta con un sistema que control de gestión de riesgo efectivo")) -> Se sugiere a la empresa diseñar un control de evaluacion de riesgos y esta sea monitoriada bajo cierto tiempo
B17: ='10'!#REF! -> #REF! | C17: ='13'!C26 -> Estrategia para puntos de pedido y reorden | D17: Inherente | E17: ='10'!C35 -> ¿Se tiene definido manuales y políticas para la concesión de créditos? | F17: Gerencia | G17: ='13'!D26 -> NO APLICA | J17: ='13'!G26 -> 0 | K17: =IF(AND(J17>=2,J17>=3,J17>=6),IF(J17>=6,"Riesgo Severo",""),IF(J17>2,"Riesgo Tolerable","Riesgo Aceptable")) -> Riesgo Aceptable | L17: =IF(AND(J17>=2,J17>=3,J17>=6),IF(J17>=6,"Evitar",""),IF(J17>2,"Reducir y Transferir","Aceptar activamente o Pasivamente")) -> Aceptar activamente o Pasivamente | M17: =IF(AND(J17>=2,J17>=3,J17>=6),IF(J17>=6,"La empresa necesita de manera urgente implementar un sistema de gestón de riesgos inmediatamente",""),IF(J17>2,"Se sugiere a la empresa diseñar un control de evaluacion de riesgos y esta sea monitoriada bajo cierto tiempo ","La empresa cuenta con un sistema que control de gestión de riesgo efectivo")) -> La empresa cuenta con un sistema que control de gestión de riesgo efectivo
B18: ='10'!#REF! -> #REF! | C18: ='13'!C27 -> Tratamiento inventarios obsoletos | D18: Inherente | E18: ='10'!C29 -> ¿Existe un tratamiento contable para los inventarios obsoletos? | F18: Gerencia | G18: ='13'!D27 -> APLICA | J18: ='13'!G27 -> 0 | K18: =IF(AND(J18>=2,J18>=3,J18>=6),IF(J18>=6,"Riesgo Severo",""),IF(J18>2,"Riesgo Tolerable","Riesgo Aceptable")) -> Riesgo Aceptable | L18: =IF(AND(J18>=2,J18>=3,J18>=6),IF(J18>=6,"Evitar",""),IF(J18>2,"Reducir y Transferir","Aceptar activamente o Pasivamente")) -> Aceptar activamente o Pasivamente | M18: =IF(AND(J18>=2,J18>=3,J18>=6),IF(J18>=6,"La empresa necesita de manera urgente implementar un sistema de gestón de riesgos inmediatamente",""),IF(J18>2,"Se sugiere a la empresa diseñar un control de evaluacion de riesgos y esta sea monitoriada bajo cierto tiempo ","La empresa cuenta con un sistema que control de gestión de riesgo efectivo")) -> La empresa cuenta con un sistema que control de gestión de riesgo efectivo
B19: ='10'!#REF! -> #REF! | C19: ='13'!C28 -> Planes de mantenimiento a la maquinaria | D19: Inherente | E19: ='10'!C28 -> ¿La entidad tiene definido una estrategia para puntos de pedido y reorden? | F19: Gerencia | G19: ='13'!D28 -> APLICA | J19: ='13'!G28 -> 0 | K19: =IF(AND(J19>=2,J19>=3,J19>=6),IF(J19>=6,"Riesgo Severo",""),IF(J19>2,"Riesgo Tolerable","Riesgo Aceptable")) -> Riesgo Aceptable | L19: =IF(AND(J19>=2,J19>=3,J19>=6),IF(J19>=6,"Evitar",""),IF(J19>2,"Reducir y Transferir","Aceptar activamente o Pasivamente")) -> Aceptar activamente o Pasivamente | M19: =IF(AND(J19>=2,J19>=3,J19>=6),IF(J19>=6,"La empresa necesita de manera urgente implementar un sistema de gestón de riesgos inmediatamente",""),IF(J19>2,"Se sugiere a la empresa diseñar un control de evaluacion de riesgos y esta sea monitoriada bajo cierto tiempo ","La empresa cuenta con un sistema que control de gestión de riesgo efectivo")) -> La empresa cuenta con un sistema que control de gestión de riesgo efectivo
B20: ='10'!#REF! -> #REF! | C20: ='13'!C29 -> Monitoreo a la maniquinaria | D20: Inherente | E20: ='10'!C21 -> ¿En la entidad se lleva un control constante de la cuenta caja? | F20: Gerencia | G20: ='13'!D29 -> NO APLICA | J20: ='13'!G29 -> 0 | K20: =IF(AND(J20>=2,J20>=3,J20>=6),IF(J20>=6,"Riesgo Severo",""),IF(J20>2,"Riesgo Tolerable","Riesgo Aceptable")) -> Riesgo Aceptable | L20: =IF(AND(J20>=2,J20>=3,J20>=6),IF(J20>=6,"Evitar",""),IF(J20>2,"Reducir y Transferir","Aceptar activamente o Pasivamente")) -> Aceptar activamente o Pasivamente | M20: =IF(AND(J20>=2,J20>=3,J20>=6),IF(J20>=6,"La empresa necesita de manera urgente implementar un sistema de gestón de riesgos inmediatamente",""),IF(J20>2,"Se sugiere a la empresa diseñar un control de evaluacion de riesgos y esta sea monitoriada bajo cierto tiempo ","La empresa cuenta con un sistema que control de gestión de riesgo efectivo")) -> La empresa cuenta con un sistema que control de gestión de riesgo efectivo
B21: ='10'!#REF! -> #REF! | C21: ='13'!C30 -> Manual de procedimientos de la organización | D21: Inherente | E21: ='10'!C22 -> ¿La entidad tienen definidos los saldos mínimos de liquidez? | F21: Gerencia | G21: ='13'!D30 -> APLICA | J21: ='13'!G30 -> 0 | K21: =IF(AND(J21>=2,J21>=3,J21>=6),IF(J21>=6,"Riesgo Severo",""),IF(J21>2,"Riesgo Tolerable","Riesgo Aceptable")) -> Riesgo Aceptable | L21: =IF(AND(J21>=2,J21>=3,J21>=6),IF(J21>=6,"Evitar",""),IF(J21>2,"Reducir y Transferir","Aceptar activamente o Pasivamente")) -> Aceptar activamente o Pasivamente | M21: =IF(AND(J21>=2,J21>=3,J21>=6),IF(J21>=6,"La empresa necesita de manera urgente implementar un sistema de gestón de riesgos inmediatamente",""),IF(J21>2,"Se sugiere a la empresa diseñar un control de evaluacion de riesgos y esta sea monitoriada bajo cierto tiempo ","La empresa cuenta con un sistema que control de gestión de riesgo efectivo")) -> La empresa cuenta con un sistema que control de gestión de riesgo efectivo
B22: ='10'!#REF! -> #REF! | C22: ='13'!C31 -> Evaluaciones sobre los distintos riesgos | D22: Inherente | E22: ='10'!C34 -> ¿Los controles de riesgos son aplicados tomando en consideración la operatividad de la entidad? | F22: Gerencia | G22: ='13'!D31 -> APLICA | J22: ='13'!G31 -> 0 | K22: =IF(AND(J22>=2,J22>=3,J22>=6),IF(J22>=6,"Riesgo Severo",""),IF(J22>2,"Riesgo Tolerable","Riesgo Aceptable")) -> Riesgo Aceptable | L22: =IF(AND(J22>=2,J22>=3,J22>=6),IF(J22>=6,"Evitar",""),IF(J22>2,"Reducir y Transferir","Aceptar activamente o Pasivamente")) -> Aceptar activamente o Pasivamente | M22: =IF(AND(J22>=2,J22>=3,J22>=6),IF(J22>=6,"La empresa necesita de manera urgente implementar un sistema de gestón de riesgos inmediatamente",""),IF(J22>2,"Se sugiere a la empresa diseñar un control de evaluacion de riesgos y esta sea monitoriada bajo cierto tiempo ","La empresa cuenta con un sistema que control de gestión de riesgo efectivo")) -> La empresa cuenta con un sistema que control de gestión de riesgo efectivo
B23: ='10'!#REF! -> #REF! | C23: ='13'!C32 -> Controles de riesgos aplicados | D23: Inherente | E23: ='10'!C23 -> ¿Se tiene mecanismos y políticas para la recuperación de cuentas por cobrar? | F23: Gerencia | G23: ='13'!D32 -> APLICA | J23: ='13'!G32 -> 0 | K23: =IF(AND(J23>=2,J23>=3,J23>=6),IF(J23>=6,"Riesgo Severo",""),IF(J23>2,"Riesgo Tolerable","Riesgo Aceptable")) -> Riesgo Aceptable | L23: =IF(AND(J23>=2,J23>=3,J23>=6),IF(J23>=6,"Evitar",""),IF(J23>2,"Reducir y Transferir","Aceptar activamente o Pasivamente")) -> Aceptar activamente o Pasivamente | M23: =IF(AND(J23>=2,J23>=3,J23>=6),IF(J23>=6,"La empresa necesita de manera urgente implementar un sistema de gestón de riesgos inmediatamente",""),IF(J23>2,"Se sugiere a la empresa diseñar un control de evaluacion de riesgos y esta sea monitoriada bajo cierto tiempo ","La empresa cuenta con un sistema que control de gestión de riesgo efectivo")) -> La empresa cuenta con un sistema que control de gestión de riesgo efectivo
B24: ='10'!#REF! -> #REF! | C24: ='13'!C33 -> Manuales y políticas para la concesión de créditos | D24: Inherente | E24: ='10'!C27 -> ¿Se tiene un control determinado sobre los productos terminados? | F24: Gerencia | G24: ='13'!D33 -> APLICA | J24: ='13'!G33 -> 0 | K24: =IF(AND(J24>=2,J24>=3,J24>=6),IF(J24>=6,"Riesgo Severo",""),IF(J24>2,"Riesgo Tolerable","Riesgo Aceptable")) -> Riesgo Aceptable | L24: =IF(AND(J24>=2,J24>=3,J24>=6),IF(J24>=6,"Evitar",""),IF(J24>2,"Reducir y Transferir","Aceptar activamente o Pasivamente")) -> Aceptar activamente o Pasivamente | M24: =IF(AND(J24>=2,J24>=3,J24>=6),IF(J24>=6,"La empresa necesita de manera urgente implementar un sistema de gestón de riesgos inmediatamente",""),IF(J24>2,"Se sugiere a la empresa diseñar un control de evaluacion de riesgos y esta sea monitoriada bajo cierto tiempo ","La empresa cuenta con un sistema que control de gestión de riesgo efectivo")) -> La empresa cuenta con un sistema que control de gestión de riesgo efectivo

Sheet TABLAS - GRÁFICAS
B2: Estrategia de Liquidez | D2: Ingrese su meta
B3: RELAJADA | C3: =D3 -> 0.2 | D3: 0.2 | H3: RELAJADA | I3: 0.2 | J3: 0.2 | Y3: RELAJADA | Z3: 0.25 | AA3: 0.2 | AE3: RELAJADA | AF3: 0.15 | AI3: RELAJADA | AJ3: 0.25 | AM3: RELAJADA | AN3: 0.08 | AQ3: RELAJADA | AR3: 0.2
B4: RESTRINGIDA | C4: =D4 -> -0.2 | D4: -0.2 | H4: RESTRINGIDA | I4: -0.1 | J4: -0.1 | Y4: RESTRINGIDA | Z4: -0.25 | AA4: -0.1 | AE4: RESTRINGIDA | AF4: 0.1 | AI4: RESTRINGIDA | AJ4: -0.25 | AM4: RESTRINGIDA | AN4: 0.05 | AQ4: RESTRINGIDA | AR4: 0.1
B5: MODERADA | C5: =D5 -> 0.05 | D5: 0.05 | H5: MODERADA | I5: 0.05 | J5: 0.05 | Y5: MODERADA | Z5: -0.1 | AA5: 0.05 | AE5: MODERADA | AF5: 0.05 | AI5: MODERADA | AJ5: -0.1
B9: ROE | H9: ACTIVOS TOTALES/ACTIVOS CORRIENTES | O9: ROA | R9: Rotacion de activos | Y9: ROA | AE9: LIQUIDEZ CORRIENTE | AI9: ENDEUDAMIENTO | AM9: GANANCIAS RETENIDAS | AQ9: GASTOS POR INTERES
U10: ROA
B11: LC | C11: NC | H11: PA | I11: NC | U11: 0 | V11: Deficiente | Y11: PMC | Z11: NC | AE11: LQ | AF11: NC | AI11: E | AJ11: NC | AM11: GR | AN11: NC | AQ11: GI | AR11: NC
B12: X | C12: Y | H12: X | I12: Y | U12: 1 | V12: Deficiente | Y12: X | Z12: Y | AE12: X | AF12: Y | AI12: X | AJ12: Y | AM12: X | AN12: Y | AQ12: X | AR12: Y
B13: 0 | C13: 0 | D13: Deficiente | E13: 0 | F13: Se detectó ROE bajo se recomienda: Subir el precio del producto, negociar con proveedores, reducir sus costos laborales. | G13: . | H13: 0 | I13: 0 | J13: Deficiente | K13: 0 | L13: Se detectó un activo muy bajo se recomienda mejorar el control de ellos | O13: 0 | P13: Se detectó un ROA bajo se recomienda: Reducir la deuda | R13: 0 | S13: Se detectó una rotación de activos baja lo que podría indicar que la compañía tiene mucho capital inutilizado en sus activos | T13: . | U13: 2 | V13: Deficiente | Y13: 0 | Z13: 1 | AA13: Óptimo | AB13: 0 | AC13: La política de cobro de la empresa es eficiente pues hace efectivo la cuenta por cobrar rápidamente. | AD13: . | AE13: 0 | AF13: 0 | AG13: La empresa no cuenta con liquidez suficiente para realizar sus actividades y por ende no pagar sus deudas. | AH13: . | AI13: 0 | AJ13: 0 | AK13: La empresa muestra un buen resultado ya que las deudas representan la menor parte de los activos, y podra mantenerse y cumplir con sus obligaciones. | AL13: . | AM13: 0 | AN13: 0 | AO13: La empresa posee una deficiente capacidad de ganancias retenidas sobre los ingresos. | AP13: . | AQ13: 0 | AR13: 0 | AS13: Existe una deficiente administración de los recursos, por lo que a partir de sus gastos efectuados el negocio no puede cubrir sus costos de producción y contar con un margen de utilidad. | AT13: . | AU13: .
B14: 0.01 | C14: =1/130 -> 0.0076923077 | D14: Deficiente | E14: 0.01 | F14: Se detectó ROE bajo se recomienda: Subir el precio del producto, negociar con proveedores, reducir sus costos laborales. | G14: . | H14: 0.01 | I14: =1/110 -> 0.0090909091 | J14: Deficiente | K14: 0.01 | L14: Se detectó un activo muy bajo se recomienda mejorar el control de ellos | O14: 0.01 | P14: Se detectó un ROA bajo se recomienda: Reducir la deuda | R14: 0.01 | S14: Se detectó una rotación de activos baja lo que podría indicar que la compañía tiene mucho capital inutilizado en sus activos | T14: . | U14: 3 | V14: Deficiente | Y14: 1 | Z14: 1 | AA14: Óptimo | AB14: 1 | AC14: La política de cobro de la empresa es eficiente pues hace efectivo la cuenta por cobrar rápidamente. | AD14: . | AE14: 1 | AF14: =1/60 -> 0.016666667 | AG14: La empresa no cuenta con liquidez suficiente para realizar sus actividades y por ende no pagar sus deudas. | AH14: . | AI14: 1 | AJ14: 0.01 | AK14: La empresa muestra un buen resultado ya que las deudas representan la menor parte de los activos, y podra mantenerse y cumplir con sus obligaciones. | AL14: . | AM14: 0.1 | AN14: 0.01 | AO14: La empresa posee una deficiente capacidad de ganancias retenidas sobre los ingresos. | AP14: . | AQ14: 0.1 | AR14: 0.01 | AS14: Existe una deficiente administración de los recursos, por lo que a partir de sus gastos efectuados el negocio no puede cubrir sus costos de producción y contar con un margen de utilidad. | AT14: . | AU14: .
B15: 0.02 | C15: =(1/130)+C14 -> 0.015384615 | D15: Deficiente | E15: 0.02 | F15: Se detectó ROE bajo se recomienda: Subir el precio del producto, negociar con proveedores, reducir sus costos laborales. | G15: . | H15: 0.02 | I15: =(1/110)+I14 -> 0.018181818 | J15: Deficiente | K15: 0.02 | L15: Se detectó un activo muy bajo se recomienda mejorar el control de ellos | O15: 0.02 | P15: Se detectó un ROA bajo se recomienda: Reducir la deuda | R15: 0.02 | S15: Se detectó una rotación de activos baja lo que podría indicar que la compañía tiene mucho capital inutilizado en sus activos | T15: . | U15: 4 | V15: Poco satisfactorio | Y15: 2 | Z15: 1 | AA15: Óptimo | AB15: 2 | AC15: La política de cobro de la empresa es eficiente pues hace efectivo la cuenta por cobrar rápidamente. | AD15: . | AE15: 2 | AF15: =AF14+(1/60) -> 0.033333333 | AG15: La empresa no cuenta con liquidez suficiente para realizar sus actividades y por ende no pagar sus deudas. | AH15: . | AI15: 2 | AJ15: 0.02 | AK15: La empresa muestra un buen resultado ya que las deudas representan la menor parte de los activos, y podra mantenerse y cumplir con sus obligaciones. | AL15: . | AM15: 0.2 | AN15: 0.02 | AO15: La empresa posee una deficiente capacidad de ganancias retenidas sobre los ingresos. | AP15: . | AQ15: 0.2 | AR15: 0.02 | AS15: Existe una optima administración de los recursos, por lo que a partir de sus gastos efectuados el negocio puede cubrir sus costos y gastos y contar con un margen de utilidad. | AT15: . | AU15: .
B16: 0.03 | C16: =(1/130)+C15 -> 0.023076923 | D16: Deficiente | E16: 0.03 | F16: Se detectó ROE bajo se recomienda: Subir el precio del producto, negociar con proveedores, reducir sus costos laborales. | G16: . | H16: 0.03 | I16: =(1/110)+I15 -> 0.027272727 | J16: Deficiente | K16: 0.03 | L16: Se detectó un activo muy bajo se recomienda mejorar el control de ellos | O16: 0.03 | P16: Se detectó un ROA bajo se recomienda: Reducir la deuda | R16: 0.03 | S16: Se detectó una rotación de activos baja lo que podría indicar que la compañía tiene mucho capital inutilizado en sus activos | T16: . | U16: 5 | V16: Poco satisfactorio | Y16: 3 | Z16: 1 | AA16: Óptimo | AB16: 3 | AC16: La política de cobro de la empresa es eficiente pues hace efectivo la cuenta por cobrar rápidamente. | AD16: . | AE16: 3 | AF16: =AF15+(1/60) -> 0.05 | AG16: La empresa no cuenta con liquidez suficiente para realizar sus actividades y por ende no pagar sus deudas. | AH16: . | AI16: 3 | AJ16: 0.03 | AK16: La empresa muestra un buen resultado ya que las deudas representan la menor parte de los activos, y podra mantenerse y cumplir con sus obligaciones. | AL16: . | AM16: 0.3 | AN16: 0.03 | AO16: La empresa posee una deficiente capacidad de ganancias retenidas sobre los ingresos. | AP16: . | AQ16: 0.3 | AR16: 0.03 | AS16: Existe una optima administración de los recursos, por lo que a partir de sus gastos efectuados el negocio puede cubrir sus costos y gastos y contar con un margen de utilidad. | AT16: . | AU16: .
B17: 0.04 | C17: =(1/130)+C16 -> 0.030769231 | D17: Deficiente | E17: 0.04 | F17: Se detectó ROE bajo se recomienda: Subir el precio del producto, negociar con proveedores, reducir sus costos laborales. | G17: . | H17: 0.04 | I17: =(1/110)+I16 -> 0.036363636 | J17: Deficiente | K17: 0.04 | L17: Se detectó un activo muy bajo se recomienda mejorar el control de ellos | O17: 0.04 | P17: Se detectó un ROA bajo se recomienda: Reducir la deuda | R17: 0.04 | S17: Se detectó una rotación de activos baja lo que podría indicar que la compañía tiene mucho capital inutilizado en sus activos | T17: . | U17: 6 | V17: Medianamente satisfactorio | Y17: 4 | Z17: 1 | AA17: Óptimo | AB17: 4 | AC17: La política de cobro de la empresa es eficiente pues hace efectivo la cuenta por cobrar rápidamente. | AD17: . | AE17: 4 | AF17: =AF16+(1/60) -> 0.066666667 | AG17: La empresa no cuenta con liquidez suficiente para realizar sus actividades y por ende no pagar sus deudas. | AH17: . | AI17: 4 | AJ17: 0.04 | AK17: La empresa muestra un buen resultado ya que las deudas representan la menor parte de los activos, y podra mantenerse y cumplir con sus obligaciones. | AL17: . | AM17: 0.4 | AN17: 0.04 | AO17: La empresa posee una deficiente capacidad de ganancias retenidas sobre los ingresos. | AP17: . | AQ17: 0.4 | AR17: 0.04 | AS17: Existe una optima administración de los recursos, por lo que a partir de sus gastos efectuados el negocio puede cubrir sus costos y gastos y contar con un margen de utilidad. | AT17: . | AU17: .
B18: 0.05 | C18: =(1/130)+C17 -> 0.038461538 | D18: Deficiente | E18: 0.05 | F18: Se detectó ROE bajo se recomienda: Subir el precio del producto, negociar con proveedores, reducir sus costos laborales. | G18: . | H18: 0.05 | I18: =(1/110)+I17 -> 0.045454545 | J18: Deficiente | K18: 0.05 | L18: Se detectó un activo muy bajo se recomienda mejorar el control de ellos | O18: 0.05 | P18: Se detectó un ROA bajo se recomienda: Reducir la deuda | R18: 0.05 | S18: Se detectó una rotación de activos baja lo que podría indicar que la compañía tiene mucho capital inutilizado en sus activos | T18: . | U18: 7 | V18: Medianamente satisfactorio | Y18: 5 | Z18: 1 | AA18: Óptimo | AB18: 5 | AC18: La política de cobro de la empresa es eficiente pues hace efectivo la cuenta por cobrar rápidamente. | AD18: . | AE18: 5 | AF18: =AF17+(1/60) -> 0.083333333 | AG18: La empresa no cuenta con liquidez suficiente para realizar sus actividades y por ende no pagar sus deudas. | AH18: . | AI18: 5 | AJ18: 0.05 | AK18: La empresa muestra un buen resultado ya que las deudas representan la menor parte de los activos, y podra mantenerse y cumplir con sus obligaciones. | AL18: . | AM18: 0.5 | AN18: 0.05 | AO18: La empresa posee una deficiente capacidad de ganancias retenidas sobre los ingresos. | AP18: . | AQ18: 0.5 | AR18: 0.05 | AS18: Existe una optima administración de los recursos, por lo que a partir de sus gastos efectuados el negocio puede cubrir sus costos y gastos y contar con un margen de utilidad. | AT18: . | AU18: .
B19: 0.06 | C19: =(1/130)+C18 -> 0.046153846 | D19: Deficiente | E19: 0.06 | F19: Se detectó ROE bajo se recomienda: Subir el precio del producto, negociar con proveedores, reducir sus costos laborales. | G19: . | H19: 0.06 | I19: =(1/110)+I18 -> 0.054545455 | J19: Deficiente | K19: 0.06 | L19: Se detectó un activo muy bajo se recomienda mejorar el control de ellos | O19: 0.06 | P19: Se detectó un ROA bajo se recomienda: Reducir la deuda | R19: 0.06 | S19: Se detectó una rotación de activos baja lo que podría indicar que la compañía tiene mucho capital inutilizado en sus activos | T19: . | U19: 8 | V19: Medianamente satisfactorio | Y19: 6 | Z19: 1 | AA19: Óptimo | AB19: 6 | AC19: La política de cobro de la empresa es eficiente pues hace efectivo la cuenta por cobrar rápidamente. | AD19: . | AE19: 6 | AF19: =AF18+(1/60) -> 0.1 | AG19: La empresa no cuenta con liquidez suficiente para realizar sus actividades y por ende no pagar sus deudas. | AH19: . | AI19: 6 | AJ19: 0.06 | AK19: La empresa muestra un buen resultado ya que las deudas representan la menor parte de los activos, y podra mantenerse y cumplir con sus obligaciones. | AL19: . | AM19: 0.6 | AN19: 0.06 | AO19: La empresa posee una deficiente capacidad de ganancias retenidas sobre los ingresos. | AP19: . | AQ19: 0.6 | AR19: 0.06 | AS19: Existe una optima administración de los recursos, por lo que a partir de sus gastos efectuados el negocio puede cubrir sus costos y gastos y contar con un margen de utilidad. | AT19: . | AU19: .
B20: 0.07 | C20: =(1/130)+C19 -> 0.053846154 | D20: Deficiente | E20: 0.07 | F20: Se detectó ROE bajo se recomienda: Subir el precio del producto, negociar con proveedores, reducir sus costos laborales. | G20: . | H20: 0.07 | I20: =(1/110)+I19 -> 0.063636364 | J20: Deficiente | K20: 0.07 | L20: Se detectó un activo muy bajo se recomienda mejorar el control de ellos | O20: 0.07 | P20: Se detectó un ROA bajo se recomienda: Reducir la deuda | R20: 0.07 | S20: Se detectó una rotación de activos baja lo que podría indicar que la compañía tiene mucho capital inutilizado en sus activos | T20: . | U20: 9 | V20: Satisfactorio | Y20: 7 | Z20: 1 | AA20: Óptimo | AB20: 7 | AC20: La política de cobro de la empresa es eficiente pues hace efectivo la cuenta por cobrar rápidamente. | AD20: . | AE20: 7 | AF20: =AF19+(1/60) -> 0.11666667 | AG20: La empresa no cuenta con liquidez suficiente para realizar sus actividades y por ende no pagar sus deudas. | AH20: . | AI20: 7 | AJ20: 0.07 | AK20: La empresa muestra un buen resultado ya que las deudas representan la menor parte de los activos, y podra mantenerse y cumplir con sus obligaciones. | AL20: . | AM20: 0.7 | AN20: 0.07 | AO20: La empresa posee una deficiente capacidad de ganancias retenidas sobre los ingresos. | AP20: . | AQ20: 0.7 | AR20: 0.07 | AS20: Existe una optima administración de los recursos, por lo que a partir de sus gastos efectuados el negocio puede cubrir sus costos y gastos y contar con un margen de utilidad. | AT20: . | AU20: .
B21: 0.08 | C21: =(1/130)+C20 -> 0.061538462 | D21: Deficiente | E21: 0.08 | F21: Se detectó ROE bajo se recomienda: Subir el precio del producto, negociar con proveedores, reducir sus costos laborales. | G21: . | H21: 0.08 | I21: =(1/110)+I20 -> 0.072727273 | J21: Deficiente | K21: 0.08 | L21: Se detectó un activo muy bajo se recomienda mejorar el control de ellos | O21: 0.08 | P21: ROA en estado optimo, mejorar el manejo de la deuda | R21: 0.08 | S21: Se detectó una rotación de activos baja lo que podría indicar que la compañía tiene mucho capital inutilizado en sus activos | T21: . | U21: 10 | V21: Satisfactorio | Y21: 8 | Z21: 1 | AA21: Óptimo | AB21: 8 | AC21: La política de cobro de la empresa es eficiente pues hace efectivo la cuenta por cobrar rápidamente. | AD21: . | AE21: 8 | AF21: =AF20+(1/60) -> 0.13333333 | AG21: La empresa no cuenta con liquidez suficiente para realizar sus actividades y por ende no pagar sus deudas. | AH21: . | AI21: 8 | AJ21: 0.08 | AK21: La empresa muestra un buen resultado ya que las deudas representan la menor parte de los activos, y podra mantenerse y cumplir con sus obligaciones. | AL21: . | AM21: 0.8 | AN21: 0.08 | AO21: La empresa posee una optima capacidad de ganancias retenidas sobre los ingresos. | AP21: . | AQ21: 0.8 | AR21: 0.08 | AS21: Existe una optima administración de los recursos, por lo que a partir de sus gastos efectuados el negocio puede cubrir sus costos y gastos y contar con un margen de utilidad. | AT21: . | AU21: .
B22: 0.09 | C22: =(1/130)+C21 -> 0.069230769 | D22: Deficiente | E22: 0.09 | F22: Se detectó ROE bajo se recomienda: Subir el precio del producto, negociar con proveedores, reducir sus costos laborales. | G22: . | H22: 0.09 | I22: =(1/110)+I21 -> 0.081818182 | J22: Deficiente | K22: 0.09 | L22: Se detectó un activo muy bajo se recomienda mejorar el control de ellos | O22: 0.09 | P22: Se detectó un ROA alto significá que la empresa es capaz de generar más dinero con menor inversión. Felicitaciones | R22: 0.09 | S22: Se detectó una rotación de activos baja lo que podría indicar que la compañía tiene mucho capital inutilizado en sus activos | T22: . | Y22: 9 | Z22: 1 | AA22: Óptimo | AB22: 9 | AC22: La política de cobro de la empresa es eficiente pues hace efectivo la cuenta por cobrar rápidamente. | AD22: . | AE22: 9 | AF22: =AF21+(1/60) -> 0.15 | AG22: La empresa no cuenta con liquidez suficiente para realizar sus actividades y por ende no pagar sus deudas. | AH22: . | AI22: 9 | AJ22: 0.09 | AK22: La empresa muestra un buen resultado ya que las deudas representan la menor parte de los activos, y podra mantenerse y cumplir con sus obligaciones. | AL22: . | AM22: 0.9 | AN22: 0.09 | AO22: La empresa posee una optima capacidad de ganancias retenidas sobre los ingresos. | AP22: . | AQ22: 0.9 | AR22: 0.09 | AS22: Existe una optima administración de los recursos, por lo que a partir de sus gastos efectuados el negocio puede cubrir sus costos y gastos y contar con un margen de utilidad. | AT22: . | AU22: .
B23: 0.1 | C23: =(1/130)+C22 -> 0.076923077 | D23: Deficiente | E23: 0.1 | F23: Se detectó ROE bajo se recomienda: Subir el precio del producto, negociar con proveedores, reducir sus costos laborales. | G23: . | H23: 0.1 | I23: =(1/110)+I22 -> 0.090909091 | J23: Deficiente | K23: 0.1 | L23: Se detectó un activo muy bajo se recomienda mejorar el control de ellos | O23: 0.1 | P23: Se detectó un ROA alto significá que la empresa es capaz de generar más dinero con menor inversión. Felicitaciones | R23: 0.1 | S23: Se detectó una rotación de activos baja lo que podría indicar que la compañía tiene mucho capital inutilizado en sus activos | T23: . | Y23: 10 | Z23: 1 | AA23: Óptimo | AB23: 10 | AC23: La política de cobro de la empresa es eficiente pues hace efectivo la cuenta por cobrar rápidamente. | AD23: . | AE23: 10 | AF23: =AF22+(1/60) -> 0.16666667 | AG23: La empresa no cuenta con liquidez suficiente para realizar sus actividades y por ende no pagar sus deudas. | AH23: . | AI23: 10 | AJ23: 0.1 | AK23: La empresa muestra un buen resultado ya que las deudas representan la menor parte de los activos, y podra mantenerse y cumplir con sus obligaciones. | AL23: . | AM23: 1 | AN23: 0.1 | AO23: La empresa posee una optima capacidad de ganancias retenidas sobre los ingresos. | AP23: . | AQ23: 1 | AR23: 0.1 | AS23: Existe una optima administración de los recursos, por lo que a partir de sus gastos efectuados el negocio puede cubrir sus costos y gastos y contar con un margen de utilidad. | AT23: . | AU23: .
B24: 0.11 | C24: =(1/130)+C23 -> 0.084615385 | D24: Deficiente | E24: 0.11 | F24: Se detectó ROE bajo se recomienda: Subir el precio del producto, negociar con proveedores, reducir sus costos laborales. | G24: . | H24: 0.11 | I24: =(1/110)+I23 -> 0.1 | J24: Deficiente | K24: 0.11 | L24: Se detectó un activo muy bajo se recomienda mejorar el control de ellos | O24: 0.11 | P24: Se detectó un ROA alto significá que la empresa es capaz de generar más dinero con menor inversión. Felicitaciones | R24: 0.11 | S24: Se detectó una rotación de activos baja lo que podría indicar que la compañía tiene mucho capital inutilizado en sus activos | T24: . | Y24: 11 | Z24: 1 | AA24: Óptimo | AB24: 11 | AC24: La política de cobro de la empresa es eficiente pues hace efectivo la cuenta por cobrar rápidamente. | AD24: . | AE24: 11 | AF24: =AF23+(1/60) -> 0.18333333 | AG24: La empresa no cuenta con liquidez suficiente para realizar sus actividades y por ende no pagar sus deudas. | AH24: . | AI24: 11 | AJ24: 0.11 | AK24: La empresa muestra un buen resultado ya que las deudas representan la menor parte de los activos, y podra mantenerse y cumplir con sus obligaciones. | AL24: . | AM24: 1.1 | AN24: 0.11 | AO24: La empresa posee una optima capacidad de ganancias retenidas sobre los ingresos. | AP24: . | AQ24: 1.1 | AR24: 0.11 | AS24: Existe una optima administración de los recursos, por lo que a partir de sus gastos efectuados el negocio puede cubrir sus costos y gastos y contar con un margen de utilidad. | AT24: . | AU24: .
B25: 0.12 | C25: =(1/130)+C24 -> 0.092307692 | D25: Deficiente | E25: 0.12 | F25: Se detectó ROE bajo se recomienda: Subir el precio del producto, negociar con proveedores, reducir sus costos laborales. | G25: . | H25: 0.12 | I25: =(1/110)+I24 -> 0.10909091 | J25: Deficiente | K25: 0.12 | L25: Se detectó un activo muy bajo se recomienda mejorar el control de ellos | O25: 0.12 | P25: Se detectó un ROA alto significá que la empresa es capaz de generar más dinero con menor inversión. Felicitaciones | R25: 0.12 | S25: Se detectó una rotación de activos baja lo que podría indicar que la compañía tiene mucho capital inutilizado en sus activos | T25: . | Y25: 12 | Z25: 1 | AA25: Óptimo | AB25: 12 | AC25: La política de cobro de la empresa es eficiente pues hace efectivo la cuenta por cobrar rápidamente. | AD25: . | AE25: 12 | AF25: =AF24+(1/60) -> 0.2 | AG25: La empresa no cuenta con liquidez suficiente para realizar sus actividades y por ende no pagar sus deudas. | AH25: . | AI25: 12 | AJ25: 0.12 | AK25: La empresa muestra un buen resultado ya que las deudas representan la menor parte de los activos, y podra mantenerse y cumplir con sus obligaciones. | AL25: . | AM25: 1.2 | AN25: 0.12 | AO25: La empresa posee una optima capacidad de ganancias retenidas sobre los ingresos. | AP25: . | AQ25: 1.2 | AR25: 0.12 | AS25: Existe una optima administración de los recursos, por lo que a partir de sus gastos efectuados el negocio puede cubrir sus costos y gastos y contar con un margen de utilidad. | AT25: . | AU25: .
B26: 0.13 | C26: =(1/130)+C25 -> 0.1 | D26: Deficiente | E26: 0.13 | F26: Se detectó ROE bajo se recomienda: Subir el precio del producto, negociar con proveedores, reducir sus costos laborales. | G26: . | H26: 0.13 | I26: =(1/110)+I25 -> 0.11818182 | J26: Deficiente | K26: 0.13 | L26: Se detectó un activo muy bajo se recomienda mejorar el control de ellos | O26: 0.13 | P26: Se detectó un ROA alto significá que la empresa es capaz de generar más dinero con menor inversión. Felicitaciones | R26: 0.13 | S26: Se detectó una rotación de activos baja lo que podría indicar que la compañía tiene mucho capital inutilizado en sus activos | T26: . | Y26: 13 | Z26: 1 | AA26: Óptimo | AB26: 13 | AC26: La política de cobro de la empresa es eficiente pues hace efectivo la cuenta por cobrar rápidamente. | AD26: . | AE26: 13 | AF26: =AF25+(1/60) -> 0.21666667 | AG26: La empresa no cuenta con liquidez suficiente para realizar sus actividades y por ende no pagar sus deudas. | AH26: . | AI26: 13 | AJ26: 0.13 | AK26: La empresa muestra un buen resultado ya que las deudas representan la menor parte de los activos, y podra mantenerse y cumplir con sus obligaciones. | AL26: . | AM26: 1.3 | AN26: 0.13 | AO26: La empresa posee una optima capacidad de ganancias retenidas sobre los ingresos. | AP26: . | AQ26: 1.3 | AR26: 0.13 | AS26: Existe una optima administración de los recursos, por lo que a partir de sus gastos efectuados el negocio puede cubrir sus costos y gastos y contar con un margen de utilidad. | AT26: . | AU26: .
B27: 0.14 | C27: =(1/130)+C26 -> 0.10769231 | D27: Deficiente | E27: 0.14 | F27: Se detectó ROE bajo se recomienda: Subir el precio del producto, negociar con proveedores, reducir sus costos laborales. | G27: . | H27: 0.14 | I27: =(1/110)+I26 -> 0.12727273 | J27: Deficiente | K27: 0.14 | L27: Se detectó un activo muy bajo se recomienda mejorar el control de ellos | O27: 0.14 | P27: Se detectó un ROA alto significá que la empresa es capaz de generar más dinero con menor inversión. Felicitaciones | R27: 0.14 | S27: Se detectó una rotación de activos baja lo que podría indicar que la compañía tiene mucho capital inutilizado en sus activos | T27: . | Y27: 14 | Z27: 1 | AA27: Óptimo | AB27: 14 | AC27: La política de cobro de la empresa es eficiente pues hace efectivo la cuenta por cobrar rápidamente. | AD27: . | AE27: 14 | AF27: =AF26+(1/60) -> 0.23333333 | AG27: La empresa no cuenta con liquidez suficiente para realizar sus actividades y por ende no pagar sus deudas. | AH27: . | AI27: 14 | AJ27: 0.14 | AK27: La empresa muestra un buen resultado ya que las deudas representan la menor parte de los activos, y podra mantenerse y cumplir con sus obligaciones. | AL27: . | AM27: 1.4 | AN27: 0.14 | AO27: La empresa posee una optima capacidad de ganancias retenidas sobre los ingresos. | AP27: . | AQ27: 1.4 | AR27: 0.14 | AS27: Existe una optima administración de los recursos, por lo que a partir de sus gastos efectuados el negocio puede cubrir sus costos y gastos y contar con un margen de utilidad. | AT27: . | AU27: .
B28: 0.15 | C28: =(1/130)+C27 -> 0.11538462 | D28: Deficiente | E28: 0.15 | F28: Se detectó ROE bajo se recomienda: Subir el precio del producto, negociar con proveedores, reducir sus costos laborales. | G28: . | H28: 0.15 | I28: =(1/110)+I27 -> 0.13636364 | J28: Deficiente | K28: 0.15 | L28: Se detectó un activo muy bajo se recomienda mejorar el control de ellos | O28: 0.15 | P28: Se detectó un ROA alto significá que la empresa es capaz de generar más dinero con menor inversión. Felicitaciones | R28: 0.15 | S28: Se detectó una rotación de activos baja lo que podría indicar que la compañía tiene mucho capital inutilizado en sus activos | T28: . | Y28: 15 | Z28: 1 | AA28: Óptimo | AB28: 15 | AC28: La política de cobro de la empresa es eficiente pues hace efectivo la cuenta por cobrar rápidamente. | AD28: . | AE28: 15 | AF28: =AF27+(1/60) -> 0.25 | AG28: La empresa no cuenta con liquidez suficiente para realizar sus actividades y por ende no pagar sus deudas. | AH28: . | AI28: 15 | AJ28: 0.15 | AK28: La empresa muestra un buen resultado ya que las deudas representan la menor parte de los activos, y podra mantenerse y cumplir con sus obligaciones. | AL28: . | AM28: 1.5 | AN28: 0.15 | AO28: La empresa posee una optima capacidad de ganancias retenidas sobre los ingresos. | AP28: . | AQ28: 1.5 | AR28: 0.15 | AS28: Existe una optima administración de los recursos, por lo que a partir de sus gastos efectuados el negocio puede cubrir sus costos y gastos y contar con un margen de utilidad. | AT28: . | AU28: .
B29: 0.16 | C29: =(1/130)+C28 -> 0.12307692 | D29: Deficiente | E29: 0.16 | F29: Se detectó ROE bajo se recomienda: Subir el precio del producto, negociar con proveedores, reducir sus costos laborales. | G29: . | H29: 0.16 | I29: =(1/110)+I28 -> 0.14545455 | J29: Deficiente | K29: 0.16 | L29: Se detectó un activo muy bajo se recomienda mejorar el control de ellos | O29: 0.16 | P29: Se detectó un ROA alto significá que la empresa es capaz de generar más dinero con menor inversión. Felicitaciones | R29: 0.16 | S29: Se detectó una rotación de activos baja lo que podría indicar que la compañía tiene mucho capital inutilizado en sus activos | T29: . | Y29: 16 | Z29: 1 | AA29: Óptimo | AB29: 16 | AC29: La política de cobro de la empresa es eficiente pues hace efectivo la cuenta por cobrar rápidamente. | AD29: . | AE29: 16 | AF29: =AF28+(1/60) -> 0.26666667 | AG29: La empresa no cuenta con liquidez suficiente para realizar sus actividades y por ende no pagar sus deudas. | AH29: . | AI29: 16 | AJ29: 0.16 | AK29: La empresa muestra un buen resultado ya que las deudas representan la menor parte de los activos, y podra mantenerse y cumplir con sus obligaciones. | AL29: . | AM29: 1.6 | AN29: 0.16 | AO29: La empresa posee una optima capacidad de ganancias retenidas sobre los ingresos. | AP29: . | AQ29: 1.6 | AR29: 0.16 | AS29: Existe una optima administración de los recursos, por lo que a partir de sus gastos efectuados el negocio puede cubrir sus costos y gastos y contar con un margen de utilidad. | AT29: . | AU29: .
B30: 0.17 | C30: =(1/130)+C29 -> 0.13076923 | D30: Deficiente | E30: 0.17 | F30: Se detectó ROE bajo se recomienda: Subir el precio del producto, negociar con proveedores, reducir sus costos laborales. | G30: . | H30: 0.17 | I30: =(1/110)+I29 -> 0.15454545 | J30: Deficiente | K30: 0.17 | L30: Se detectó un activo muy bajo se recomienda mejorar el control de ellos | O30: 0.17 | P30: Se detectó un ROA alto significá que la empresa es capaz de generar más dinero con menor inversión. Felicitaciones | R30: 0.17 | S30: Se detectó una rotación de activos baja lo que podría indicar que la compañía tiene mucho capital inutilizado en sus activos | T30: . | Y30: 17 | Z30: 1 | AA30: Óptimo | AB30: 17 | AC30: La política de cobro de la empresa es eficiente pues hace efectivo la cuenta por cobrar rápidamente. | AD30: . | AE30: 17 | AF30: =AF29+(1/60) -> 0.28333333 | AG30: La empresa no cuenta con liquidez suficiente para realizar sus actividades y por ende no pagar sus deudas. | AH30: . | AI30: 17 | AJ30: 0.17 | AK30: La empresa muestra un buen resultado ya que las deudas representan la menor parte de los activos, y podra mantenerse y cumplir con sus obligaciones. | AL30: . | AM30: 1.7 | AN30: 0.17 | AO30: La empresa posee una optima capacidad de ganancias retenidas sobre los ingresos. | AP30: . | AQ30: 1.7 | AR30: 0.17 | AS30: Existe una optima administración de los recursos, por lo que a partir de sus gastos efectuados el negocio puede cubrir sus costos y gastos y contar con un margen de utilidad. | AT30: . | AU30: .
B31: 0.18 | C31: =(1/130)+C30 -> 0.13846154 | D31: Deficiente | E31: 0.18 | F31: Se detectó ROE bajo se recomienda: Subir el precio del producto, negociar con proveedores, reducir sus costos laborales. | G31: . | H31: 0.18 | I31: =(1/110)+I30 -> 0.16363636 | J31: Deficiente | K31: 0.18 | L31: Se detectó un activo muy bajo se recomienda mejorar el control de ellos | O31: 0.18 | P31: Se detectó un ROA alto significá que la empresa es capaz de generar más dinero con menor inversión. Felicitaciones | R31: 0.18 | S31: Se detectó una rotación de activos baja lo que podría indicar que la compañía tiene mucho capital inutilizado en sus activos | T31: . | Y31: 18 | Z31: 1 | AA31: Óptimo | AB31: 18 | AC31: La política de cobro de la empresa es eficiente pues hace efectivo la cuenta por cobrar rápidamente. | AD31: . | AE31: 18 | AF31: =AF30+(1/60) -> 0.3 | AG31: La empresa no cuenta con liquidez suficiente para realizar sus actividades y por ende no pagar sus deudas. | AH31: . | AI31: 18 | AJ31: 0.18 | AK31: La empresa muestra un buen resultado ya que las deudas representan la menor parte de los activos, y podra mantenerse y cumplir con sus obligaciones. | AL31: . | AM31: 1.8 | AN31: 0.18 | AO31: La empresa posee una optima capacidad de ganancias retenidas sobre los ingresos. | AP31: . | AQ31: 1.8 | AR31: 0.18 | AS31: Existe una optima administración de los recursos, por lo que a partir de sus gastos efectuados el negocio puede cubrir sus costos y gastos y contar con un margen de utilidad. | AT31: . | AU31: .
B32: 0.19 | C32: =(1/130)+C31 -> 0.14615385 | D32: Deficiente | E32: 0.19 | F32: Se detectó ROE bajo se recomienda: Subir el precio del producto, negociar con proveedores, reducir sus costos laborales. | G32: . | H32: 0.19 | I32: =(1/110)+I31 -> 0.17272727 | J32: Deficiente | K32: 0.19 | L32: Se detectó un activo muy bajo se recomienda mejorar el control de ellos | O32: 0.19 | P32: Se detectó un ROA alto significá que la empresa es capaz de generar más dinero con menor inversión. Felicitaciones | R32: 0.19 | S32: Se detectó una rotación de activos baja lo que podría indicar que la compañía tiene mucho capital inutilizado en sus activos | T32: . | Y32: 19 | Z32: 1 | AA32: Óptimo | AB32: 19 | AC32: La política de cobro de la empresa es eficiente pues hace efectivo la cuenta por cobrar rápidamente. | AD32: . | AE32: 19 | AF32: =AF31+(1/60) -> 0.31666667 | AG32: La empresa no cuenta con liquidez suficiente para realizar sus actividades y por ende no pagar sus deudas. | AH32: . | AI32: 19 | AJ32: 0.19 | AK32: La empresa muestra un buen resultado ya que las deudas representan la menor parte de los activos, y podra mantenerse y cumplir con sus obligaciones. | AL32: . | AM32: 1.9 | AN32: 0.19 | AO32: La empresa posee una optima capacidad de ganancias retenidas sobre los ingresos. | AP32: . | AQ32: 1.9 | AR32: 0.19 | AS32: Existe una optima administración de los recursos, por lo que a partir de sus gastos efectuados el negocio puede cubrir sus costos y gastos y contar con un margen de utilidad. | AT32: . | AU32: .
B33: 0.2 | C33: =(1/130)+C32 -> 0.15384615 | D33: Deficiente | E33: 0.2 | F33: Se detectó ROE bajo se recomienda: Subir el precio del producto, negociar con proveedores, reducir sus costos laborales. | G33: . | H33: 0.2 | I33: =(1/110)+I32 -> 0.18181818 | J33: Deficiente | K33: 0.2 | L33: Se detectó un activo muy bajo se recomienda mejorar el control de ellos | O33: 0.2 | P33: Se detectó un ROA alto significá que la empresa es capaz de generar más dinero con menor inversión. Felicitaciones | R33: 0.2 | S33: Se detectó una rotación de activos baja lo que podría indicar que la compañía tiene mucho capital inutilizado en sus activos | T33: . | Y33: 20 | Z33: 1 | AA33: Óptimo | AB33: 20 | AC33: La política de cobro de la empresa es eficiente pues hace efectivo la cuenta por cobrar rápidamente. | AD33: . | AE33: 20 | AF33: =AF32+(1/60) -> 0.33333333 | AG33: La empresa no cuenta con liquidez suficiente para realizar sus actividades y por ende no pagar sus deudas. | AH33: . | AI33: 20 | AJ33: 0.2 | AK33: La empresa muestra un buen resultado ya que las deudas representan la menor parte de los activos, y podra mantenerse y cumplir con sus obligaciones. | AL33: . | AM33: 2 | AN33: 0.2 | AO33: La empresa posee una exelente capacidad de ganancias retenidas sobre los ingresos. | AP33: . | AQ33: 2 | AR33: 0.2 | AS33: Existe una optima administración de los recursos, por lo que a partir de sus gastos efectuados el negocio puede cubrir sus costos y gastos y contar con un margen de utilidad. | AT33: . | AU33: .
... B41: 0.28 | C41: =(1/130)+C40 -> 0.21538462 | D41: Deficiente | E41: 0.28 | F41: ROE por encima de los estándares óptimos, Gran trabajo | G41: . | H41: 0.28 | I41: =(1/110)+I40 -> 0.25454545 | J41: Deficiente | K41: 0.28 | L41: Se detectó un activo muy bajo se recomienda mejorar el control de ellos | O41: 0.28 | P41: Se detectó un ROA alto significá que la empresa es capaz de generar más dinero con menor inversión. Felicitaciones | R41: 0.28 | S41: Se detectó una rotación de activos baja lo que podría indicar que la compañía tiene mucho capital inutilizado en sus activos | T41: . | Y41: 28 | Z41: 1 | AA41: Óptimo | AB41: 28 | AC41: La política de cobro de la empresa es eficiente pues hace efectivo la cuenta por cobrar rápidamente. | AD41: . | AE41: 28 | AF41: =AF40+(1/60) -> 0.46666667 | AG41: La empresa no cuenta con liquidez suficiente para realizar sus actividades y por ende no pagar sus deudas. | AH41: . | AI41: 28 | AJ41: 0.28 | AK41: La empresa muestra un buen resultado ya que las deudas representan la menor parte de los activos, y podra mantenerse y cumplir con sus obligaciones. | AL41: . | AM41: 2.8 | AN41: 0.28 | AO41: La empresa posee una exelente capacidad de ganancias retenidas sobre los ingresos. | AP41: . | AQ41: 2.8 | AR41: 0.28 | AS41: Existe una optima administración de los recursos, por lo que a partir de sus gastos efectuados el negocio puede cubrir sus costos y gastos y contar con un margen de utilidad. | AT41: . | AU41: .
B42: 0.29 | C42: =(1/130)+C41 -> 0.22307692 | D42: Deficiente | E42: 0.29 | F42: ROE por encima de los estándares óptimos, Gran trabajo | G42: =VLOOKUP(V48,'TABLAS - GRÁFICAS'!Y3:Z5,2,TRUE) -> #N/A | H42: 0.29 | I42: =(1/110)+I41 -> 0.26363636 | J42: Deficiente | K42: 0.29 | L42: Se detectó un activo muy bajo se recomienda mejorar el control de ellos | O42: 0.29 | P42: Se detectó un ROA alto significá que la empresa es capaz de generar más dinero con menor inversión. Felicitaciones | R42: 0.29 | S42: Se detectó una rotación de activos baja lo que podría indicar que la compañía tiene mucho capital inutilizado en sus activos | T42: . | Y42: 29 | Z42: 1 | AA42: Óptimo | AB42: 29 | AC42: La política de cobro de la empresa es eficiente pues hace efectivo la cuenta por cobrar rápidamente. | AD42: . | AE42: 29 | AF42: =AF41+(1/60) -> 0.48333333 | AG42: La empresa no cuenta con liquidez suficiente para realizar sus actividades y por ende no pagar sus deudas. | AH42: . | AI42: 29 | AJ42: 0.29 | AK42: La empresa muestra un buen resultado ya que las deudas representan la menor parte de los activos, y podra mantenerse y cumplir con sus obligaciones. | AL42: . | AM42: 2.9 | AN42: 0.29 | AO42: La empresa posee una exelente capacidad de ganancias retenidas sobre los ingresos. | AP42: . | AQ42: 2.9 | AR42: 0.29 | AS42: Existe una optima administración de los recursos, por lo que a partir de sus gastos efectuados el negocio puede cubrir sus costos y gastos y contar con un margen de utilidad. | AT42: . | AU42: .
B43: 0.3 | C43: =(1/130)+C42 -> 0.23076923 | D43: Deficiente | E43: 0.3 | F43: ROE por encima de los estándares óptimos, Gran trabajo | G43: . | H43: 0.3 | I43: =(1/110)+I42 -> 0.27272727 | J43: Deficiente | K43: 0.3 | L43: Se detectó un activo muy bajo se recomienda mejorar el control de ellos | O43: 0.3 | P43: Se detectó un ROA alto significá que la empresa es capaz de generar más dinero con menor inversión. Felicitaciones | R43: 0.3 | S43: Se detectó una rotación de activos baja lo que podría indicar que la compañía tiene mucho capital inutilizado en sus activos | T43: . | Y43: 30 | Z43: 1 | AA43: Óptimo | AB43: 30 | AC43: La política de cobro de la empresa es eficiente pues hace efectivo la cuenta por cobrar rápidamente. | AD43: . | AE43: 30 | AF43: =AF42+(1/60) -> 0.5 | AG43: La empresa no cuenta con liquidez suficiente para realizar sus actividades y por ende no pagar sus deudas. | AH43: . | AI43: 30 | AJ43: 0.3 | AK43: La empresa muestra un buen resultado ya que las deudas representan la menor parte de los activos, y podra mantenerse y cumplir con sus obligaciones. | AL43: . | AM43: 3 | AN43: 0.3 | AO43: La empresa posee una exelente capacidad de ganancias retenidas sobre los ingresos. | AP43: . | AQ43: 3 | AR43: 0.3 | AS43: Existe una optima administración de los recursos, por lo que a partir de sus gastos efectuados el negocio puede cubrir sus costos y gastos y contar con un margen de utilidad. | AT43: . | AU43: .
B44: 0.31 | C44: =(1/130)+C43 -> 0.23846154 | D44: Deficiente | E44: 0.31 | F44: ROE por encima de los estándares óptimos, Gran trabajo | G44: . | H44: 0.31 | I44: =(1/110)+I43 -> 0.28181818 | J44: Deficiente | K44: 0.31 | L44: Se detectó un activo muy bajo se recomienda mejorar el control de ellos | O44: 0.31 | P44: Se detectó un ROA alto significá que la empresa es capaz de generar más dinero con menor inversión. Felicitaciones | R44: 0.31 | S44: Se detectó una rotación de activos baja lo que podría indicar que la compañía tiene mucho capital inutilizado en sus activos | T44: . | Y44: 31 | Z44: 1 | AA44: Óptimo | AB44: 31 | AC44: La política de cobro de la empresa es eficiente pues hace efectivo la cuenta por cobrar rápidamente. | AD44: . | AE44: 31 | AF44: =AF43+(1/60) -> 0.51666667 | AG44: La empresa no cuenta con liquidez suficiente para realizar sus actividades y por ende no pagar sus deudas. | AH44: . | AI44: 31 | AJ44: 0.31 | AK44: La empresa muestra un buen resultado ya que las deudas representan la menor parte de los activos, y podra mantenerse y cumplir con sus obligaciones. | AL44: . | AM44: 3.1 | AN44: 0.31 | AO44: La empresa posee una exelente capacidad de ganancias retenidas sobre los ingresos. | AP44: . | AQ44: 3.1 | AR44: 0.31 | AS44: Existe una optima administración de los recursos, por lo que a partir de sus gastos efectuados el negocio puede cubrir sus costos y gastos y contar con un margen de utilidad. | AT44: . | AU44: .
B45: 0.32 | C45: =(1/130)+C44 -> 0.24615385 | D45: Deficiente | E45: 0.32 | F45: ROE por encima de los estándares óptimos, Gran trabajo | G45: . | H45: 0.32 | I45: =(1/110)+I44 -> 0.29090909 | J45: Deficiente | K45: 0.32 | L45: Se detectó un activo muy bajo se recomienda mejorar el control de ellos | O45: 0.32 | P45: Se detectó un ROA alto significá que la empresa es capaz de generar más dinero con menor inversión. Felicitaciones | R45: 0.32 | S45: Se detectó una rotación de activos baja lo que podría indicar que la compañía tiene mucho capital inutilizado en sus activos | T45: . | Y45: 32 | Z45: 1 | AA45: Óptimo | AB45: 32 | AC45: La política de cobro de la empresa es eficiente pues hace efectivo la cuenta por cobrar rápidamente. | AD45: . | AE45: 32 | AF45: =AF44+(1/60) -> 0.53333333 | AG45: La empresa no cuenta con liquidez suficiente para realizar sus actividades y por ende no pagar sus deudas. | AH45: . | AI45: 32 | AJ45: 0.32 | AK45: La empresa muestra un buen resultado ya que las deudas representan la menor parte de los activos, y podra mantenerse y cumplir con sus obligaciones. | AL45: . | AM45: 3.2 | AN45: 0.32 | AO45: La empresa posee una exelente capacidad de ganancias retenidas sobre los ingresos. | AP45: . | AQ45: 3.2 | AR45: 0.32 | AS45: Existe una optima administración de los recursos, por lo que a partir de sus gastos efectuados el negocio puede cubrir sus costos y gastos y contar con un margen de utilidad. | AT45: . | AU45: .
B46: 0.33 | C46: =(1/130)+C45 -> 0.25384615 | D46: Deficiente | E46: 0.33 | F46: ROE por encima de los estándares óptimos, Gran trabajo | G46: . | H46: 0.33 | I46: =(1/110)+I45 -> 0.3 | J46: Deficiente | K46: 0.33 | L46: Se detectó un activo muy bajo se recomienda mejorar el control de ellos | O46: 0.33 | P46: Se detectó un ROA alto significá que la empresa es capaz de generar más dinero con menor inversión. Felicitaciones | R46: 0.33 | S46: Se detectó una rotación de activos baja lo que podría indicar que la compañía tiene mucho capital inutilizado en sus activos | T46: . | Y46: 33 | Z46: 1 | AA46: Óptimo | AB46: 33 | AC46: La política de cobro de la empresa es eficiente pues hace efectivo la cuenta por cobrar rápidamente. | AD46: . | AE46: 33 | AF46: =AF45+(1/60) -> 0.55 | AG46: La empresa no cuenta con liquidez suficiente para realizar sus actividades y por ende no pagar sus deudas. | AH46: . | AI46: 33 | AJ46: 0.33 | AK46: La empresa muestra un buen resultado ya que las deudas representan la menor parte de los activos, y podra mantenerse y cumplir con sus obligaciones. | AL46: . | AM46: 3.3 | AN46: 0.33 | AO46: La empresa posee una exelente capacidad de ganancias retenidas sobre los ingresos. | AP46: . | AQ46: 3.3 | AR46: 0.33 | AS46: Existe una optima administración de los recursos, por lo que a partir de sus gastos efectuados el negocio puede cubrir sus costos y gastos y contar con un margen de utilidad. | AT46: . | AU46: .
B47: 0.34 | C47: =(1/130)+C46 -> 0.26153846 | D47: Deficiente | E47: 0.34 | F47: ROE por encima de los estándares óptimos, Gran trabajo | G47: . | H47: 0.34 | I47: =(1/110)+I46 -> 0.30909091 | J47: Deficiente | K47: 0.34 | L47: Se detectó un activo muy bajo se recomienda mejorar el control de ellos | O47: 0.34 | P47: Se detectó un ROA alto significá que la empresa es capaz de generar más dinero con menor inversión. Felicitaciones | R47: 0.34 | S47: Se detectó una rotación de activos baja lo que podría indicar que la compañía tiene mucho capital inutilizado en sus activos | T47: . | Y47: 34 | Z47: 1 | AA47: Óptimo | AB47: 34 | AC47: La política de cobro de la empresa es eficiente pues hace efectivo la cuenta por cobrar rápidamente. | AD47: . | AE47: 34 | AF47: =AF46+(1/60) -> 0.56666667 | AG47: La empresa no cuenta con liquidez suficiente para realizar sus actividades y por ende no pagar sus deudas. | AH47: . | AI47: 34 | AJ47: 0.34 | AK47: La empresa muestra un buen resultado ya que las deudas representan la menor parte de los activos, y podra mantenerse y cumplir con sus obligaciones. | AL47: . | AM47: 3.4 | AN47: 0.34 | AO47: La empresa posee una exelente capacidad de ganancias retenidas sobre los ingresos. | AP47: . | AQ47: 3.4 | AR47: 0.34 | AS47: Existe una optima administración de los recursos, por lo que a partir de sus gastos efectuados el negocio puede cubrir sus costos y gastos y contar con un margen de utilidad. | AT47: . | AU47: .
B48: 0.35 | C48: =(1/130)+C47 -> 0.26923077 | D48: Deficiente | E48: 0.35 | F48: ROE por encima de los estándares óptimos, Gran trabajo | G48: . | H48: 0.35 | I48: =(1/110)+I47 -> 0.31818182 | J48: Deficiente | K48: 0.35 | L48: Se detectó un activo muy bajo se recomienda mejorar el control de ellos | O48: 0.35 | P48: Se detectó un ROA alto significá que la empresa es capaz de generar más dinero con menor inversión. Felicitaciones | R48: 0.35 | S48: Se detectó una rotación de activos baja lo que podría indicar que la compañía tiene mucho capital inutilizado en sus activos | T48: . | Y48: 35 | Z48: 1 | AA48: Óptimo | AB48: 35 | AC48: La política de cobro de la empresa es eficiente pues hace efectivo la cuenta por cobrar rápidamente. | AD48: . | AE48: 35 | AF48: =AF47+(1/60) -> 0.58333333 | AG48: La empresa no cuenta con liquidez suficiente para realizar sus actividades y por ende no pagar sus deudas. | AH48: . | AI48: 35 | AJ48: 0.35 | AK48: La empresa muestra un buen resultado ya que las deudas representan la menor parte de los activos, y podra mantenerse y cumplir con sus obligaciones. | AL48: . | AM48: 3.5 | AN48: 0.35 | AO48: La empresa posee una exelente capacidad de ganancias retenidas sobre los ingresos. | AP48: . | AQ48: 3.5 | AR48: 0.35 | AS48: Existe una optima administración de los recursos, por lo que a partir de sus gastos efectuados el negocio puede cubrir sus costos y gastos y contar con un margen de utilidad. | AT48: . | AU48: .
B49: 0.36 | C49: =(1/130)+C48 -> 0.27692308 | D49: Deficiente | E49: 0.36 | F49: ROE por encima de los estándares óptimos, Gran trabajo | G49: . | H49: 0.36 | I49: =(1/110)+I48 -> 0.32727273 | J49: Deficiente | K49: 0.36 | L49: Se detectó un activo muy bajo se recomienda mejorar el control de ellos | O49: 0.36 | P49: Se detectó un ROA alto significá que la empresa es capaz de generar más dinero con menor inversión. Felicitaciones | R49: 0.36 | S49: Se detectó una rotación de activos baja lo que podría indicar que la compañía tiene mucho capital inutilizado en sus activos | T49: . | Y49: 36 | Z49: 1 | AA49: Óptimo | AB49: 36 | AC49: La política de cobro de la empresa es eficiente pues hace efectivo la cuenta por cobrar rápidamente. | AD49: . | AE49: 36 | AF49: =AF48+(1/60) -> 0.6 | AG49: La empresa no cuenta con liquidez suficiente para realizar sus actividades y por ende no pagar sus deudas. | AH49: . | AI49: 36 | AJ49: 0.36 | AK49: La empresa muestra un buen resultado ya que las deudas representan la menor parte de los activos, y podra mantenerse y cumplir con sus obligaciones. | AL49: . | AM49: 3.6 | AN49: 0.36 | AO49: La empresa posee una exelente capacidad de ganancias retenidas sobre los ingresos. | AP49: . | AQ49: 3.6 | AR49: 0.36 | AS49: Existe una optima administración de los recursos, por lo que a partir de sus gastos efectuados el negocio puede cubrir sus costos y gastos y contar con un margen de utilidad. | AT49: . | AU49: .
B50: 0.37 | C50: =(1/130)+C49 -> 0.28461538 | D50: Deficiente | E50: 0.37 | F50: ROE por encima de los estándares óptimos, Gran trabajo | G50: . | H50: 0.37 | I50: =(1/110)+I49 -> 0.33636364 | J50: Deficiente | K50: 0.37 | L50: Se detectó un activo muy bajo se recomienda mejorar el control de ellos | O50: 0.37 | P50: Se detectó un ROA alto significá que la empresa es capaz de generar más dinero con menor inversión. Felicitaciones | R50: 0.37 | S50: Se detectó una rotación de activos baja lo que podría indicar que la compañía tiene mucho capital inutilizado en sus activos | T50: . | Y50: 37 | Z50: 1 | AA50: Óptimo | AB50: 37 | AC50: La política de cobro de la empresa es eficiente pues hace efectivo la cuenta por cobrar rápidamente. | AD50: . | AE50: 37 | AF50: =AF49+(1/60) -> 0.61666667 | AG50: La empresa no cuenta con liquidez suficiente para realizar sus actividades y por ende no pagar sus deudas. | AH50: . | AI50: 37 | AJ50: 0.37 | AK50: La empresa muestra un buen resultado ya que las deudas representan la menor parte de los activos, y podra mantenerse y cumplir con sus obligaciones. | AL50: . | AM50: 3.7 | AN50: 0.37 | AO50: La empresa posee una exelente capacidad de ganancias retenidas sobre los ingresos. | AP50: . | AQ50: 3.7 | AR50: 0.37 | AS50: Existe una optima administración de los recursos, por lo que a partir de sus gastos efectuados el negocio puede cubrir sus costos y gastos y contar con un margen de utilidad. | AT50: . | AU50: .
B51: 0.38 | C51: =(1/130)+C50 -> 0.29230769 | D51: Deficiente | E51: 0.38 | F51: ROE por encima de los estándares óptimos, Gran trabajo | G51: . | H51: 0.38 | I51: =(1/110)+I50 -> 0.34545455 | J51: Deficiente | K51: 0.38 | L51: Se detectó un activo muy bajo se recomienda mejorar el control de ellos | O51: 0.38 | P51: Se detectó un ROA alto significá que la empresa es capaz de generar más dinero con menor inversión. Felicitaciones | R51: 0.38 | S51: Se detectó una rotación de activos baja lo que podría indicar que la compañía tiene mucho capital inutilizado en sus activos | T51: . | Y51: 38 | Z51: 1 | AA51: Óptimo | AB51: 38 | AC51: La política de cobro de la empresa es eficiente pues hace efectivo la cuenta por cobrar rápidamente. | AD51: . | AE51: 38 | AF51: =AF50+(1/60) -> 0.63333333 | AG51: La empresa no cuenta con liquidez suficiente para realizar sus actividades y por ende no pagar sus deudas. | AH51: . | AI51: 38 | AJ51: 0.38 | AK51: La empresa muestra un buen resultado ya que las deudas representan la menor parte de los activos, y podra mantenerse y cumplir con sus obligaciones. | AL51: . | AM51: 3.8 | AN51: 0.38 | AO51: La empresa posee una exelente capacidad de ganancias retenidas sobre los ingresos. | AP51: . | AQ51: 3.8 | AR51: 0.38 | AS51: Existe una optima administración de los recursos, por lo que a partir de sus gastos efectuados el negocio puede cubrir sus costos y gastos y contar con un margen de utilidad. | AT51: . | AU51: .
B52: 0.39 | C52: =(1/130)+C51 -> 0.3 | D52: Deficiente | E52: 0.39 | F52: ROE por encima de los estándares óptimos, Gran trabajo | G52: . | H52: 0.39 | I52: =(1/110)+I51 -> 0.35454545 | J52: Deficiente | K52: 0.39 | L52: Se detectó un activo muy bajo se recomienda mejorar el control de ellos | O52: 0.39 | P52: Se detectó un ROA alto significá que la empresa es capaz de generar más dinero con menor inversión. Felicitaciones | R52: 0.39 | S52: Se detectó una rotación de activos baja lo que podría indicar que la compañía tiene mucho capital inutilizado en sus activos | T52: . | Y52: 39 | Z52: 1 | AA52: Óptimo | AB52: 39 | AC52: La política de cobro de la empresa es eficiente pues hace efectivo la cuenta por cobrar rápidamente. | AD52: . | AE52: 39 | AF52: =AF51+(1/60) -> 0.65 | AG52: La empresa no cuenta con liquidez suficiente para realizar sus actividades y por ende no pagar sus deudas. | AH52: . | AI52: 39 | AJ52: 0.39 | AK52: La empresa muestra un buen resultado ya que las deudas representan la menor parte de los activos, y podra mantenerse y cumplir con sus obligaciones. | AL52: . | AM52: 3.9 | AN52: 0.39 | AO52: La empresa posee una exelente capacidad de ganancias retenidas sobre los ingresos. | AP52: . | AQ52: 3.9 | AR52: 0.39 | AS52: Existe una optima administración de los recursos, por lo que a partir de sus gastos efectuados el negocio puede cubrir sus costos y gastos y contar con un margen de utilidad. | AT52: . | AU52: .
B53: 0.4 | C53: =(1/130)+C52 -> 0.30769231 | D53: Deficiente | E53: 0.4 | F53: ROE por encima de los estándares óptimos, Gran trabajo | G53: . | H53: 0.4 | I53: =(1/110)+I52 -> 0.36363636 | J53: Deficiente | K53: 0.4 | L53: Se detectó un activo muy bajo se recomienda mejorar el control de ellos | O53: 0.4 | P53: Se detectó un ROA alto significá que la empresa es capaz de generar más dinero con menor inversión. Felicitaciones | R53: 0.4 | S53: Se detectó una rotación de activos baja lo que podría indicar que la compañía tiene mucho capital inutilizado en sus activos | T53: . | Y53: 40 | Z53: 1 | AA53: Óptimo | AB53: 40 | AC53: La política de cobro de la empresa es eficiente pues hace efectivo la cuenta por cobrar rápidamente. | AD53: . | AE53: 40 | AF53: =AF52+(1/60) -> 0.66666667 | AG53: La empresa no cuenta con liquidez suficiente para realizar sus actividades y por ende no pagar sus deudas. | AH53: . | AI53: 40 | AJ53: 0.4 | AK53: La empresa muestra un buen resultado ya que las deudas representan la menor parte de los activos, y podra mantenerse y cumplir con sus obligaciones. | AL53: . | AM53: 4 | AN53: 0.4 | AO53: La empresa posee una exelente capacidad de ganancias retenidas sobre los ingresos. | AP53: . | AQ53: 4 | AR53: 0.4 | AS53: Existe una optima administración de los recursos, por lo que a partir de sus gastos efectuados el negocio puede cubrir sus costos y gastos y contar con un margen de utilidad. | AT53: . | AU53: .
B54: 0.41 | C54: =(1/130)+C53 -> 0.31538462 | D54: Deficiente | E54: 0.41 | F54: ROE por encima de los estándares óptimos, Gran trabajo | G54: . | H54: 0.41 | I54: =(1/110)+I53 -> 0.37272727 | J54: Deficiente | K54: 0.41 | L54: Se detectó un activo muy bajo se recomienda mejorar el control de ellos | O54: 0.41 | P54: Se detectó un ROA alto significá que la empresa es capaz de generar más dinero con menor inversión. Felicitaciones | R54: 0.41 | S54: Se detectó una rotación de activos baja lo que podría indicar que la compañía tiene mucho capital inutilizado en sus activos | T54: . | Y54: 41 | Z54: 1 | AA54: Óptimo | AB54: 41 | AC54: La política de cobro de la empresa es eficiente pues hace efectivo la cuenta por cobrar rápidamente. | AD54: . | AE54: 41 | AF54: =AF53+(1/60) -> 0.68333333 | AG54: La empresa no cuenta con liquidez suficiente para realizar sus actividades y por ende no pagar sus deudas. | AH54: . | AI54: 41 | AJ54: 0.41 | AK54: La empresa muestra un buen resultado ya que las deudas representan la menor parte de los activos, y podra mantenerse y cumplir con sus obligaciones. | AL54: . | AM54: 4.1 | AN54: 0.41 | AO54: La empresa posee una exelente capacidad de ganancias retenidas sobre los ingresos. | AP54: . | AQ54: 4.1 | AR54: 0.41 | AS54: Existe una optima administración de los recursos, por lo que a partir de sus gastos efectuados el negocio puede cubrir sus costos y gastos y contar con un margen de utilidad. | AT54: . | AU54: .
... B72: 0.59 | C72: =(1/130)+C71 -> 0.45384615 | D72: Deficiente | E72: 0.59 | F72: ROE por encima de los estándares óptimos, Gran trabajo | G72: . | H72: 0.59 | I72: =(1/110)+I71 -> 0.53636364 | J72: Deficiente | K72: 0.59 | L72: Se detectó un activo muy bajo se recomienda mejorar el control de ellos | O72: 0.59 | P72: Se detectó un ROA alto significá que la empresa es capaz de generar más dinero con menor inversión. Felicitaciones | R72: 0.59 | S72: Se detectó una rotación de activos baja lo que podría indicar que la compañía tiene mucho capital inutilizado en sus activos | T72: . | Y72: 59 | Z72: 1 | AA72: Óptimo | AB72: 59 | AC72: La política de cobro de la empresa es eficiente pues hace efectivo la cuenta por cobrar rápidamente. | AD72: . | AE72: 59 | AF72: =AF71+(1/60) -> 0.98333333 | AG72: La empresa no cuenta con liquidez suficiente para realizar sus actividades y por ende no pagar sus deudas. | AH72: . | AI72: 59 | AJ72: 0.59 | AK72: La empresa muestra un resultado optimo ya que las deudas representan la menor parte de los activos, y podra mantenerse y cumplir con sus obligaciones. | AL72: . | AM72: 5.9 | AN72: 0.59 | AO72: La empresa posee una exelente capacidad de ganancias retenidas sobre los ingresos. | AP72: . | AQ72: 5.9 | AR72: 0.59 | AS72: Existe una optima administración de los recursos, por lo que a partir de sus gastos efectuados el negocio puede cubrir sus costos y gastos y contar con un margen de utilidad. | AT72: . | AU72: .
B73: 0.6 | C73: =(1/130)+C72 -> 0.46153846 | D73: Deficiente | E73: 0.6 | F73: ROE por encima de los estándares óptimos, Gran trabajo | G73: . | H73: 0.6 | I73: =(1/110)+I72 -> 0.54545455 | J73: Deficiente | K73: 0.6 | L73: Se detectó un activo muy bajo se recomienda mejorar el control de ellos | O73: 0.6 | P73: Se detectó un ROA alto significá que la empresa es capaz de generar más dinero con menor inversión. Felicitaciones | R73: 0.6 | S73: Se detectó una rotación de activos baja lo que podría indicar que la compañía tiene mucho capital inutilizado en sus activos | T73: . | Y73: 60 | Z73: 1 | AA73: Óptimo | AB73: 60 | AC73: La política de cobro de la empresa es eficiente pues hace efectivo la cuenta por cobrar rápidamente. | AD73: . | AE73: 60 | AF73: 1 | AG73: La empresa no cuenta con liquidez suficiente para realizar sus actividades y por ende no pagar sus deudas. | AH73: . | AI73: 60 | AJ73: 0.6 | AK73: La empresa muestra un resultado optimo ya que las deudas representan la menor parte de los activos, y podra mantenerse y cumplir con sus obligaciones. | AL73: . | AM73: 6 | AN73: 0.6 | AO73: La empresa posee una exelente capacidad de ganancias retenidas sobre los ingresos. | AP73: . | AQ73: 6 | AR73: 0.6 | AS73: Existe una optima administración de los recursos, por lo que a partir de sus gastos efectuados el negocio puede cubrir sus costos y gastos y contar con un margen de utilidad. | AT73: . | AU73: .
B74: 0.61 | C74: =(1/130)+C73 -> 0.46923077 | D74: Deficiente | E74: 0.61 | F74: ROE por encima de los estándares óptimos, Gran trabajo | G74: . | H74: 0.61 | I74: =(1/110)+I73 -> 0.55454545 | J74: Deficiente | K74: 0.61 | L74: Se detectó un activo muy bajo se recomienda mejorar el control de ellos | O74: 0.61 | P74: Se detectó un ROA alto significá que la empresa es capaz de generar más dinero con menor inversión. Felicitaciones | R74: 0.61 | S74: Se detectó una rotación de activos baja lo que podría indicar que la compañía tiene mucho capital inutilizado en sus activos | T74: . | Y74: 61 | Z74: =1-(1/60) -> 0.98333333 | AA74: Óptimo | AB74: 61 | AC74: La política de cobro de la empresa es eficiente pues hace efectivo la cuenta por cobrar rápidamente. | AD74: . | AE74: 61 | AF74: 1.02 | AG74: La empresa no cuenta con liquidez suficiente para realizar sus actividades y por ende no pagar sus deudas. | AH74: . | AI74: 61 | AJ74: 0.61 | AK74: La empresa muestra un resultado optimo ya que las deudas representan la menor parte de los activos, y podra mantenerse y cumplir con sus obligaciones. | AL74: . | AM74: 6.1 | AN74: 0.61 | AO74: La empresa posee una exelente capacidad de ganancias retenidas sobre los ingresos. | AP74: . | AQ74: 6.1 | AR74: 0.61 | AS74: Existe una optima administración de los recursos, por lo que a partir de sus gastos efectuados el negocio puede cubrir sus costos y gastos y contar con un margen de utilidad. | AT74: . | AU74: .
B75: 0.62 | C75: =(1/130)+C74 -> 0.47692308 | D75: Deficiente | E75: 0.62 | F75: ROE por encima de los estándares óptimos, Gran trabajo | G75: . | H75: 0.62 | I75: =(1/110)+I74 -> 0.56363636 | J75: Deficiente | K75: 0.62 | L75: Se detectó un activo muy bajo se recomienda mejorar el control de ellos | O75: 0.62 | P75: Se detectó un ROA alto significá que la empresa es capaz de generar más dinero con menor inversión. Felicitaciones | R75: 0.62 | S75: Se detectó una rotación de activos baja lo que podría indicar que la compañía tiene mucho capital inutilizado en sus activos | T75: . | Y75: 62 | Z75: =Z74-(1/60) -> 0.96666667 | AA75: Óptimo | AB75: 62 | AC75: La política de cobro de la empresa es eficiente pues hace efectivo la cuenta por cobrar rápidamente. | AD75: . | AE75: 62 | AF75: 1.04 | AG75: La empresa no cuenta con liquidez suficiente para realizar sus actividades y por ende no pagar sus deudas. | AH75: . | AI75: 62 | AJ75: 0.62 | AK75: La empresa muestra un resultado optimo ya que las deudas representan la menor parte de los activos, y podra mantenerse y cumplir con sus obligaciones. | AL75: . | AM75: 6.2 | AN75: 0.62 | AO75: La empresa posee una exelente capacidad de ganancias retenidas sobre los ingresos. | AP75: . | AQ75: 6.2 | AR75: 0.62 | AS75: Existe una optima administración de los recursos, por lo que a partir de sus gastos efectuados el negocio puede cubrir sus costos y gastos y contar con un margen de utilidad. | AT75: . | AU75: .
B76: 0.63 | C76: =(1/130)+C75 -> 0.48461538 | D76: Deficiente | E76: 0.63 | F76: ROE por encima de los estándares óptimos, Gran trabajo | G76: . | H76: 0.63 | I76: =(1/110)+I75 -> 0.57272727 | J76: Deficiente | K76: 0.63 | L76: Se detectó un activo muy bajo se recomienda mejorar el control de ellos | O76: 0.63 | P76: Se detectó un ROA alto significá que la empresa es capaz de generar más dinero con menor inversión. Felicitaciones | R76: 0.63 | S76: Se detectó una rotación de activos baja lo que podría indicar que la compañía tiene mucho capital inutilizado en sus activos | T76: . | Y76: 63 | Z76: =Z75-(1/60) -> 0.95 | AA76: Óptimo | AB76: 63 | AC76: La política de cobro de la empresa es eficiente pues hace efectivo la cuenta por cobrar rápidamente. | AD76: . | AE76: 63 | AF76: 1.06 | AG76: La empresa no cuenta con liquidez suficiente para realizar sus actividades y por ende no pagar sus deudas. | AH76: . | AI76: 63 | AJ76: 0.63 | AK76: La empresa muestra un resultado optimo ya que las deudas representan la menor parte de los activos, y podra mantenerse y cumplir con sus obligaciones. | AL76: . | AM76: 6.3 | AN76: 0.63 | AO76: La empresa posee una exelente capacidad de ganancias retenidas sobre los ingresos. | AP76: . | AQ76: 6.3 | AR76: 0.63 | AS76: Existe una optima administración de los recursos, por lo que a partir de sus gastos efectuados el negocio puede cubrir sus costos y gastos y contar con un margen de utilidad. | AT76: . | AU76: .
B77: 0.64 | C77: =(1/130)+C76 -> 0.49230769 | D77: Deficiente | E77: 0.64 | F77: ROE por encima de los estándares óptimos, Gran trabajo | G77: . | H77: 0.64 | I77: =(1/110)+I76 -> 0.58181818 | J77: Deficiente | K77: 0.64 | L77: Se detectó un activo muy bajo se recomienda mejorar el control de ellos | O77: 0.64 | P77: Se detectó un ROA alto significá que la empresa es capaz de generar más dinero con menor inversión. Felicitaciones | R77: 0.64 | S77: Se detectó una rotación de activos baja lo que podría indicar que la compañía tiene mucho capital inutilizado en sus activos | T77: . | Y77: 64 | Z77: =Z76-(1/60) -> 0.93333333 | AA77: Óptimo | AB77: 64 | AC77: La política de cobro de la empresa es eficiente pues hace efectivo la cuenta por cobrar rápidamente. | AD77: . | AE77: 64 | AF77: 1.08 | AG77: La empresa no cuenta con liquidez suficiente para realizar sus actividades y por ende no pagar sus deudas. | AH77: . | AI77: 64 | AJ77: 0.64 | AK77: La empresa muestra un resultado optimo ya que las deudas representan la menor parte de los activos, y podra mantenerse y cumplir con sus obligaciones. | AL77: . | AM77: 6.4 | AN77: 0.64 | AO77: La empresa posee una exelente capacidad de ganancias retenidas sobre los ingresos. | AP77: . | AQ77: 6.4 | AR77: 0.64 | AS77: Existe una optima administración de los recursos, por lo que a partir de sus gastos efectuados el negocio puede cubrir sus costos y gastos y contar con un margen de utilidad. | AT77: . | AU77: .
B78: 0.65 | C78: =(1/130)+C77 -> 0.5 | D78: Deficiente | E78: 0.65 | F78: ROE por encima de los estándares óptimos, Gran trabajo | G78: . | H78: 0.65 | I78: =(1/110)+I77 -> 0.59090909 | J78: Deficiente | K78: 0.65 | L78: Se detectó un activo muy bajo se recomienda mejorar el control de ellos | O78: 0.65 | P78: Se detectó un ROA alto significá que la empresa es capaz de generar más dinero con menor inversión. Felicitaciones | R78: 0.65 | S78: Se detectó una rotación de activos baja lo que podría indicar que la compañía tiene mucho capital inutilizado en sus activos | T78: . | Y78: 65 | Z78: =Z77-(1/60) -> 0.91666667 | AA78: Óptimo | AB78: 65 | AC78: La política de cobro de la empresa es eficiente pues hace efectivo la cuenta por cobrar rápidamente. | AD78: . | AE78: 65 | AF78: 1.1 | AG78: La empresa cuenta con buena liquidez y asi asumir oportunamente el pago de sus deudas. | AH78: . | AI78: 65 | AJ78: 0.65 | AK78: La empresa muestra un resultado optimo ya que las deudas representan la menor parte de los activos, y podra mantenerse y cumplir con sus obligaciones. | AL78: . | AM78: 6.5 | AN78: 0.65 | AO78: La empresa posee una exelente capacidad de ganancias retenidas sobre los ingresos. | AP78: . | AQ78: 6.5 | AR78: 0.65 | AS78: Existe una optima administración de los recursos, por lo que a partir de sus gastos efectuados el negocio puede cubrir sus costos y gastos y contar con un margen de utilidad. | AT78: . | AU78: .
B79: 0.66 | C79: =(1/130)+C78 -> 0.50769231 | D79: Deficiente | E79: 0.66 | F79: ROE por encima de los estándares óptimos, Gran trabajo | G79: . | H79: 0.66 | I79: =(1/110)+I78 -> 0.6 | J79: Deficiente | K79: 0.66 | L79: Se detectó un activo muy bajo se recomienda mejorar el control de ellos | O79: 0.66 | P79: Se detectó un ROA alto significá que la empresa es capaz de generar más dinero con menor inversión. Felicitaciones | R79: 0.66 | S79: Se detectó una rotación de activos baja lo que podría indicar que la compañía tiene mucho capital inutilizado en sus activos | T79: . | Y79: 66 | Z79: =Z78-(1/60) -> 0.9 | AA79: Estable | AB79: 66 | AC79: La política de cobro de la empresa es medianamente eficiente pues hace efectivo la cuenta por cobrar rápidamente. | AD79: . | AE79: 66 | AF79: 1.12 | AG79: La empresa cuenta con buena liquidez y asi asumir oportunamente el pago de sus deudas. | AH79: . | AI79: 66 | AJ79: 0.66 | AK79: La empresa muestra un resultado optimo ya que las deudas representan la menor parte de los activos, y podra mantenerse y cumplir con sus obligaciones. | AL79: . | AM79: 6.6 | AN79: 0.66 | AO79: La empresa posee una exelente capacidad de ganancias retenidas sobre los ingresos. | AP79: . | AQ79: 6.6 | AR79: 0.66 | AS79: Existe una optima administración de los recursos, por lo que a partir de sus gastos efectuados el negocio puede cubrir sus costos y gastos y contar con un margen de utilidad. | AT79: . | AU79: .
B80: 0.67 | C80: =(1/130)+C79 -> 0.51538462 | D80: Deficiente | E80: 0.67 | F80: ROE por encima de los estándares óptimos, Gran trabajo | G80: . | H80: 0.67 | I80: =(1/110)+I79 -> 0.60909091 | J80: Deficiente | K80: 0.67 | L80: Se detectó un activo muy bajo se recomienda mejorar el control de ellos | O80: 0.67 | P80: Se detectó un ROA alto significá que la empresa es capaz de generar más dinero con menor inversión. Felicitaciones | R80: 0.67 | S80: Se detectó una rotación de activos baja lo que podría indicar que la compañía tiene mucho capital inutilizado en sus activos | T80: . | Y80: 67 | Z80: =Z79-(1/60) -> 0.88333333 | AA80: Estable | AB80: 67 | AC80: La política de cobro de la empresa es medianamente eficiente pues hace efectivo la cuenta por cobrar rápidamente. | AD80: . | AE80: 67 | AF80: 1.14 | AG80: La empresa cuenta con buena liquidez y asi asumir oportunamente el pago de sus deudas. | AH80: . | AI80: 67 | AJ80: 0.67 | AK80: La empresa muestra un resultado optimo ya que las deudas representan la menor parte de los activos, y podra mantenerse y cumplir con sus obligaciones. | AL80: . | AM80: 6.7 | AN80: 0.67 | AO80: La empresa posee una exelente capacidad de ganancias retenidas sobre los ingresos. | AP80: . | AQ80: 6.7 | AR80: 0.67 | AS80: Existe una optima administración de los recursos, por lo que a partir de sus gastos efectuados el negocio puede cubrir sus costos y gastos y contar con un margen de utilidad. | AT80: . | AU80: .
B81: 0.68 | C81: =(1/130)+C80 -> 0.52307692 | D81: Deficiente | E81: 0.68 | F81: ROE por encima de los estándares óptimos, Gran trabajo | G81: . | H81: 0.68 | I81: =(1/110)+I80 -> 0.61818182 | J81: Deficiente | K81: 0.68 | L81: Se detectó un activo muy bajo se recomienda mejorar el control de ellos | O81: 0.68 | P81: Se detectó un ROA alto significá que la empresa es capaz de generar más dinero con menor inversión. Felicitaciones | R81: 0.68 | S81: Se detectó una rotación de activos baja lo que podría indicar que la compañía tiene mucho capital inutilizado en sus activos | T81: . | Y81: 68 | Z81: =Z80-(1/60) -> 0.86666667 | AA81: Estable | AB81: 68 | AC81: La política de cobro de la empresa es medianamente eficiente pues hace efectivo la cuenta por cobrar rápidamente. | AD81: . | AE81: 68 | AF81: 1.16 | AG81: La empresa cuenta con buena liquidez y asi asumir oportunamente el pago de sus deudas. | AH81: . | AI81: 68 | AJ81: 0.68 | AK81: La empresa muestra un resultado optimo ya que las deudas representan la menor parte de los activos, y podra mantenerse y cumplir con sus obligaciones. | AL81: . | AM81: 6.8 | AN81: 0.68 | AO81: La empresa posee una exelente capacidad de ganancias retenidas sobre los ingresos. | AP81: . | AQ81: 6.8 | AR81: 0.68 | AS81: Existe una optima administración de los recursos, por lo que a partir de sus gastos efectuados el negocio puede cubrir sus costos y gastos y contar con un margen de utilidad. | AT81: . | AU81: .
B82: 0.69 | C82: =(1/130)+C81 -> 0.53076923 | D82: Deficiente | E82: 0.69 | F82: ROE por encima de los estándares óptimos, Gran trabajo | G82: . | H82: 0.69 | I82: =(1/110)+I81 -> 0.62727273 | J82: Deficiente | K82: 0.69 | L82: Se detectó un activo muy bajo se recomienda mejorar el control de ellos | O82: 0.69 | P82: Se detectó un ROA alto significá que la empresa es capaz de generar más dinero con menor inversión. Felicitaciones | R82: 0.69 | S82: Se detectó una rotación de activos baja lo que podría indicar que la compañía tiene mucho capital inutilizado en sus activos | T82: . | Y82: 69 | Z82: =Z81-(1/60) -> 0.85 | AA82: Estable | AB82: 69 | AC82: La política de cobro de la empresa es medianamente eficiente pues hace efectivo la cuenta por cobrar rápidamente. | AD82: . | AE82: 69 | AF82: 1.18 | AG82: La empresa cuenta con buena liquidez y asi asumir oportunamente el pago de sus deudas. | AH82: . | AI82: 69 | AJ82: 0.69 | AK82: La empresa muestra un resultado optimo ya que las deudas representan la menor parte de los activos, y podra mantenerse y cumplir con sus obligaciones. | AL82: . | AM82: 6.9 | AN82: 0.69 | AO82: La empresa posee una exelente capacidad de ganancias retenidas sobre los ingresos. | AP82: . | AQ82: 6.9 | AR82: 0.69 | AS82: Existe una optima administración de los recursos, por lo que a partir de sus gastos efectuados el negocio puede cubrir sus costos y gastos y contar con un margen de utilidad. | AT82: . | AU82: .
B83: 0.7 | C83: =(1/130)+C82 -> 0.53846154 | D83: Deficiente | E83: 0.7 | F83: ROE por encima de los estándares óptimos, Gran trabajo | G83: . | H83: 0.7 | I83: =(1/110)+I82 -> 0.63636364 | J83: Deficiente | K83: 0.7 | L83: Se detectó un activo muy bajo se recomienda mejorar el control de ellos | O83: 0.7 | P83: Se detectó un ROA alto significá que la empresa es capaz de generar más dinero con menor inversión. Felicitaciones | R83: 0.7 | S83: Se detectó una rotación de activos baja lo que podría indicar que la compañía tiene mucho capital inutilizado en sus activos | T83: . | Y83: 70 | Z83: =Z82-(1/60) -> 0.83333333 | AA83: Estable | AB83: 70 | AC83: La política de cobro de la empresa es medianamente eficiente pues hace efectivo la cuenta por cobrar rápidamente. | AD83: . | AE83: 70 | AF83: 1.2 | AG83: La empresa cuenta con buena liquidez y asi asumir oportunamente el pago de sus deudas. | AH83: . | AI83: 70 | AJ83: 0.7 | AK83: La empresa muestra un resultado optimo ya que las deudas representan la menor parte de los activos, y podra mantenerse y cumplir con sus obligaciones. | AL83: . | AM83: 7 | AN83: 0.7 | AO83: La empresa posee una exelente capacidad de ganancias retenidas sobre los ingresos. | AP83: . | AQ83: 7 | AR83: 0.7 | AS83: Existe una optima administración de los recursos, por lo que a partir de sus gastos efectuados el negocio puede cubrir sus costos y gastos y contar con un margen de utilidad. | AT83: . | AU83: .
B84: 0.71 | C84: =(1/130)+C83 -> 0.54615385 | D84: Deficiente | E84: 0.71 | F84: ROE por encima de los estándares óptimos, Gran trabajo | G84: . | H84: 0.71 | I84: =(1/110)+I83 -> 0.64545455 | J84: Deficiente | K84: 0.71 | L84: Se detectó un activo muy bajo se recomienda mejorar el control de ellos | O84: 0.71 | P84: Se detectó un ROA alto significá que la empresa es capaz de generar más dinero con menor inversión. Felicitaciones | R84: 0.71 | S84: Se detectó una rotación de activos baja lo que podría indicar que la compañía tiene mucho capital inutilizado en sus activos | T84: . | Y84: 71 | Z84: =Z83-(1/60) -> 0.81666667 | AA84: Estable | AB84: 71 | AC84: La política de cobro de la empresa es medianamente eficiente pues hace efectivo la cuenta por cobrar rápidamente. | AD84: . | AE84: 71 | AF84: 1.22 | AG84: La empresa cuenta con buena liquidez y asi asumir oportunamente el pago de sus deudas. | AH84: . | AI84: 71 | AJ84: 0.71 | AK84: La empresa muestra un resultado optimo ya que las deudas representan la menor parte de los activos, y podra mantenerse y cumplir con sus obligaciones. | AL84: . | AM84: 7.1 | AN84: 0.71 | AO84: La empresa posee una exelente capacidad de ganancias retenidas sobre los ingresos. | AP84: . | AQ84: 7.1 | AR84: 0.71 | AS84: Existe una optima administración de los recursos, por lo que a partir de sus gastos efectuados el negocio puede cubrir sus costos y gastos y contar con un margen de utilidad. | AT84: . | AU84: .
B85: 0.72 | C85: =(1/130)+C84 -> 0.55384615 | D85: Deficiente | E85: 0.72 | F85: ROE por encima de los estándares óptimos, Gran trabajo | G85: . | H85: 0.72 | I85: =(1/110)+I84 -> 0.65454545 | J85: Deficiente | K85: 0.72 | L85: Se detectó un activo muy bajo se recomienda mejorar el control de ellos | O85: 0.72 | P85: Se detectó un ROA alto significá que la empresa es capaz de generar más dinero con menor inversión. Felicitaciones | R85: 0.72 | S85: Se detectó una rotación de activos baja lo que podría indicar que la compañía tiene mucho capital inutilizado en sus activos | T85: . | Y85: 72 | Z85: =Z84-(1/60) -> 0.8 | AA85: Estable | AB85: 72 | AC85: La política de cobro de la empresa es medianamente eficiente pues hace efectivo la cuenta por cobrar rápidamente. | AD85: . | AE85: 72 | AF85: 1.24 | AG85: La empresa cuenta con buena liquidez y asi asumir oportunamente el pago de sus deudas. | AH85: . | AI85: 72 | AJ85: 0.72 | AK85: La empresa muestra un resultado optimo ya que las deudas representan la menor parte de los activos, y podra mantenerse y cumplir con sus obligaciones. | AL85: . | AM85: 7.2 | AN85: 0.72 | AO85: La empresa posee una exelente capacidad de ganancias retenidas sobre los ingresos. | AP85: . | AQ85: 7.2 | AR85: 0.72 | AS85: Existe una optima administración de los recursos, por lo que a partir de sus gastos efectuados el negocio puede cubrir sus costos y gastos y contar con un margen de utilidad. | AT85: . | AU85: .
B86: 0.73 | C86: =(1/130)+C85 -> 0.56153846 | D86: Deficiente | E86: 0.73 | F86: ROE por encima de los estándares óptimos, Gran trabajo | G86: . | H86: 0.73 | I86: =(1/110)+I85 -> 0.66363636 | J86: Deficiente | K86: 0.73 | L86: Se detectó un activo muy bajo se recomienda mejorar el control de ellos | O86: 0.73 | P86: Se detectó un ROA alto significá que la empresa es capaz de generar más dinero con menor inversión. Felicitaciones | R86: 0.73 | S86: Se detectó una rotación de activos baja lo que podría indicar que la compañía tiene mucho capital inutilizado en sus activos | T86: . | Y86: 73 | Z86: =Z85-(1/60) -> 0.78333333 | AA86: Estable | AB86: 73 | AC86: La política de cobro de la empresa es medianamente eficiente pues hace efectivo la cuenta por cobrar rápidamente. | AD86: . | AE86: 73 | AF86: 1.26 | AG86: La empresa cuenta con buena liquidez y asi asumir oportunamente el pago de sus deudas. | AH86: . | AI86: 73 | AJ86: 0.73 | AK86: La empresa muestra un resultado optimo ya que las deudas representan la menor parte de los activos, y podra mantenerse y cumplir con sus obligaciones. | AL86: . | AM86: 7.3 | AN86: 0.73 | AO86: La empresa posee una exelente capacidad de ganancias retenidas sobre los ingresos. | AP86: . | AQ86: 7.3 | AR86: 0.73 | AS86: Existe una optima administración de los recursos, por lo que a partir de sus gastos efectuados el negocio puede cubrir sus costos y gastos y contar con un margen de utilidad. | AT86: . | AU86: .
... B103: 0.9 | C103: =(1/130)+C102 -> 0.69230769 | D103: Deficiente | E103: 0.9 | F103: ROE por encima de los estándares óptimos, Gran trabajo | G103: . | H103: 0.9 | I103: =(1/110)+I102 -> 0.81818182 | J103: Estable | K103: 0.9 | L103: Se detectó un activo muy bajo se recomienda mejorar el control de ellos | O103: 0.9 | P103: Se detectó un ROA alto significá que la empresa es capaz de generar más dinero con menor inversión. Felicitaciones | R103: 0.9 | S103: Se detectó una rotación de activos baja lo que podría indicar que la compañía tiene mucho capital inutilizado en sus activos | T103: . | Y103: 90 | Z103: =Z102-(1/60) -> 0.5 | AA103: Estable | AB103: 90 | AC103: La política de cobro de la empresa es medianamente eficiente pues hace efectivo la cuenta por cobrar rápidamente. | AD103: . | AE103: 90 | AF103: 1.6 | AG103: La empresa cuenta con buena liquidez y asi asumir oportunamente el pago de sus deudas. | AH103: . | AI103: 90 | AJ103: 0.9 | AK103: La empresa muestra que las deudas representan la mayor parte de los activos, eso significa que una empresa al presentar fluctuaciones con sus ventas, tendrá dificultades para mantenerse y cumplir con sus obligaciones; ya que se traduce que presenta un grado de endeudamiento alto o riesgoso. | AL103: . | AM103: 9 | AN103: 0.9 | AO103: La empresa posee una exelente capacidad de ganancias retenidas sobre los ingresos. | AP103: . | AQ103: 9 | AR103: 0.9 | AS103: Existe una optima administración de los recursos, por lo que a partir de sus gastos efectuados el negocio puede cubrir sus costos y gastos y contar con un margen de utilidad. | AT103: . | AU103: .
B104: 0.91 | C104: =(1/130)+C103 -> 0.7 | D104: Estable | E104: 0.91 | F104: ROE por encima de los estándares óptimos, Gran trabajo | G104: . | H104: 0.91 | I104: =(1/110)+I103 -> 0.82727273 | J104: Estable | K104: 0.91 | L104: Se detectó un activo muy bajo se recomienda mejorar el control de ellos | O104: 0.91 | P104: Se detectó un ROA alto significá que la empresa es capaz de generar más dinero con menor inversión. Felicitaciones | R104: 0.91 | S104: Se detectó una rotación de activos baja lo que podría indicar que la compañía tiene mucho capital inutilizado en sus activos | T104: . | Y104: 91 | Z104: =Z103-(1/60) -> 0.48333333 | AA104: Deficiente | AB104: 91 | AC104: La política de cobro de la empresa es deficiente pues hace efectivo la cuenta por cobrar rápidamente. | AD104: . | AE104: 91 | AF104: 1.62 | AG104: La empresa cuenta con buena liquidez y asi asumir oportunamente el pago de sus deudas. | AH104: . | AJ104: 0.91 | AK104: La empresa muestra que las deudas representan la mayor parte de los activos, eso significa que una empresa al presentar fluctuaciones con sus ventas, tendrá dificultades para mantenerse y cumplir con sus obligaciones; ya que se traduce que presenta un grado de endeudamiento alto o riesgoso. | AM104: 9.1 | AN104: 0.91 | AO104: La empresa posee una exelente capacidad de ganancias retenidas sobre los ingresos. | AP104: . | AQ104: 9.1 | AR104: 0.91 | AS104: Existe una optima administración de los recursos, por lo que a partir de sus gastos efectuados el negocio puede cubrir sus costos y gastos y contar con un margen de utilidad. | AT104: . | AU104: .
B105: 0.92 | C105: =(1/130)+C104 -> 0.70769231 | D105: Estable | E105: 0.92 | F105: ROE por encima de los estándares óptimos, Gran trabajo | G105: . | H105: 0.92 | I105: =(1/110)+I104 -> 0.83636364 | J105: Estable | K105: 0.92 | L105: Se detectó un activo muy bajo se recomienda mejorar el control de ellos | O105: 0.92 | P105: Se detectó un ROA alto significá que la empresa es capaz de generar más dinero con menor inversión. Felicitaciones | R105: 0.92 | S105: Se detectó una rotación de activos baja lo que podría indicar que la compañía tiene mucho capital inutilizado en sus activos | T105: . | Y105: 92 | Z105: =Z104-(1/60) -> 0.46666667 | AA105: Deficiente | AB105: 92 | AC105: La política de cobro de la empresa es deficiente pues hace efectivo la cuenta por cobrar rápidamente. | AD105: . | AE105: 92 | AF105: 1.64 | AG105: La empresa cuenta con buena liquidez y asi asumir oportunamente el pago de sus deudas. | AH105: . | AJ105: 0.92 | AK105: La empresa muestra que las deudas representan la mayor parte de los activos, eso significa que una empresa al presentar fluctuaciones con sus ventas, tendrá dificultades para mantenerse y cumplir con sus obligaciones; ya que se traduce que presenta un grado de endeudamiento alto o riesgoso. | AM105: 9.2 | AN105: 0.92 | AO105: La empresa posee una exelente capacidad de ganancias retenidas sobre los ingresos. | AP105: . | AQ105: 9.2 | AR105: 0.92 | AS105: Existe una optima administración de los recursos, por lo que a partir de sus gastos efectuados el negocio puede cubrir sus costos y gastos y contar con un margen de utilidad. | AT105: . | AU105: .
B106: 0.93 | C106: =(1/130)+C105 -> 0.71538462 | D106: Estable | E106: 0.93 | F106: ROE por encima de los estándares óptimos, Gran trabajo | G106: . | H106: 0.93 | I106: =(1/110)+I105 -> 0.84545455 | J106: Óptimo | K106: 0.93 | L106: Se detectó un activo muy bajo se recomienda mejorar el control de ellos | O106: 0.93 | P106: Se detectó un ROA alto significá que la empresa es capaz de generar más dinero con menor inversión. Felicitaciones | R106: 0.93 | S106: Se detectó una rotación de activos baja lo que podría indicar que la compañía tiene mucho capital inutilizado en sus activos | T106: . | Y106: 93 | Z106: =Z105-(1/60) -> 0.45 | AA106: Deficiente | AB106: 93 | AC106: La política de cobro de la empresa es deficiente pues hace efectivo la cuenta por cobrar rápidamente. | AD106: . | AE106: 93 | AF106: 1.66 | AG106: La empresa cuenta con buena liquidez y asi asumir oportunamente el pago de sus deudas. | AH106: . | AJ106: 0.93 | AK106: La empresa muestra que las deudas representan la mayor parte de los activos, eso significa que una empresa al presentar fluctuaciones con sus ventas, tendrá dificultades para mantenerse y cumplir con sus obligaciones; ya que se traduce que presenta un grado de endeudamiento alto o riesgoso. | AM106: 9.3 | AN106: 0.93 | AO106: La empresa posee una exelente capacidad de ganancias retenidas sobre los ingresos. | AP106: . | AQ106: 9.3 | AR106: 0.93 | AS106: Existe una optima administración de los recursos, por lo que a partir de sus gastos efectuados el negocio puede cubrir sus costos y gastos y contar con un margen de utilidad. | AT106: . | AU106: .
B107: 0.94 | C107: =(1/130)+C106 -> 0.72307692 | D107: Estable | E107: 0.94 | F107: ROE por encima de los estándares óptimos, Gran trabajo | G107: . | H107: 0.94 | I107: =(1/110)+I106 -> 0.85454545 | J107: Óptimo | K107: 0.94 | L107: Se detectó un activo muy bajo se recomienda mejorar el control de ellos | O107: 0.94 | P107: Se detectó un ROA alto significá que la empresa es capaz de generar más dinero con menor inversión. Felicitaciones | R107: 0.94 | S107: Se detectó una rotación de activos baja lo que podría indicar que la compañía tiene mucho capital inutilizado en sus activos | T107: . | Y107: 94 | Z107: =Z106-(1/60) -> 0.43333333 | AA107: Deficiente | AB107: 94 | AC107: La política de cobro de la empresa es deficiente pues hace efectivo la cuenta por cobrar rápidamente. | AD107: . | AE107: 94 | AF107: 1.68 | AG107: La empresa cuenta con buena liquidez y asi asumir oportunamente el pago de sus deudas. | AH107: . | AJ107: 0.94 | AK107: La empresa muestra que las deudas representan la mayor parte de los activos, eso significa que una empresa al presentar fluctuaciones con sus ventas, tendrá dificultades para mantenerse y cumplir con sus obligaciones; ya que se traduce que presenta un grado de endeudamiento alto o riesgoso. | AM107: 9.4 | AN107: 0.94 | AO107: La empresa posee una exelente capacidad de ganancias retenidas sobre los ingresos. | AP107: . | AQ107: 9.4 | AR107: 0.94 | AS107: Existe una optima administración de los recursos, por lo que a partir de sus gastos efectuados el negocio puede cubrir sus costos y gastos y contar con un margen de utilidad. | AT107: . | AU107: .
B108: 0.95 | C108: =(1/130)+C107 -> 0.73076923 | D108: Estable | E108: 0.95 | F108: ROE por encima de los estándares óptimos, Gran trabajo | G108: . | H108: 0.95 | I108: =(1/110)+I107 -> 0.86363636 | J108: Óptimo | K108: 0.95 | L108: Se detectó un activo muy bajo se recomienda mejorar el control de ellos | O108: 0.95 | P108: Se detectó un ROA alto significá que la empresa es capaz de generar más dinero con menor inversión. Felicitaciones | R108: 0.95 | S108: Se detectó una rotación de activos baja lo que podría indicar que la compañía tiene mucho capital inutilizado en sus activos | T108: . | Y108: 95 | Z108: =Z107-(1/60) -> 0.41666667 | AA108: Deficiente | AB108: 95 | AC108: La política de cobro de la empresa es deficiente pues hace efectivo la cuenta por cobrar rápidamente. | AD108: . | AE108: 95 | AF108: 1.7 | AG108: La empresa cuenta con buena liquidez y asi asumir oportunamente el pago de sus deudas. | AH108: . | AJ108: 0.95 | AK108: La empresa muestra que las deudas representan la mayor parte de los activos, eso significa que una empresa al presentar fluctuaciones con sus ventas, tendrá dificultades para mantenerse y cumplir con sus obligaciones; ya que se traduce que presenta un grado de endeudamiento alto o riesgoso. | AM108: 9.5 | AN108: 0.95 | AO108: La empresa posee una exelente capacidad de ganancias retenidas sobre los ingresos. | AP108: . | AQ108: 9.5 | AR108: 0.95 | AS108: Existe una optima administración de los recursos, por lo que a partir de sus gastos efectuados el negocio puede cubrir sus costos y gastos y contar con un margen de utilidad. | AT108: . | AU108: .
B109: 0.96 | C109: =(1/130)+C108 -> 0.73846154 | D109: Estable | E109: 0.96 | F109: ROE por encima de los estándares óptimos, Gran trabajo | G109: . | H109: 0.96 | I109: =(1/110)+I108 -> 0.87272727 | J109: Óptimo | K109: 0.96 | L109: Se detectó un activo muy bajo se recomienda mejorar el control de ellos | O109: 0.96 | P109: Se detectó un ROA alto significá que la empresa es capaz de generar más dinero con menor inversión. Felicitaciones | R109: 0.96 | S109: Se detectó una rotación de activos baja lo que podría indicar que la compañía tiene mucho capital inutilizado en sus activos | T109: . | Y109: 96 | Z109: =Z108-(1/60) -> 0.4 | AA109: Deficiente | AB109: 96 | AC109: La política de cobro de la empresa es deficiente pues hace efectivo la cuenta por cobrar rápidamente. | AD109: . | AE109: 96 | AF109: 1.72 | AG109: La empresa cuenta con buena liquidez y asi asumir oportunamente el pago de sus deudas. | AH109: . | AJ109: 0.96 | AK109: La empresa muestra que las deudas representan la mayor parte de los activos, eso significa que una empresa al presentar fluctuaciones con sus ventas, tendrá dificultades para mantenerse y cumplir con sus obligaciones; ya que se traduce que presenta un grado de endeudamiento alto o riesgoso. | AM109: 9.6 | AN109: 0.96 | AO109: La empresa posee una exelente capacidad de ganancias retenidas sobre los ingresos. | AP109: . | AQ109: 9.6 | AR109: 0.96 | AS109: Existe una optima administración de los recursos, por lo que a partir de sus gastos efectuados el negocio puede cubrir sus costos y gastos y contar con un margen de utilidad. | AT109: . | AU109: .
B110: 0.97 | C110: =(1/130)+C109 -> 0.74615385 | D110: Estable | E110: 0.97 | F110: ROE por encima de los estándares óptimos, Gran trabajo | G110: . | H110: 0.97 | I110: =(1/110)+I109 -> 0.88181818 | J110: Óptimo | K110: 0.97 | L110: Se detectó un activo muy bajo se recomienda mejorar el control de ellos | O110: 0.97 | P110: Se detectó un ROA alto significá que la empresa es capaz de generar más dinero con menor inversión. Felicitaciones | R110: 0.97 | S110: Se detectó una rotación de activos baja lo que podría indicar que la compañía tiene mucho capital inutilizado en sus activos | T110: . | Y110: 97 | Z110: =Z109-(1/60) -> 0.38333333 | AA110: Deficiente | AB110: 97 | AC110: La política de cobro de la empresa es deficiente pues hace efectivo la cuenta por cobrar rápidamente. | AD110: . | AE110: 97 | AF110: 1.74 | AG110: La empresa cuenta con buena liquidez y asi asumir oportunamente el pago de sus deudas. | AH110: . | AJ110: 0.97 | AK110: La empresa muestra que las deudas representan la mayor parte de los activos, eso significa que una empresa al presentar fluctuaciones con sus ventas, tendrá dificultades para mantenerse y cumplir con sus obligaciones; ya que se traduce que presenta un grado de endeudamiento alto o riesgoso. | AM110: 9.7 | AN110: 0.97 | AO110: La empresa posee una exelente capacidad de ganancias retenidas sobre los ingresos. | AP110: . | AQ110: 9.7 | AR110: 0.97 | AS110: Existe una optima administración de los recursos, por lo que a partir de sus gastos efectuados el negocio puede cubrir sus costos y gastos y contar con un margen de utilidad. | AT110: . | AU110: .
B111: 0.98 | C111: =(1/130)+C110 -> 0.75384615 | D111: Estable | E111: 0.98 | F111: ROE por encima de los estándares óptimos, Gran trabajo | G111: . | H111: 0.98 | I111: =(1/110)+I110 -> 0.89090909 | J111: Óptimo | K111: 0.98 | L111: Se detectó un activo muy bajo se recomienda mejorar el control de ellos | O111: 0.98 | P111: Se detectó un ROA alto significá que la empresa es capaz de generar más dinero con menor inversión. Felicitaciones | R111: 0.98 | S111: Se detectó una rotación de activos baja lo que podría indicar que la compañía tiene mucho capital inutilizado en sus activos | T111: . | Y111: 98 | Z111: =Z110-(1/60) -> 0.36666667 | AA111: Deficiente | AB111: 98 | AC111: La política de cobro de la empresa es deficiente pues hace efectivo la cuenta por cobrar rápidamente. | AD111: . | AE111: 98 | AF111: 1.76 | AG111: La empresa cuenta con buena liquidez y asi asumir oportunamente el pago de sus deudas. | AH111: . | AJ111: 0.98 | AK111: La empresa muestra que las deudas representan la mayor parte de los activos, eso significa que una empresa al presentar fluctuaciones con sus ventas, tendrá dificultades para mantenerse y cumplir con sus obligaciones; ya que se traduce que presenta un grado de endeudamiento alto o riesgoso. | AM111: 9.8 | AN111: 0.98 | AO111: La empresa posee una exelente capacidad de ganancias retenidas sobre los ingresos. | AP111: . | AQ111: 9.8 | AR111: 0.98 | AS111: Existe una optima administración de los recursos, por lo que a partir de sus gastos efectuados el negocio puede cubrir sus costos y gastos y contar con un margen de utilidad. | AT111: . | AU111: .
B112: 0.99 | C112: =(1/130)+C111 -> 0.76153846 | D112: Estable | E112: 0.99 | F112: ROE por encima de los estándares óptimos, Gran trabajo | G112: . | H112: 0.99 | I112: =(1/110)+I111 -> 0.9 | J112: Óptimo | K112: 0.99 | L112: Se detectó un activo muy bajo se recomienda mejorar el control de ellos | O112: 0.99 | P112: Se detectó un ROA alto significá que la empresa es capaz de generar más dinero con menor inversión. Felicitaciones | R112: 0.99 | S112: Se detectó una rotación de activos baja lo que podría indicar que la compañía tiene mucho capital inutilizado en sus activos | T112: . | Y112: 99 | Z112: =Z111-(1/60) -> 0.35 | AA112: Deficiente | AB112: 99 | AC112: La política de cobro de la empresa es deficiente pues hace efectivo la cuenta por cobrar rápidamente. | AD112: . | AE112: 99 | AF112: 1.78 | AG112: La empresa cuenta con buena liquidez y asi asumir oportunamente el pago de sus deudas. | AH112: . | AJ112: 0.99 | AK112: La empresa muestra que las deudas representan la mayor parte de los activos, eso significa que una empresa al presentar fluctuaciones con sus ventas, tendrá dificultades para mantenerse y cumplir con sus obligaciones; ya que se traduce que presenta un grado de endeudamiento alto o riesgoso. | AM112: 9.9 | AN112: 0.99 | AO112: La empresa posee una exelente capacidad de ganancias retenidas sobre los ingresos. | AP112: . | AQ112: 9.9 | AR112: 0.99 | AS112: Existe una optima administración de los recursos, por lo que a partir de sus gastos efectuados el negocio puede cubrir sus costos y gastos y contar con un margen de utilidad. | AT112: . | AU112: .
B113: 1 | C113: =(1/130)+C112 -> 0.76923077 | D113: Estable | E113: 1 | F113: ROE por encima de los estándares óptimos, Gran trabajo | G113: . | H113: 1 | I113: =(1/110)+I112 -> 0.90909091 | J113: Óptimo | K113: 1 | L113: Se detectó un activo muy bajo se recomienda mejorar el control de ellos | O113: 1 | P113: Se detectó un ROA alto significá que la empresa es capaz de generar más dinero con menor inversión. Felicitaciones | R113: 1 | S113: Rotación de activos estable mejorar sus estrategias | T113: . | Y113: 100 | Z113: =Z112-(1/60) -> 0.33333333 | AA113: Deficiente | AB113: 100 | AC113: La política de cobro de la empresa es deficiente pues hace efectivo la cuenta por cobrar rápidamente. | AD113: . | AE113: 100 | AF113: 1.8 | AG113: La empresa cuenta con buena liquidez y asi asumir oportunamente el pago de sus deudas. | AH113: . | AJ113: 1 | AK113: La empresa muestra que las deudas representan la mayor parte de los activos, eso significa que una empresa al presentar fluctuaciones con sus ventas, tendrá dificultades para mantenerse y cumplir con sus obligaciones; ya que se traduce que presenta un grado de endeudamiento alto o riesgoso. | AM113: 10 | AN113: 1 | AO113: La empresa posee una exelente capacidad de ganancias retenidas sobre los ingresos. | AP113: . | AQ113: 10 | AR113: 1 | AS113: Existe una optima administración de los recursos, por lo que a partir de sus gastos efectuados el negocio puede cubrir sus costos y gastos y contar con un margen de utilidad. | AT113: . | AU113: .
B114: 1.01 | C114: =(1/130)+C113 -> 0.77692308 | D114: Estable | E114: 1.01 | F114: ROE por encima de los estándares óptimos, Gran trabajo | G114: . | H114: 1.01 | I114: =(1/110)+I113 -> 0.91818182 | J114: Óptimo | K114: 1.01 | L114: Se detectó un activo muy bajo se recomienda mejorar el control de ellos | O114: 1.01 | P114: Se detectó un ROA alto significá que la empresa es capaz de generar más dinero con menor inversión. Felicitaciones | R114: 1.01 | S114: Se detectó una rotación de activos alta en consecuente la empresa tendrá una productividad mayor. Muy bien | T114: . | Y114: 101 | Z114: =Z113-(1/60) -> 0.31666667 | AA114: Deficiente | AB114: 101 | AC114: La política de cobro de la empresa es deficiente pues hace efectivo la cuenta por cobrar rápidamente. | AD114: . | AE114: 101 | AF114: 1.82 | AG114: La empresa cuenta con buena liquidez y asi asumir oportunamente el pago de sus deudas. | AH114: . | AJ114: 1.01 | AK114: La empresa muestra que las deudas representan la mayor parte de los activos, eso significa que una empresa al presentar fluctuaciones con sus ventas, tendrá dificultades para mantenerse y cumplir con sus obligaciones; ya que se traduce que presenta un grado de endeudamiento alto o riesgoso. | AM114: 10.1 | AN114: 1.01 | AO114: La empresa posee una exelente capacidad de ganancias retenidas sobre los ingresos. | AP114: . | AQ114: 10.1 | AR114: 1.01 | AS114: Existe una buena administración de los recursos, por lo que a partir de sus gastos efectuados el negocio puede cubrir sus costos de producción y contar con un margen de utilidad. | AT114: . | AU114: .
B115: 1.02 | C115: =(1/130)+C114 -> 0.78461538 | D115: Estable | E115: 1.02 | F115: ROE por encima de los estándares óptimos, Gran trabajo | G115: . | H115: 1.02 | I115: =(1/110)+I114 -> 0.92727273 | J115: Óptimo | K115: 1.02 | L115: Se detectó un activo muy bajo se recomienda mejorar el control de ellos | O115: 1.02 | P115: Se detectó un ROA alto significá que la empresa es capaz de generar más dinero con menor inversión. Felicitaciones | R115: 1.02 | S115: Se detectó una rotación de activos alta en consecuente la empresa tendrá una productividad mayor. Muy bien | T115: . | Y115: 102 | Z115: =Z114-(1/60) -> 0.3 | AA115: Deficiente | AB115: 102 | AC115: La política de cobro de la empresa es deficiente pues hace efectivo la cuenta por cobrar rápidamente. | AD115: . | AE115: 102 | AF115: 1.84 | AG115: La empresa cuenta con buena liquidez y asi asumir oportunamente el pago de sus deudas. | AH115: . | AJ115: 1.02 | AK115: La empresa muestra que las deudas representan la mayor parte de los activos, eso significa que una empresa al presentar fluctuaciones con sus ventas, tendrá dificultades para mantenerse y cumplir con sus obligaciones; ya que se traduce que presenta un grado de endeudamiento alto o riesgoso. | AM115: 10.2 | AN115: 1.02 | AO115: La empresa posee una exelente capacidad de ganancias retenidas sobre los ingresos. | AP115: . | AQ115: 10.2 | AR115: 1.02 | AS115: Existe una buena administración de los recursos, por lo que a partir de sus gastos efectuados el negocio puede cubrir sus costos de producción y contar con un margen de utilidad. | AT115: . | AU115: .
... B122: 1.09 | C122: =(1/130)+C121 -> 0.83846154 | D122: Estable | E122: 1.09 | F122: ROE por encima de los estándares óptimos, Gran trabajo | G122: . | H122: 1.09 | I122: =(1/110)+I121 -> 0.99090909 | J122: Óptimo | K122: 1.09 | L122: Se detectó un activo muy bajo se recomienda mejorar el control de ellos | O122: 1.09 | P122: Se detectó un ROA alto significá que la empresa es capaz de generar más dinero con menor inversión. Felicitaciones | R122: 1.09 | S122: Se detectó una rotación de activos alta en consecuente la empresa tendrá una productividad mayor. Muy bien | T122: . | Y122: 109 | Z122: =Z121-(1/60) -> 0.18333333 | AA122: Deficiente | AB122: 109 | AC122: La política de cobro de la empresa es deficiente pues hace efectivo la cuenta por cobrar rápidamente. | AD122: . | AE122: 109 | AF122: 1.98 | AG122: La empresa cuenta con buena liquidez y asi asumir oportunamente el pago de sus deudas. | AH122: . | AJ122: 1.09 | AK122: La empresa muestra que las deudas representan la mayor parte de los activos, eso significa que una empresa al presentar fluctuaciones con sus ventas, tendrá dificultades para mantenerse y cumplir con sus obligaciones; ya que se traduce que presenta un grado de endeudamiento alto o riesgoso. | AM122: 10.9 | AN122: 1.09 | AO122: La empresa posee una exelente capacidad de ganancias retenidas sobre los ingresos. | AP122: . | AQ122: 10.9 | AR122: 1.09 | AS122: Existe una buena administración de los recursos, por lo que a partir de sus gastos efectuados el negocio puede cubrir sus costos de producción y contar con un margen de utilidad. | AT122: . | AU122: .
B123: 1.1 | C123: =(1/130)+C122 -> 0.84615385 | D123: Óptimo | E123: 1.1 | F123: ROE por encima de los estándares óptimos, Gran trabajo | G123: . | H123: 1.1 | I123: 1 | J123: Óptimo | K123: 1.1 | L123: Se detectó un activo muy bajo se recomienda mejorar el control de ellos | O123: 1.1 | P123: Se detectó un ROA alto significá que la empresa es capaz de generar más dinero con menor inversión. Felicitaciones | R123: 1.1 | S123: Se detectó una rotación de activos alta en consecuente la empresa tendrá una productividad mayor. Muy bien | T123: . | Y123: 110 | Z123: =Z122-(1/60) -> 0.16666667 | AA123: Deficiente | AB123: 110 | AC123: La política de cobro de la empresa es deficiente pues hace efectivo la cuenta por cobrar rápidamente. | AD123: . | AE123: 110 | AF123: 2 | AG123: La empresa cuenta con buena liquidez y asi asumir oportunamente el pago de sus deudas. | AH123: . | AJ123: 1.1 | AK123: La empresa muestra que las deudas representan la mayor parte de los activos, eso significa que una empresa al presentar fluctuaciones con sus ventas, tendrá dificultades para mantenerse y cumplir con sus obligaciones; ya que se traduce que presenta un grado de endeudamiento alto o riesgoso. | AM123: 11 | AN123: 1.1 | AO123: La empresa posee una exelente capacidad de ganancias retenidas sobre los ingresos. | AP123: . | AQ123: 11 | AR123: 1.1 | AS123: Existe una buena administración de los recursos, por lo que a partir de sus gastos efectuados el negocio puede cubrir sus costos de producción y contar con un margen de utilidad. | AT123: . | AU123: .
B124: 1.11 | C124: =(1/130)+C123 -> 0.85384615 | D124: Óptimo | E124: 1.11 | F124: ROE por encima de los estándares óptimos, Gran trabajo | G124: . | H124: 1.11 | I124: 1 | J124: Óptimo | K124: 1.11 | L124: Se detectó un activo muy bajo se recomienda mejorar el control de ellos | O124: 1.11 | P124: Se detectó un ROA alto significá que la empresa es capaz de generar más dinero con menor inversión. Felicitaciones | R124: 1.11 | S124: Se detectó una rotación de activos alta en consecuente la empresa tendrá una productividad mayor. Muy bien | T124: . | Y124: 111 | Z124: =Z123-(1/60) -> 0.15 | AA124: Deficiente | AB124: 111 | AC124: La política de cobro de la empresa es deficiente pues hace efectivo la cuenta por cobrar rápidamente. | AD124: . | AE124: 111 | AF124: 2.02 | AG124: La empresa cuenta con buena liquidez y asi asumir oportunamente el pago de sus deudas. | AH124: . | AJ124: 1.11 | AK124: La empresa muestra que las deudas representan la mayor parte de los activos, eso significa que una empresa al presentar fluctuaciones con sus ventas, tendrá dificultades para mantenerse y cumplir con sus obligaciones; ya que se traduce que presenta un grado de endeudamiento alto o riesgoso. | AM124: 11.1 | AN124: 1.11 | AO124: La empresa posee una exelente capacidad de ganancias retenidas sobre los ingresos. | AP124: . | AQ124: 11.1 | AR124: 1.11 | AS124: Existe una buena administración de los recursos, por lo que a partir de sus gastos efectuados el negocio puede cubrir sus costos de producción y contar con un margen de utilidad. | AT124: . | AU124: .
B125: 1.12 | C125: =(1/130)+C124 -> 0.86153846 | D125: Óptimo | E125: 1.12 | F125: ROE por encima de los estándares óptimos, Gran trabajo | G125: . | H125: 1.12 | I125: 1 | J125: Óptimo | K125: 1.12 | L125: Se detectó un activo muy bajo se recomienda mejorar el control de ellos | O125: 1.12 | P125: Se detectó un ROA alto significá que la empresa es capaz de generar más dinero con menor inversión. Felicitaciones | R125: 1.12 | S125: Se detectó una rotación de activos alta en consecuente la empresa tendrá una productividad mayor. Muy bien | T125: . | Y125: 112 | Z125: =Z124-(1/60) -> 0.13333333 | AA125: Deficiente | AB125: 112 | AC125: La política de cobro de la empresa es deficiente pues hace efectivo la cuenta por cobrar rápidamente. | AD125: . | AE125: 112 | AF125: 2.04 | AG125: La empresa cuenta con buena liquidez y asi asumir oportunamente el pago de sus deudas. | AH125: . | AJ125: 1.12 | AK125: La empresa muestra que las deudas representan la mayor parte de los activos, eso significa que una empresa al presentar fluctuaciones con sus ventas, tendrá dificultades para mantenerse y cumplir con sus obligaciones; ya que se traduce que presenta un grado de endeudamiento alto o riesgoso. | AM125: 11.2 | AN125: 1.12 | AO125: La empresa posee una exelente capacidad de ganancias retenidas sobre los ingresos. | AP125: . | AQ125: 11.2 | AR125: 1.12 | AS125: Existe una buena administración de los recursos, por lo que a partir de sus gastos efectuados el negocio puede cubrir sus costos de producción y contar con un margen de utilidad. | AT125: . | AU125: .
B126: 1.13 | C126: =(1/130)+C125 -> 0.86923077 | D126: Óptimo | E126: 1.13 | F126: ROE por encima de los estándares óptimos, Gran trabajo | G126: . | H126: 1.13 | I126: 1 | J126: Óptimo | K126: 1.13 | L126: Se detectó un activo muy bajo se recomienda mejorar el control de ellos | O126: 1.13 | P126: Se detectó un ROA alto significá que la empresa es capaz de generar más dinero con menor inversión. Felicitaciones | R126: 1.13 | S126: Se detectó una rotación de activos alta en consecuente la empresa tendrá una productividad mayor. Muy bien | T126: . | Y126: 113 | Z126: =Z125-(1/60) -> 0.11666667 | AA126: Deficiente | AB126: 113 | AC126: La política de cobro de la empresa es deficiente pues hace efectivo la cuenta por cobrar rápidamente. | AD126: . | AE126: 113 | AF126: 2.06 | AG126: La empresa cuenta con buena liquidez y asi asumir oportunamente el pago de sus deudas. | AH126: . | AJ126: 1.13 | AK126: La empresa muestra que las deudas representan la mayor parte de los activos, eso significa que una empresa al presentar fluctuaciones con sus ventas, tendrá dificultades para mantenerse y cumplir con sus obligaciones; ya que se traduce que presenta un grado de endeudamiento alto o riesgoso. | AM126: 11.3 | AN126: 1.13 | AO126: La empresa posee una exelente capacidad de ganancias retenidas sobre los ingresos. | AP126: . | AQ126: 11.3 | AR126: 1.13 | AS126: Existe una buena administración de los recursos, por lo que a partir de sus gastos efectuados el negocio puede cubrir sus costos de producción y contar con un margen de utilidad. | AT126: . | AU126: .
B127: 1.14 | C127: =(1/130)+C126 -> 0.87692308 | D127: Óptimo | E127: 1.14 | F127: ROE por encima de los estándares óptimos, Gran trabajo | G127: . | H127: 1.14 | I127: 1 | J127: Óptimo | K127: 1.14 | L127: Se detectó un activo muy bajo se recomienda mejorar el control de ellos | O127: 1.14 | P127: Se detectó un ROA alto significá que la empresa es capaz de generar más dinero con menor inversión. Felicitaciones | R127: 1.14 | S127: Se detectó una rotación de activos alta en consecuente la empresa tendrá una productividad mayor. Muy bien | T127: . | Y127: 114 | Z127: =Z126-(1/60) -> 0.1 | AA127: Deficiente | AB127: 114 | AC127: La política de cobro de la empresa es deficiente pues hace efectivo la cuenta por cobrar rápidamente. | AD127: . | AE127: 114 | AF127: 2.08 | AG127: La empresa cuenta con buena liquidez y asi asumir oportunamente el pago de sus deudas. | AH127: . | AJ127: 1.14 | AK127: La empresa muestra que las deudas representan la mayor parte de los activos, eso significa que una empresa al presentar fluctuaciones con sus ventas, tendrá dificultades para mantenerse y cumplir con sus obligaciones; ya que se traduce que presenta un grado de endeudamiento alto o riesgoso. | AM127: 11.4 | AN127: 1.14 | AO127: La empresa posee una exelente capacidad de ganancias retenidas sobre los ingresos. | AP127: . | AQ127: 11.4 | AR127: 1.14 | AS127: Existe una buena administración de los recursos, por lo que a partir de sus gastos efectuados el negocio puede cubrir sus costos de producción y contar con un margen de utilidad. | AT127: . | AU127: .
B128: 1.15 | C128: =(1/130)+C127 -> 0.88461538 | D128: Óptimo | E128: 1.15 | F128: ROE por encima de los estándares óptimos, Gran trabajo | G128: . | H128: 1.15 | I128: 1 | J128: Óptimo | K128: 1.15 | L128: Se detectó un activo muy bajo se recomienda mejorar el control de ellos | O128: 1.15 | P128: Se detectó un ROA alto significá que la empresa es capaz de generar más dinero con menor inversión. Felicitaciones | R128: 1.15 | S128: Se detectó una rotación de activos alta en consecuente la empresa tendrá una productividad mayor. Muy bien | T128: . | Y128: 115 | Z128: =Z127-(1/60) -> 0.083333333 | AA128: Deficiente | AB128: 115 | AC128: La política de cobro de la empresa es deficiente pues hace efectivo la cuenta por cobrar rápidamente. | AD128: . | AE128: 115 | AF128: 2.1 | AG128: La empresa cuenta con buena liquidez y asi asumir oportunamente el pago de sus deudas. | AH128: . | AJ128: 1.15 | AK128: La empresa muestra que las deudas representan la mayor parte de los activos, eso significa que una empresa al presentar fluctuaciones con sus ventas, tendrá dificultades para mantenerse y cumplir con sus obligaciones; ya que se traduce que presenta un grado de endeudamiento alto o riesgoso. | AM128: 11.5 | AN128: 1.15 | AO128: La empresa posee una exelente capacidad de ganancias retenidas sobre los ingresos. | AP128: . | AQ128: 11.5 | AR128: 1.15 | AS128: Existe una buena administración de los recursos, por lo que a partir de sus gastos efectuados el negocio puede cubrir sus costos de producción y contar con un margen de utilidad. | AT128: . | AU128: .
B129: 1.16 | C129: =(1/130)+C128 -> 0.89230769 | D129: Óptimo | E129: 1.16 | F129: ROE por encima de los estándares óptimos, Gran trabajo | G129: . | H129: 1.16 | I129: 1 | J129: Óptimo | K129: 1.16 | L129: Se detectó un activo muy bajo se recomienda mejorar el control de ellos | O129: 1.16 | P129: Se detectó un ROA alto significá que la empresa es capaz de generar más dinero con menor inversión. Felicitaciones | R129: 1.16 | S129: Se detectó una rotación de activos alta en consecuente la empresa tendrá una productividad mayor. Muy bien | T129: . | Y129: 116 | Z129: =Z128-(1/60) -> 0.066666667 | AA129: Deficiente | AB129: 116 | AC129: La política de cobro de la empresa es deficiente pues hace efectivo la cuenta por cobrar rápidamente. | AD129: . | AE129: 116 | AF129: 2.12 | AG129: La empresa cuenta con buena liquidez y asi asumir oportunamente el pago de sus deudas. | AH129: . | AJ129: 1.16 | AK129: La empresa muestra que las deudas representan la mayor parte de los activos, eso significa que una empresa al presentar fluctuaciones con sus ventas, tendrá dificultades para mantenerse y cumplir con sus obligaciones; ya que se traduce que presenta un grado de endeudamiento alto o riesgoso. | AM129: 11.6 | AN129: 1.16 | AO129: La empresa posee una exelente capacidad de ganancias retenidas sobre los ingresos. | AP129: . | AQ129: 11.6 | AR129: 1.16 | AS129: Existe una buena administración de los recursos, por lo que a partir de sus gastos efectuados el negocio puede cubrir sus costos de producción y contar con un margen de utilidad. | AT129: . | AU129: .
B130: 1.17 | C130: =(1/130)+C129 -> 0.9 | D130: Óptimo | E130: 1.17 | F130: ROE por encima de los estándares óptimos, Gran trabajo | G130: . | H130: 1.17 | I130: 1 | J130: Óptimo | K130: 1.17 | L130: Se detectó un activo muy bajo se recomienda mejorar el control de ellos | O130: 1.17 | P130: Se detectó un ROA alto significá que la empresa es capaz de generar más dinero con menor inversión. Felicitaciones | R130: 1.17 | S130: Se detectó una rotación de activos alta en consecuente la empresa tendrá una productividad mayor. Muy bien | T130: . | Y130: 117 | Z130: =Z129-(1/60) -> 0.05 | AA130: Deficiente | AB130: 117 | AC130: La política de cobro de la empresa es deficiente pues hace efectivo la cuenta por cobrar rápidamente. | AD130: . | AE130: 117 | AF130: 2.14 | AG130: La empresa cuenta con buena liquidez y asi asumir oportunamente el pago de sus deudas. | AH130: . | AJ130: 1.17 | AK130: La empresa muestra que las deudas representan la mayor parte de los activos, eso significa que una empresa al presentar fluctuaciones con sus ventas, tendrá dificultades para mantenerse y cumplir con sus obligaciones; ya que se traduce que presenta un grado de endeudamiento alto o riesgoso. | AM130: 11.7 | AN130: 1.17 | AO130: La empresa posee una exelente capacidad de ganancias retenidas sobre los ingresos. | AP130: . | AQ130: 11.7 | AR130: 1.17 | AS130: Existe una buena administración de los recursos, por lo que a partir de sus gastos efectuados el negocio puede cubrir sus costos de producción y contar con un margen de utilidad. | AT130: . | AU130: .
B131: 1.18 | C131: =(1/130)+C130 -> 0.90769231 | D131: Óptimo | E131: 1.18 | F131: ROE por encima de los estándares óptimos, Gran trabajo | G131: . | H131: 1.18 | I131: 1 | J131: Óptimo | K131: 1.18 | L131: Se detectó un activo muy bajo se recomienda mejorar el control de ellos | O131: 1.18 | P131: Se detectó un ROA alto significá que la empresa es capaz de generar más dinero con menor inversión. Felicitaciones | R131: 1.18 | S131: Se detectó una rotación de activos alta en consecuente la empresa tendrá una productividad mayor. Muy bien | T131: . | Y131: 118 | Z131: =Z130-(1/60) -> 0.033333333 | AA131: Deficiente | AB131: 118 | AC131: La política de cobro de la empresa es deficiente pues hace efectivo la cuenta por cobrar rápidamente. | AD131: . | AE131: 118 | AF131: 2.16 | AG131: La empresa cuenta con buena liquidez y asi asumir oportunamente el pago de sus deudas. | AH131: . | AJ131: 1.18 | AK131: La empresa muestra que las deudas representan la mayor parte de los activos, eso significa que una empresa al presentar fluctuaciones con sus ventas, tendrá dificultades para mantenerse y cumplir con sus obligaciones; ya que se traduce que presenta un grado de endeudamiento alto o riesgoso. | AM131: 11.8 | AN131: 1.18 | AO131: La empresa posee una exelente capacidad de ganancias retenidas sobre los ingresos. | AP131: . | AQ131: 11.8 | AR131: 1.18 | AS131: Existe una buena administración de los recursos, por lo que a partir de sus gastos efectuados el negocio puede cubrir sus costos de producción y contar con un margen de utilidad. | AT131: . | AU131: .
B132: 1.19 | C132: =(1/130)+C131 -> 0.91538462 | D132: Óptimo | E132: 1.19 | F132: ROE por encima de los estándares óptimos, Gran trabajo | G132: . | H132: 1.19 | I132: 1 | J132: Óptimo | K132: 1.19 | L132: Se detectó un activo muy bajo se recomienda mejorar el control de ellos | O132: 1.19 | P132: Se detectó un ROA alto significá que la empresa es capaz de generar más dinero con menor inversión. Felicitaciones | R132: 1.19 | S132: Se detectó una rotación de activos alta en consecuente la empresa tendrá una productividad mayor. Muy bien | T132: . | Y132: 119 | Z132: =Z131-(1/60) -> 0.016666667 | AA132: Deficiente | AB132: 119 | AC132: La política de cobro de la empresa es deficiente pues hace efectivo la cuenta por cobrar rápidamente. | AD132: . | AE132: 119 | AF132: 2.18 | AG132: La empresa cuenta con buena liquidez y asi asumir oportunamente el pago de sus deudas. | AH132: . | AJ132: 1.19 | AK132: La empresa muestra que las deudas representan la mayor parte de los activos, eso significa que una empresa al presentar fluctuaciones con sus ventas, tendrá dificultades para mantenerse y cumplir con sus obligaciones; ya que se traduce que presenta un grado de endeudamiento alto o riesgoso. | AM132: 11.9 | AN132: 1.19 | AO132: La empresa posee una exelente capacidad de ganancias retenidas sobre los ingresos. | AP132: . | AQ132: 11.9 | AR132: 1.19 | AS132: Existe una buena administración de los recursos, por lo que a partir de sus gastos efectuados el negocio puede cubrir sus costos de producción y contar con un margen de utilidad. | AT132: . | AU132: .
B133: 1.2 | C133: =(1/130)+C132 -> 0.92307692 | D133: Óptimo | E133: 1.2 | F133: ROE por encima de los estándares óptimos, Gran trabajo | G133: . | H133: 1.2 | I133: 1 | J133: Óptimo | K133: 1.2 | L133: Se detectó un activo muy bajo se recomienda mejorar el control de ellos | O133: 1.2 | P133: Se detectó un ROA alto significá que la empresa es capaz de generar más dinero con menor inversión. Felicitaciones | R133: 1.2 | S133: Se detectó una rotación de activos alta en consecuente la empresa tendrá una productividad mayor. Muy bien | T133: . | Y133: 120 | Z133: =Z132-(1/60) -> -1.3947177e-15 | AA133: Deficiente | AB133: 120 | AC133: La política de cobro de la empresa es deficiente pues hace efectivo la cuenta por cobrar rápidamente. | AD133: . | AE133: 120 | AF133: 2.2 | AG133: La empresa cuenta con buena liquidez y asi asumir oportunamente el pago de sus deudas. | AH133: . | AJ133: 1.2 | AK133: La empresa muestra que las deudas representan la mayor parte de los activos, eso significa que una empresa al presentar fluctuaciones con sus ventas, tendrá dificultades para mantenerse y cumplir con sus obligaciones; ya que se traduce que presenta un grado de endeudamiento alto o riesgoso. | AM133: 12 | AN133: 1.2 | AO133: La empresa posee una exelente capacidad de ganancias retenidas sobre los ingresos. | AP133: . | AQ133: 12 | AR133: 1.2 | AS133: Existe una buena administración de los recursos, por lo que a partir de sus gastos efectuados el negocio puede cubrir sus costos de producción y contar con un margen de utilidad. | AT133: . | AU133: .
B134: 1.21 | C134: =(1/130)+C133 -> 0.93076923 | D134: Óptimo | E134: 1.21 | F134: ROE por encima de los estándares óptimos, Gran trabajo | G134: . | H134: 1.21 | I134: 1 | J134: Óptimo | K134: 1.21 | L134: Se detectó un activo muy bajo se recomienda mejorar el control de ellos | O134: 1.21 | P134: Se detectó un ROA alto significá que la empresa es capaz de generar más dinero con menor inversión. Felicitaciones | R134: 1.21 | S134: Se detectó una rotación de activos alta en consecuente la empresa tendrá una productividad mayor. Muy bien | T134: . | AE134: 121 | AF134: 2.22 | AG134: La empresa cuenta con buena liquidez y asi asumir oportunamente el pago de sus deudas. | AH134: . | AJ134: 1.21 | AK134: La empresa muestra que las deudas representan la mayor parte de los activos, eso significa que una empresa al presentar fluctuaciones con sus ventas, tendrá dificultades para mantenerse y cumplir con sus obligaciones; ya que se traduce que presenta un grado de endeudamiento alto o riesgoso. | AM134: 12.1 | AN134: 1.21 | AO134: La empresa posee una exelente capacidad de ganancias retenidas sobre los ingresos. | AP134: . | AQ134: 12.1 | AR134: 1.21 | AS134: Existe una buena administración de los recursos, por lo que a partir de sus gastos efectuados el negocio puede cubrir sus costos de producción y contar con un margen de utilidad. | AT134: . | AU134: .
B135: 1.22 | C135: =(1/130)+C134 -> 0.93846154 | D135: Óptimo | E135: 1.22 | F135: ROE por encima de los estándares óptimos, Gran trabajo | G135: . | H135: 1.22 | I135: 1 | J135: Óptimo | K135: 1.22 | L135: Se detectó un activo muy bajo se recomienda mejorar el control de ellos | O135: 1.22 | P135: Se detectó un ROA alto significá que la empresa es capaz de generar más dinero con menor inversión. Felicitaciones | R135: 1.22 | S135: Se detectó una rotación de activos alta en consecuente la empresa tendrá una productividad mayor. Muy bien | T135: . | AE135: 122 | AF135: 2.24 | AG135: La empresa cuenta con buena liquidez y asi asumir oportunamente el pago de sus deudas. | AH135: . | AJ135: 1.22 | AK135: La empresa muestra que las deudas representan la mayor parte de los activos, eso significa que una empresa al presentar fluctuaciones con sus ventas, tendrá dificultades para mantenerse y cumplir con sus obligaciones; ya que se traduce que presenta un grado de endeudamiento alto o riesgoso. | AM135: 12.2 | AN135: 1.22 | AO135: La empresa posee una exelente capacidad de ganancias retenidas sobre los ingresos. | AP135: . | AQ135: 12.2 | AR135: 1.22 | AS135: Existe una buena administración de los recursos, por lo que a partir de sus gastos efectuados el negocio puede cubrir sus costos de producción y contar con un margen de utilidad. | AT135: . | AU135: .
B136: 1.23 | C136: =(1/130)+C135 -> 0.94615385 | D136: Óptimo | E136: 1.23 | F136: ROE por encima de los estándares óptimos, Gran trabajo | G136: . | H136: 1.23 | I136: 1 | J136: Óptimo | K136: 1.23 | L136: Se detectó un activo muy bajo se recomienda mejorar el control de ellos | O136: 1.23 | P136: Se detectó un ROA alto significá que la empresa es capaz de generar más dinero con menor inversión. Felicitaciones | R136: 1.23 | S136: Se detectó una rotación de activos alta en consecuente la empresa tendrá una productividad mayor. Muy bien | T136: . | AE136: 123 | AF136: 2.26 | AG136: La empresa cuenta con buena liquidez y asi asumir oportunamente el pago de sus deudas. | AH136: . | AJ136: 1.23 | AK136: La empresa muestra que las deudas representan la mayor parte de los activos, eso significa que una empresa al presentar fluctuaciones con sus ventas, tendrá dificultades para mantenerse y cumplir con sus obligaciones; ya que se traduce que presenta un grado de endeudamiento alto o riesgoso. | AM136: 12.3 | AN136: 1.23 | AO136: La empresa posee una exelente capacidad de ganancias retenidas sobre los ingresos. | AP136: . | AQ136: 12.3 | AR136: 1.23 | AS136: Existe una buena administración de los recursos, por lo que a partir de sus gastos efectuados el negocio puede cubrir sus costos de producción y contar con un margen de utilidad. | AT136: . | AU136: .
B137: 1.24 | C137: =(1/130)+C136 -> 0.95384615 | D137: Óptimo | E137: 1.24 | F137: ROE por encima de los estándares óptimos, Gran trabajo | G137: . | H137: 1.24 | I137: 1 | J137: Óptimo | K137: 1.24 | L137: Se detectó un activo muy bajo se recomienda mejorar el control de ellos | O137: 1.24 | P137: Se detectó un ROA alto significá que la empresa es capaz de generar más dinero con menor inversión. Felicitaciones | R137: 1.24 | S137: Se detectó una rotación de activos alta en consecuente la empresa tendrá una productividad mayor. Muy bien | T137: . | AE137: 124 | AF137: 2.28 | AG137: La empresa cuenta con buena liquidez y asi asumir oportunamente el pago de sus deudas. | AH137: . | AJ137: 1.24 | AK137: La empresa muestra que las deudas representan la mayor parte de los activos, eso significa que una empresa al presentar fluctuaciones con sus ventas, tendrá dificultades para mantenerse y cumplir con sus obligaciones; ya que se traduce que presenta un grado de endeudamiento alto o riesgoso. | AM137: 12.4 | AN137: 1.24 | AO137: La empresa posee una exelente capacidad de ganancias retenidas sobre los ingresos. | AP137: . | AQ137: 12.4 | AR137: 1.24 | AS137: Existe una buena administración de los recursos, por lo que a partir de sus gastos efectuados el negocio puede cubrir sus costos de producción y contar con un margen de utilidad. | AT137: . | AU137: .
B138: 1.25 | C138: =(1/130)+C137 -> 0.96153846 | D138: Óptimo | E138: 1.25 | F138: ROE por encima de los estándares óptimos, Gran trabajo | G138: . | H138: 1.25 | I138: 1 | J138: Óptimo | K138: 1.25 | L138: Se detectó un activo muy bajo se recomienda mejorar el control de ellos | O138: 1.25 | P138: Se detectó un ROA alto significá que la empresa es capaz de generar más dinero con menor inversión. Felicitaciones | R138: 1.25 | S138: Se detectó una rotación de activos alta en consecuente la empresa tendrá una productividad mayor. Muy bien | T138: . | AE138: 125 | AF138: 2.3 | AG138: La empresa cuenta con buena liquidez y asi asumir oportunamente el pago de sus deudas. | AH138: . | AJ138: 1.25 | AK138: La empresa muestra que las deudas representan la mayor parte de los activos, eso significa que una empresa al presentar fluctuaciones con sus ventas, tendrá dificultades para mantenerse y cumplir con sus obligaciones; ya que se traduce que presenta un grado de endeudamiento alto o riesgoso. | AM138: 12.5 | AN138: 1.25 | AO138: La empresa posee una exelente capacidad de ganancias retenidas sobre los ingresos. | AP138: . | AQ138: 12.5 | AR138: 1.25 | AS138: Existe una buena administración de los recursos, por lo que a partir de sus gastos efectuados el negocio puede cubrir sus costos de producción y contar con un margen de utilidad. | AT138: . | AU138: .
B139: 1.26 | C139: =(1/130)+C138 -> 0.96923077 | D139: Óptimo | E139: 1.26 | F139: ROE por encima de los estándares óptimos, Gran trabajo | G139: . | H139: 1.26 | I139: 1 | J139: Óptimo | K139: 1.26 | L139: Se detectó un activo muy bajo se recomienda mejorar el control de ellos | O139: 1.26 | P139: Se detectó un ROA alto significá que la empresa es capaz de generar más dinero con menor inversión. Felicitaciones | R139: 1.26 | S139: Se detectó una rotación de activos alta en consecuente la empresa tendrá una productividad mayor. Muy bien | T139: . | AE139: 126 | AF139: 2.32 | AG139: La empresa cuenta con buena liquidez y asi asumir oportunamente el pago de sus deudas. | AH139: . | AJ139: 1.26 | AK139: La empresa muestra que las deudas representan la mayor parte de los activos, eso significa que una empresa al presentar fluctuaciones con sus ventas, tendrá dificultades para mantenerse y cumplir con sus obligaciones; ya que se traduce que presenta un grado de endeudamiento alto o riesgoso. | AM139: 12.6 | AN139: 1.26 | AO139: La empresa posee una exelente capacidad de ganancias retenidas sobre los ingresos. | AP139: . | AQ139: 12.6 | AR139: 1.26 | AS139: Existe una buena administración de los recursos, por lo que a partir de sus gastos efectuados el negocio puede cubrir sus costos de producción y contar con un margen de utilidad. | AT139: . | AU139: .
B140: 1.27 | C140: =(1/130)+C139 -> 0.97692308 | D140: Óptimo | E140: 1.27 | F140: ROE por encima de los estándares óptimos, Gran trabajo | G140: . | H140: 1.27 | I140: 1 | J140: Óptimo | K140: 1.27 | L140: Se detectó un activo muy bajo se recomienda mejorar el control de ellos | O140: 1.27 | P140: Se detectó un ROA alto significá que la empresa es capaz de generar más dinero con menor inversión. Felicitaciones | R140: 1.27 | S140: Se detectó una rotación de activos alta en consecuente la empresa tendrá una productividad mayor. Muy bien | T140: . | AE140: 127 | AF140: 2.34 | AG140: La empresa cuenta con buena liquidez y asi asumir oportunamente el pago de sus deudas. | AH140: . | AJ140: 1.27 | AK140: La empresa muestra que las deudas representan la mayor parte de los activos, eso significa que una empresa al presentar fluctuaciones con sus ventas, tendrá dificultades para mantenerse y cumplir con sus obligaciones; ya que se traduce que presenta un grado de endeudamiento alto o riesgoso. | AM140: 12.7 | AN140: 1.27 | AO140: La empresa posee una exelente capacidad de ganancias retenidas sobre los ingresos. | AP140: . | AQ140: 12.7 | AR140: 1.27 | AS140: Existe una buena administración de los recursos, por lo que a partir de sus gastos efectuados el negocio puede cubrir sus costos de producción y contar con un margen de utilidad. | AT140: . | AU140: .
B141: 1.28 | C141: =(1/130)+C140 -> 0.98461538 | D141: Óptimo | E141: 1.28 | F141: ROE por encima de los estándares óptimos, Gran trabajo | G141: . | H141: 1.28 | I141: 1 | J141: Óptimo | K141: 1.28 | L141: Se detectó un activo muy bajo se recomienda mejorar el control de ellos | O141: 1.28 | P141: Se detectó un ROA alto significá que la empresa es capaz de generar más dinero con menor inversión. Felicitaciones | R141: 1.28 | S141: Se detectó una rotación de activos alta en consecuente la empresa tendrá una productividad mayor. Muy bien | T141: . | AE141: 128 | AF141: 2.36 | AG141: La empresa cuenta con buena liquidez y asi asumir oportunamente el pago de sus deudas. | AH141: . | AJ141: 1.28 | AK141: La empresa muestra que las deudas representan la mayor parte de los activos, eso significa que una empresa al presentar fluctuaciones con sus ventas, tendrá dificultades para mantenerse y cumplir con sus obligaciones; ya que se traduce que presenta un grado de endeudamiento alto o riesgoso. | AM141: 12.8 | AN141: 1.28 | AO141: La empresa posee una exelente capacidad de ganancias retenidas sobre los ingresos. | AP141: . | AQ141: 12.8 | AR141: 1.28 | AS141: Existe una buena administración de los recursos, por lo que a partir de sus gastos efectuados el negocio puede cubrir sus costos de producción y contar con un margen de utilidad. | AT141: . | AU141: .
B142: 1.29 | C142: =(1/130)+C141 -> 0.99230769 | D142: Óptimo | E142: 1.29 | F142: ROE por encima de los estándares óptimos, Gran trabajo | G142: . | H142: 1.29 | I142: 1 | J142: Óptimo | K142: 1.29 | L142: Se detectó un activo muy bajo se recomienda mejorar el control de ellos | O142: 1.29 | P142: Se detectó un ROA alto significá que la empresa es capaz de generar más dinero con menor inversión. Felicitaciones | R142: 1.29 | S142: Se detectó una rotación de activos alta en consecuente la empresa tendrá una productividad mayor. Muy bien | T142: . | AE142: 129 | AF142: 2.38 | AG142: La empresa cuenta con buena liquidez y asi asumir oportunamente el pago de sus deudas. | AH142: . | AJ142: 1.29 | AK142: La empresa muestra que las deudas representan la mayor parte de los activos, eso significa que una empresa al presentar fluctuaciones con sus ventas, tendrá dificultades para mantenerse y cumplir con sus obligaciones; ya que se traduce que presenta un grado de endeudamiento alto o riesgoso. | AM142: 12.9 | AN142: 1.29 | AO142: La empresa posee una exelente capacidad de ganancias retenidas sobre los ingresos. | AP142: . | AQ142: 12.9 | AR142: 1.29 | AS142: Existe una buena administración de los recursos, por lo que a partir de sus gastos efectuados el negocio puede cubrir sus costos de producción y contar con un margen de utilidad. | AT142: . | AU142: .
B143: 1.3 | C143: 1 | D143: Óptimo | E143: 1.3 | F143: ROE por encima de los estándares óptimos, Gran trabajo | G143: . | H143: 1.3 | I143: 1 | J143: Óptimo | K143: 1.3 | L143: Se detectó un activo muy bajo se recomienda mejorar el control de ellos | O143: 1.3 | P143: Se detectó un ROA alto significá que la empresa es capaz de generar más dinero con menor inversión. Felicitaciones | R143: 1.3 | S143: Se detectó una rotación de activos alta en consecuente la empresa tendrá una productividad mayor. Muy bien | T143: . | AE143: 130 | AF143: 2.4 | AG143: La empresa cuenta con buena liquidez y asi asumir oportunamente el pago de sus deudas. | AH143: . | AJ143: 1.3 | AK143: La empresa muestra que las deudas representan la mayor parte de los activos, eso significa que una empresa al presentar fluctuaciones con sus ventas, tendrá dificultades para mantenerse y cumplir con sus obligaciones; ya que se traduce que presenta un grado de endeudamiento alto o riesgoso. | AM143: 13 | AN143: 1.3 | AO143: La empresa posee una exelente capacidad de ganancias retenidas sobre los ingresos. | AP143: . | AQ143: 13 | AR143: 1.3 | AS143: Existe una buena administración de los recursos, por lo que a partir de sus gastos efectuados el negocio puede cubrir sus costos de producción y contar con un margen de utilidad. | AT143: . | AU143: .
B144: 1.31 | C144: 1 | D144: Óptimo | E144: 1.31 | F144: ROE por encima de los estándares óptimos, Gran trabajo | G144: . | H144: 1.31 | I144: 1 | J144: Óptimo | K144: 1.31 | L144: Se detectó un activo muy bajo se recomienda mejorar el control de ellos | O144: 1.31 | P144: Se detectó un ROA alto significá que la empresa es capaz de generar más dinero con menor inversión. Felicitaciones | R144: 1.31 | S144: Se detectó una rotación de activos alta en consecuente la empresa tendrá una productividad mayor. Muy bien | T144: . | AE144: 131 | AF144: 2.42 | AG144: La empresa cuenta con buena liquidez y asi asumir oportunamente el pago de sus deudas. | AH144: . | AJ144: 1.31 | AK144: La empresa muestra que las deudas representan la mayor parte de los activos, eso significa que una empresa al presentar fluctuaciones con sus ventas, tendrá dificultades para mantenerse y cumplir con sus obligaciones; ya que se traduce que presenta un grado de endeudamiento alto o riesgoso. | AM144: 13.1 | AN144: 1.31 | AO144: La empresa posee una exelente capacidad de ganancias retenidas sobre los ingresos. | AP144: . | AQ144: 13.1 | AR144: 1.31 | AS144: Existe una buena administración de los recursos, por lo que a partir de sus gastos efectuados el negocio puede cubrir sus costos de producción y contar con un margen de utilidad. | AT144: . | AU144: .
B145: 1.32 | C145: 1 | D145: Óptimo | E145: 1.32 | F145: ROE por encima de los estándares óptimos, Gran trabajo | G145: . | H145: 1.32 | I145: 1 | J145: Óptimo | K145: 1.32 | L145: Se detectó un activo muy bajo se recomienda mejorar el control de ellos | O145: 1.32 | P145: Se detectó un ROA alto significá que la empresa es capaz de generar más dinero con menor inversión. Felicitaciones | R145: 1.32 | S145: Se detectó una rotación de activos alta en consecuente la empresa tendrá una productividad mayor. Muy bien | T145: . | AE145: 132 | AF145: 2.44 | AG145: La empresa cuenta con buena liquidez y asi asumir oportunamente el pago de sus deudas. | AH145: . | AJ145: 1.32 | AK145: La empresa muestra que las deudas representan la mayor parte de los activos, eso significa que una empresa al presentar fluctuaciones con sus ventas, tendrá dificultades para mantenerse y cumplir con sus obligaciones; ya que se traduce que presenta un grado de endeudamiento alto o riesgoso. | AM145: 13.2 | AN145: 1.32 | AO145: La empresa posee una exelente capacidad de ganancias retenidas sobre los ingresos. | AP145: . | AQ145: 13.2 | AR145: 1.32 | AS145: Existe una buena administración de los recursos, por lo que a partir de sus gastos efectuados el negocio puede cubrir sus costos de producción y contar con un margen de utilidad. | AT145: . | AU145: .
B146: 1.33 | C146: 1 | D146: Óptimo | E146: 1.33 | F146: ROE por encima de los estándares óptimos, Gran trabajo | G146: . | H146: 1.33 | I146: 1 | J146: Óptimo | K146: 1.33 | L146: Se detectó un activo muy bajo se recomienda mejorar el control de ellos | O146: 1.33 | P146: Se detectó un ROA alto significá que la empresa es capaz de generar más dinero con menor inversión. Felicitaciones | R146: 1.33 | S146: Se detectó una rotación de activos alta en consecuente la empresa tendrá una productividad mayor. Muy bien | T146: . | AE146: 133 | AF146: 2.46 | AG146: La empresa cuenta con buena liquidez y asi asumir oportunamente el pago de sus deudas. | AH146: . | AJ146: 1.33 | AK146: La empresa muestra que las deudas representan la mayor parte de los activos, eso significa que una empresa al presentar fluctuaciones con sus ventas, tendrá dificultades para mantenerse y cumplir con sus obligaciones; ya que se traduce que presenta un grado de endeudamiento alto o riesgoso. | AM146: 13.3 | AN146: 1.33 | AO146: La empresa posee una exelente capacidad de ganancias retenidas sobre los ingresos. | AP146: . | AQ146: 13.3 | AR146: 1.33 | AS146: Existe una buena administración de los recursos, por lo que a partir de sus gastos efectuados el negocio puede cubrir sus costos de producción y contar con un margen de utilidad. | AT146: . | AU146: .
B147: 1.34 | C147: 1 | D147: Óptimo | E147: 1.34 | F147: ROE por encima de los estándares óptimos, Gran trabajo | G147: . | H147: 1.34 | I147: 1 | J147: Óptimo | K147: 1.34 | L147: Se detectó un activo muy bajo se recomienda mejorar el control de ellos | O147: 1.34 | P147: Se detectó un ROA alto significá que la empresa es capaz de generar más dinero con menor inversión. Felicitaciones | R147: 1.34 | S147: Se detectó una rotación de activos alta en consecuente la empresa tendrá una productividad mayor. Muy bien | T147: . | AE147: 134 | AF147: 2.48 | AG147: La empresa cuenta con buena liquidez y asi asumir oportunamente el pago de sus deudas. | AH147: . | AJ147: 1.34 | AK147: La empresa muestra que las deudas representan la mayor parte de los activos, eso significa que una empresa al presentar fluctuaciones con sus ventas, tendrá dificultades para mantenerse y cumplir con sus obligaciones; ya que se traduce que presenta un grado de endeudamiento alto o riesgoso. | AM147: 13.4 | AN147: 1.34 | AO147: La empresa posee una exelente capacidad de ganancias retenidas sobre los ingresos. | AP147: . | AQ147: 13.4 | AR147: 1.34 | AS147: Existe una buena administración de los recursos, por lo que a partir de sus gastos efectuados el negocio puede cubrir sus costos de producción y contar con un margen de utilidad. | AT147: . | AU147: .
B148: 1.35 | C148: 1 | D148: Óptimo | E148: 1.35 | F148: ROE por encima de los estándares óptimos, Gran trabajo | G148: . | H148: 1.35 | I148: 1 | J148: Óptimo | K148: 1.35 | L148: Se detectó un activo muy bajo se recomienda mejorar el control de ellos | O148: 1.35 | P148: Se detectó un ROA alto significá que la empresa es capaz de generar más dinero con menor inversión. Felicitaciones | R148: 1.35 | S148: Se detectó una rotación de activos alta en consecuente la empresa tendrá una productividad mayor. Muy bien | T148: . | AE148: 135 | AF148: 2.5 | AG148: La empresa cuenta con buena liquidez y asi asumir oportunamente el pago de sus deudas. | AH148: . | AJ148: 1.35 | AK148: La empresa muestra que las deudas representan la mayor parte de los activos, eso significa que una empresa al presentar fluctuaciones con sus ventas, tendrá dificultades para mantenerse y cumplir con sus obligaciones; ya que se traduce que presenta un grado de endeudamiento alto o riesgoso. | AM148: 13.5 | AN148: 1.35 | AO148: La empresa posee una exelente capacidad de ganancias retenidas sobre los ingresos. | AP148: . | AQ148: 13.5 | AR148: 1.35 | AS148: Existe una buena administración de los recursos, por lo que a partir de sus gastos efectuados el negocio puede cubrir sus costos de producción y contar con un margen de utilidad. | AT148: . | AU148: .
